Workbook
Name _xlfn_SINGLE: NA()
Name Comp_export: 'COMP CAIXA'!$K$10
Name Comp_LP_Banco: 'COMP CAIXA'!$B$5:$H$5
Name Comp_LP_Comp: 'COMP CAIXA'!$7:$9
Name Comp_LP_Ins: 'COMP CAIXA'!$8:$8
Name CONCATENAR: CONCATENATE('COMP CAIXA'!$B1," ",'COMP CAIXA'!$C1)
Name CONCATENAR: CONCATENATE('COTAÇÃO F'!$B1," ",'COTAÇÃO F'!$C1)
Name CONCATENAR: CONCATENATE([1]Banco!$B1," ",[1]Banco!$C1)
Name Cot_LP_Banco: 'COTAÇÃO F'!$6:$6
Name Cot_LP_Cot: 'COTAÇÃO F'!$12:$17
Name Cot_LP_Cotacao: 'COTAÇÃO F'!$15:$15
Name Cot_LP_Empresa: 'COTAÇÃO F'!$10:$10
Name Cot_LP_Indice: 'COTAÇÃO F'!$8:$8
Name EMPRESAS: OFFSET([1]Cotações!$B$25,1,0):OFFSET([1]Cotações!$H$30,-1,0)
Name EMPRESAS: OFFSET('COTAÇÃO F'!$B$25,1,0):OFFSET('COTAÇÃO F'!$H$30,-1,0)
Name Excel_BuiltIn__FilterDatabase_1: #REF!
Name Excel_BuiltIn__FilterDatabase_2: #REF!
Name Excel_BuiltIn_Print_Area_1: #REF!
Name Excel_BuiltIn_Print_Area_2: #REF!
Name Excel_BuiltIn_Print_Area_2_1: #REF!
Name Excel_BuiltIn_Print_Titles_1: #REF!
Name FiltroComp: 'COMP CAIXA'!$M$10:$M$193
Name FiltroCot: 'COTAÇÃO F'!$L$18:$L$262
Name INDICES: OFFSET([1]Cotações!$B$20,1,0):OFFSET([1]Cotações!$I$24,-1,0)
Name INDICES: OFFSET('COTAÇÃO F'!$B$20,1,0):OFFSET('COTAÇÃO F'!$I$24,-1,0)
Name LINKBANCO: HYPERLINK("#SINAPI!B"&MATCH([1]Relatórios!$A1&" - "&[1]Relatórios!$F1,'COMP CAIXA'!$K:$K,0),"LINK")
Name LINKBANCO: HYPERLINK("#SINAPI!B"&MATCH([1]Relatórios!$A2&" - "&[1]Relatórios!$F2,#REF!,0),"LINK")
Name NCOMPOSICOES: 15
Name NCOTACOES: 25
Name NEMPRESAS: 4
Name NINDICES: 3
Name NRELATORIOS: COUNTA([1]Relatórios!$A:$A)-2
Name NumerEmpresa: 15
Name NumerIndice: 3
Name Objeto: "Referência"
Name RelatoriosFontes: OFFSET([1]Relatórios!$A$5,1,0,NRELATORIOS)
Name RelatoriosFontes: OFFSET([1]Relatórios!$A$5,1,0,NRELATORIOS)
Name SENHAGT: "PM2CAIXA"

Sheet BOLETIM 187
C1: COMPANHIA DE DESENVOLVIMENTO HABITACIONAL E URBANO
A2: DO ESTADO DE SÃO PAULO
A3: BOLETIM REFERENCIAL DE CUSTOS - TABELA DE SERVIÇOS
A4: COM DESONERAÇÃO
G5: Versão 187
F6: Data Base: | G6: AGOSTO/22
D7: BDI : | E7: 0 | F7: L.S.: | G7: 0.9778
A8: Referência | C8: Descrição | D8: Un | E8: Material | F8: Mão de Obra | G8: Custo Total
A9: 01 | C9: SERVICO TECNICO ESPECIALIZADO | H9: 2
A10: 01.02 | C10: Parecer técnico | H10: 5
A11: 01.02.071 | C11: Parecer técnico de fundações, contenções e recomendações gerais, para empreendimentos com área construída até 1.000 m² | D11: UN | F11: 5388.88 | G11: 5388.88 | H11: 9
A12: 01.02.081 | C12: Parecer técnico de fundações, contenções e recomendações gerais, para empreendimentos com área construída de 1.001 a 2.000 m² | D12: UN | F12: 7166.17 | G12: 7166.17 | H12: 9
A13: 01.02.091 | C13: Parecer técnico de fundações, contenções e recomendações gerais, para empreendimentos com área construída de 2.001 a 5.000 m² | D13: UN | F13: 12241.41 | G13: 12241.41 | H13: 9
A14: 01.02.101 | C14: Parecer técnico de fundações, contenções e recomendações gerais, para empreendimentos com área construída de 5.001 a 10.000 m² | D14: UN | F14: 16784.41 | G14: 16784.41 | H14: 9
A15: 01.02.111 | C15: Parecer técnico de fundações, contenções e recomendações gerais, para empreendimentos com área construída acima de 10.000 m² | D15: UN | F15: 19559.64 | G15: 19559.64 | H15: 9
A16: 01.06 | C16: Projeto de instalações elétricas | H16: 5
A17: 01.06.021 | C17: Elaboração de projeto de adequação de entrada de energia elétrica junto a concessionária, com medição em baixa tensão e demanda até 75 kVA | D17: UN | F17: 6882.8 | G17: 6882.8 | H17: 9
A18: 01.06.031 | C18: Elaboração de projeto de adequação de entrada de energia elétrica junto a concessionária, com medição em média tensão, subestação simplificada e demanda de 75 kVA a 300 kVA | D18: UN | F18: 11658.08 | G18: 11658.08 | H18: 9
A19: 01.06.032 | C19: Elaboração de projeto de adequação de entrada de energia elétrica junto a concessionária, com medição em média tensão e demanda de 75 kVA a 300 kVA | D19: UN | F19: 15775.6 | G19: 15775.6 | H19: 9
A20: 01.06.041 | C20: Elaboração de projeto de adequação de entrada de energia elétrica junto a concessionária, com medição em média tensão e demanda acima de 300 kVA a 2 MVA | D20: UN | F20: 20983.4 | G20: 20983.4 | H20: 9
A21: 01.17 | C21: Projeto executivo | H21: 5
A22: 01.17.031 | C22: Projeto executivo de arquitetura em formato A1 | D22: UN | F22: 2711.35 | G22: 2711.35 | H22: 9
A23: 01.17.041 | C23: Projeto executivo de arquitetura em formato A0 | D23: UN | F23: 3665.44 | G23: 3665.44 | H23: 9
A24: 01.17.051 | C24: Projeto executivo de estrutura em formato A1 | D24: UN | F24: 1988.49 | G24: 1988.49 | H24: 9
A25: 01.17.061 | C25: Projeto executivo de estrutura em formato A0 | D25: UN | F25: 2720.63 | G25: 2720.63 | H25: 9
A26: 01.17.071 | C26: Projeto executivo de instalações hidráulicas em formato A1 | D26: UN | F26: 853.67 | G26: 853.67 | H26: 9
A27: 01.17.081 | C27: Projeto executivo de instalações hidráulicas em formato A0 | D27: UN | F27: 1136.33 | G27: 1136.33 | H27: 9
A28: 01.17.111 | C28: Projeto executivo de instalações elétricas em formato A1 | D28: UN | F28: 947.94 | G28: 947.94 | H28: 9
A29: 01.17.121 | C29: Projeto executivo de instalações elétricas em formato A0 | D29: UN | F29: 1314.36 | G29: 1314.36 | H29: 9
A30: 01.17.151 | C30: Projeto executivo de climatização em formato A1 | D30: UN | F30: 1824.62 | G30: 1824.62 | H30: 9
A31: 01.17.161 | C31: Projeto executivo de climatização em formato A0 | D31: UN | F31: 2487.16 | G31: 2487.16 | H31: 9
A32: 01.17.171 | C32: Projeto executivo de chuveiros automáticos em formato A1 | D32: UN | F32: 1575.18 | G32: 1575.18 | H32: 9
A33: 01.17.181 | C33: Projeto executivo de chuveiros automáticos em formato A0 | D33: UN | F33: 2035.97 | G33: 2035.97 | H33: 9
A34: 01.20 | C34: Levantamento topográfico e geofísico | H34: 5
A35: 01.20.010 | C35: Taxa de mobilização e desmobilização de equipamentos para execução de levantamento topográfico | D35: TX | E35: 1217.58 | G35: 1217.58 | H35: 9
A36: 01.20.280 | C36: Levantamento planimétrico de área pavimentada para veículo e pedestre | D36: M2 | E36: 0.05 | F36: 0.13 | G36: 0.18 | H36: 9
A37: 01.20.691 | C37: Levantamento planimétrico cadastral com áreas ocupadas predominantemente por comunidades - área até 20.000 m² (mínimo de 3.500 m²) | D37: M2 | E37: 0.51 | F37: 0.44 | G37: 0.95 | H37: 9
A38: 01.20.701 | C38: Levantamento planimétrico cadastral com áreas ocupadas predominantemente por comunidades - área acima de 20.000 m² até 200.000 m² | D38: M2 | E38: 0.39 | F38: 0.35 | G38: 0.74 | H38: 9
A39: 01.20.711 | C39: Levantamento planimétrico cadastral com áreas ocupadas predominantemente por comunidades - área acima de 200.000 m² | D39: M2 | E39: 0.33 | F39: 0.28 | G39: 0.61 | H39: 9
A40: 01.20.721 | C40: Levantamento planimétrico cadastral com áreas até 50% de ocupação - área até 20.000 m² (mínimo de 3.500 m²) | D40: M2 | E40: 0.44 | F40: 0.38 | G40: 0.82 | H40: 9
A41: 01.20.731 | C41: Levantamento planimétrico cadastral com áreas até 50% de ocupação - área acima de 20.000 m² até 200.000 m² | D41: M2 | E41: 0.21 | F41: 0.43 | G41: 0.64 | H41: 9
A42: 01.20.741 | C42: Levantamento planimétrico cadastral com áreas até 50% de ocupação - área acima de 200.000 m² | D42: M2 | E42: 0.27 | F42: 0.24 | G42: 0.51 | H42: 9
A43: 01.20.751 | C43: Levantamento planimétrico cadastral com áreas acima de 50% de ocupação - área até 20.000 m² (mínimo de 4.000 m²) | D43: M2 | E43: 0.38 | F43: 0.35 | G43: 0.73 | H43: 9
A44: 01.20.761 | C44: Levantamento planimétrico cadastral com áreas acima de 50% de ocupação - área acima de 20.000 m² até 200.000 m² | D44: M2 | E44: 0.34 | F44: 0.29 | G44: 0.63 | H44: 9
A45: 01.20.771 | C45: Levantamento planimétrico cadastral com áreas acima de 50% de ocupação - área acima de 200.000 m² | D45: M2 | E45: 0.33 | F45: 0.28 | G45: 0.61 | H45: 9
A46: 01.20.781 | C46: Levantamento planialtimétrico cadastral com áreas ocupadas predominantemente por comunidades - área até 20.000 m² (mínimo de 3.500 m²) | D46: M2 | E46: 0.54 | F46: 0.46 | G46: 1 | H46: 9
A47: 01.20.791 | C47: Levantamento planialtimétrico cadastral com áreas ocupadas predominantemente por comunidades - área acima de 20.000 m² até 200.000 m² | D47: M2 | E47: 0.43 | F47: 0.37 | G47: 0.8 | H47: 9
... A60: 01.20.921 | C60: Implantação de marcos através de levantamento com GPS (mínimo de 3 marcos) | D60: UN | E60: 856.15 | F60: 383.82 | G60: 1239.97 | H60: 9
A61: 01.21 | C61: Estudo geotecnico (sondagem) | H61: 5
A62: 01.21.010 | C62: Taxa de mobilização e desmobilização de equipamentos para execução de sondagem | D62: TX | E62: 1207.89 | G62: 1207.89 | H62: 9
A63: 01.21.090 | C63: Taxa de mobilização e desmobilização de equipamentos para execução de sondagem rotativa | D63: TX | E63: 6562.46 | G63: 6562.46 | H63: 9
A64: 01.21.100 | C64: Sondagem do terreno a trado | D64: M | E64: 87.17 | G64: 87.17 | H64: 9
A65: 01.21.110 | C65: Sondagem do terreno à percussão (mínimo de 30 m) | D65: M | E65: 96.35 | G65: 96.35 | H65: 9
A66: 01.21.120 | C66: Sondagem do terreno rotativa em solo | D66: M | E66: 355.16 | G66: 355.16 | H66: 9
A67: 01.21.130 | C67: Sondagem do terreno rotativa em rocha | D67: M | E67: 639.46 | G67: 639.46 | H67: 9
A68: 01.21.140 | C68: Sondagem do terreno à percussão com a utilização de torquímetro (mínimo de 30 m) | D68: M | E68: 89.75 | G68: 89.75 | H68: 9
A69: 01.23 | C69: Tratamento, recuperação e trabalhos especiais em concreto | H69: 5
A70: 01.23.010 | C70: Taxa de mobilização e desmobilização de equipamentos para execução de corte em concreto armado | D70: TX | E70: 319.91 | G70: 319.91 | H70: 9
A71: 01.23.020 | C71: Limpeza de armadura com escova de aço | D71: M2 | E71: 2.71 | F71: 5.06 | G71: 7.77 | H71: 9
A72: 01.23.030 | C72: Preparo de ponte de aderência com adesivo a base de epóxi | D72: M2 | E72: 108.64 | F72: 37.4 | G72: 146.04 | H72: 9
A73: 01.23.056 | C73: Tratamento de armadura com produto anticorrosivo a base de zinco | D73: M2 | E73: 25.71 | F73: 35.67 | G73: 61.38 | H73: 9
A74: 01.23.060 | C74: Corte de concreto deteriorado inclusive remoção dos detritos | D74: M2 | F74: 25.31 | G74: 25.31 | H74: 9
A75: 01.23.070 | C75: Demarcação de área com disco de corte diamantado | D75: M | E75: 1.03 | F75: 3.74 | G75: 4.77 | H75: 9
A76: 01.23.100 | C76: Demolição de concreto armado com preservação de armadura, para reforço e recuperação estrutural | D76: M3 | F76: 381.94 | G76: 381.94 | H76: 9
A77: 01.23.140 | C77: Furação de 1 1/4´ em concreto armado | D77: M | E77: 204.12 | G77: 204.12 | H77: 9
A78: 01.23.150 | C78: Furação de 1 1/2´ em concreto armado | D78: M | E78: 211.16 | G78: 211.16 | H78: 9
A79: 01.23.160 | C79: Furação de 2 1/4´ em concreto armado | D79: M | E79: 286.6 | G79: 286.6 | H79: 9
A80: 01.23.190 | C80: Furação de 2 1/2´ em concreto armado | D80: M | E80: 292.81 | G80: 292.81 | H80: 9
A81: 01.23.200 | C81: Taxa de mobilização e desmobilização de equipamentos para execução de perfuração em concreto | D81: TX | E81: 275.54 | G81: 275.54 | H81: 9
A82: 01.23.221 | C82: Furação para até 10mm x 100mm em concreto armado, inclusive colagem de armadura (para até 8mm) | D82: UN | E82: 11.1 | G82: 11.1 | H82: 9
A83: 01.23.222 | C83: Furação para 12,5mm x 100mm em concreto armado, inclusive colagem de armadura (para 10mm) | D83: UN | E83: 11.37 | G83: 11.37 | H83: 9
A84: 01.23.223 | C84: Furação para 16mm x 100mm em concreto armado, inclusive colagem de armadura (para 12,5mm) | D84: UN | E84: 13.57 | G84: 13.57 | H84: 9
A85: 01.23.231 | C85: Furação para até 10mm x 150mm em concreto armado, inclusive colagem de armadura (para até 8mm) | D85: UN | E85: 16.65 | G85: 16.65 | H85: 9
A86: 01.23.232 | C86: Furação para 12,5mm x 150mm em concreto armado, inclusive colagem de armadura (para 10mm) | D86: UN | E86: 16.76 | G86: 16.76 | H86: 9
A87: 01.23.233 | C87: Furação para 16mm x 150mm em concreto armado, inclusive colagem de armadura (para 12,5mm) | D87: UN | E87: 20.01 | G87: 20.01 | H87: 9
A88: 01.23.234 | C88: Furação para 20mm x 150mm em concreto armado, inclusive colagem de armadura (para 16mm) | D88: UN | E88: 20.74 | G88: 20.74 | H88: 9
... A99: 01.23.510 | C99: Corte vertical em concreto armado, espessura de 15 cm | D99: M | E99: 200.54 | G99: 200.54 | H99: 9
A100: 01.23.700 | C100: Taxa de mobilização e desmobilização para reforço estrutural com fibra de carbono | D100: TX | E100: 1673.92 | F100: 3438.59 | G100: 5112.51 | H100: 9
A101: 01.23.701 | C101: Preparação de substrato para colagem de fibra de carbono, mediante lixamento e/ou apicoamento e escovação | D101: M2 | E101: 6.47 | F101: 36.56 | G101: 43.03 | H101: 9
A102: 01.23.702 | C102: Fibra de carbono para reforço estrutural de alta resistência - 300 g/m² | D102: M2 | E102: 296 | F102: 260.84 | G102: 556.84 | H102: 9
A103: 01.27 | C103: Estudo e programa ambientais | H103: 5
A104: 01.27.011 | C104: Projeto e implementação de gerenciamento integrado de resíduos sólidos e gestão de perdas | D104: UN | E104: 206 | F104: 7639.23 | G104: 7845.23 | H104: 9
A105: 01.27.021 | C105: Projeto e implementação de educação ambiental | D105: UN | E105: 206 | F105: 10232.76 | G105: 10438.76 | H105: 9
A106: 01.27.031 | C106: Projeto e implementação de controle ambiental de obra | D106: UN | E106: 206 | F106: 9054.33 | G106: 9260.33 | H106: 9
A107: 01.27.041 | C107: Laudo de caracterização de vegetação | D107: UN | E107: 594.5 | F107: 21085.47 | G107: 21679.97 | H107: 9
A108: 01.27.051 | C108: Laudo de caracterização da fauna associada à flora | D108: UN | E108: 594.5 | F108: 32355.2 | G108: 32949.7 | H108: 9
A109: 01.27.061 | C109: Projeto e implementação de monitoramento da fauna durante a obra | D109: UN | E109: 594.5 | F109: 12826.39 | G109: 13420.89 | H109: 9
A110: 01.27.071 | C110: Laudo de autodepuração | D110: UN | E110: 483.5 | F110: 15394.63 | G110: 15878.13 | H110: 9
A111: 01.27.091 | C111: Estudo de impacto de vizinhança, em área urbana até 10.000 m² | D111: UN | E111: 294.8 | F111: 24934.7 | G111: 25229.5 | H111: 9
A112: 01.28 | C112: Poço profundo | H112: 5
A113: 01.28.010 | C113: Taxa de mobilização e desmobilização de equipamentos para execução de perfuração para poço profundo - profundidade até 200 m | D113: TX | E113: 8405.03 | G113: 8405.03 | H113: 9
A114: 01.28.020 | C114: Taxa de mobilização e desmobilização de equipamentos para execução de perfuração para poço profundo - profundidade acima de 200 m e até 300 m | D114: TX | E114: 10753.59 | G114: 10753.59 | H114: 9
A115: 01.28.030 | C115: Taxa de mobilização e desmobilização de equipamentos para execução de perfuração para poço profundo - profundidade acima de 300 m | D115: TX | E115: 13208.1 | G115: 13208.1 | H115: 9
A116: 01.28.040 | C116: Perfuração rotativa para poço profundo em camadas de solos sedimentares, diâmetro de 8 1/2" (215,90 mm) | D116: M | E116: 368.46 | G116: 368.46 | H116: 9
A117: 01.28.050 | C117: Perfuração rotativa para poço profundo em aluvião, arenito, ou solos sedimentados em geral, diâmetro de 10" (250 mm) | D117: M | E117: 405.33 | G117: 405.33 | H117: 9
A118: 01.28.060 | C118: Perfuração rotativa para poço profundo em aluvião, arenito, ou solos sedimentados em geral, diâmetro de 12" (300 mm) | D118: M | E118: 707.54 | G118: 707.54 | H118: 9
A119: 01.28.070 | C119: Perfuração rotativa para poço profundo em aluvião, arenito, ou solos sedimentados em geral, diâmetro de 14" (350 mm) | D119: M | E119: 967.37 | G119: 967.37 | H119: 9
A120: 01.28.080 | C120: Perfuração rotativa para poço profundo em aluvião, arenito, ou solos sedimentados em geral, diâmetro de 16" (400 mm) | D120: M | E120: 1199.05 | G120: 1199.05 | H120: 9
A121: 01.28.090 | C121: Perfuração rotativa para poço profundo em aluvião, arenito, ou solos sedimentados em geral, diâmetro de 18" (450 mm) | D121: M | E121: 1428.96 | G121: 1428.96 | H121: 9
A122: 01.28.100 | C122: Perfuração rotativa para poço profundo em aluvião, arenito, ou solos sedimentados em geral, diâmetro de 20" (500 mm) | D122: M | E122: 1622.98 | G122: 1622.98 | H122: 9
...

Sheet BOLETIM 189
C1: COMPANHIA DE DESENVOLVIMENTO HABITACIONAL E URBANO
A2: DO ESTADO DE SÃO PAULO
A3: BOLETIM REFERENCIAL DE CUSTOS - TABELA DE SERVIÇOS
A4: COM DESONERAÇÃO
G5: Versão 189
F6: Data Base: | G6: FEVEREIRO/23
D7: BDI : | E7: 0 | F7: L.S.: | G7: 0.9778
A8: Referência | C8: Descrição | D8: Un | E8: Material | F8: Mão de Obra | G8: Custo Total
A9: 01 | C9: SERVICO TECNICO ESPECIALIZADO | H9: 2
A10: 01.02 | C10: Parecer técnico | H10: 5
A11: 01.02.071 | C11: Parecer técnico de fundações, contenções e recomendações gerais, para empreendimentos com área construída até 1.000 m² | D11: UN | F11: 5388.88 | G11: 5388.88 | H11: 9
A12: 01.02.081 | C12: Parecer técnico de fundações, contenções e recomendações gerais, para empreendimentos com área construída de 1.001 a 2.000 m² | D12: UN | F12: 7166.17 | G12: 7166.17 | H12: 9
A13: 01.02.091 | C13: Parecer técnico de fundações, contenções e recomendações gerais, para empreendimentos com área construída de 2.001 a 5.000 m² | D13: UN | F13: 12241.41 | G13: 12241.41 | H13: 9
A14: 01.02.101 | C14: Parecer técnico de fundações, contenções e recomendações gerais, para empreendimentos com área construída de 5.001 a 10.000 m² | D14: UN | F14: 16784.41 | G14: 16784.41 | H14: 9
A15: 01.02.111 | C15: Parecer técnico de fundações, contenções e recomendações gerais, para empreendimentos com área construída acima de 10.000 m² | D15: UN | F15: 19559.64 | G15: 19559.64 | H15: 9
A16: 01.06 | C16: Projeto de instalações elétricas | H16: 5
A17: 01.06.021 | C17: Elaboração de projeto de adequação de entrada de energia elétrica junto a concessionária, com medição em baixa tensão e demanda até 75 kVA | D17: UN | F17: 6882.8 | G17: 6882.8 | H17: 9
A18: 01.06.031 | C18: Elaboração de projeto de adequação de entrada de energia elétrica junto a concessionária, com medição em média tensão, subestação simplificada e demanda de 75 kVA a 300 kVA | D18: UN | F18: 11658.08 | G18: 11658.08 | H18: 9
A19: 01.06.032 | C19: Elaboração de projeto de adequação de entrada de energia elétrica junto a concessionária, com medição em média tensão e demanda de 75 kVA a 300 kVA | D19: UN | F19: 15775.6 | G19: 15775.6 | H19: 9
A20: 01.06.041 | C20: Elaboração de projeto de adequação de entrada de energia elétrica junto a concessionária, com medição em média tensão e demanda acima de 300 kVA a 2 MVA | D20: UN | F20: 20983.4 | G20: 20983.4 | H20: 9
A21: 01.17 | C21: Projeto executivo | H21: 5
A22: 01.17.031 | C22: Projeto executivo de arquitetura em formato A1 | D22: UN | F22: 2711.35 | G22: 2711.35 | H22: 9
A23: 01.17.041 | C23: Projeto executivo de arquitetura em formato A0 | D23: UN | F23: 3665.44 | G23: 3665.44 | H23: 9
A24: 01.17.051 | C24: Projeto executivo de estrutura em formato A1 | D24: UN | F24: 1988.49 | G24: 1988.49 | H24: 9
A25: 01.17.061 | C25: Projeto executivo de estrutura em formato A0 | D25: UN | F25: 2720.63 | G25: 2720.63 | H25: 9
A26: 01.17.071 | C26: Projeto executivo de instalações hidráulicas em formato A1 | D26: UN | F26: 853.67 | G26: 853.67 | H26: 9
A27: 01.17.081 | C27: Projeto executivo de instalações hidráulicas em formato A0 | D27: UN | F27: 1136.33 | G27: 1136.33 | H27: 9
A28: 01.17.111 | C28: Projeto executivo de instalações elétricas em formato A1 | D28: UN | F28: 947.94 | G28: 947.94 | H28: 9
A29: 01.17.121 | C29: Projeto executivo de instalações elétricas em formato A0 | D29: UN | F29: 1314.36 | G29: 1314.36 | H29: 9
A30: 01.17.151 | C30: Projeto executivo de climatização em formato A1 | D30: UN | F30: 1824.62 | G30: 1824.62 | H30: 9
A31: 01.17.161 | C31: Projeto executivo de climatização em formato A0 | D31: UN | F31: 2487.16 | G31: 2487.16 | H31: 9
A32: 01.17.171 | C32: Projeto executivo de chuveiros automáticos em formato A1 | D32: UN | F32: 1575.18 | G32: 1575.18 | H32: 9
A33: 01.17.181 | C33: Projeto executivo de chuveiros automáticos em formato A0 | D33: UN | F33: 2035.97 | G33: 2035.97 | H33: 9
A34: 01.20 | C34: Levantamento topográfico e geofísico | H34: 5
A35: 01.20.010 | C35: Taxa de mobilização e desmobilização de equipamentos para execução de levantamento topográfico | D35: TX | E35: 1286.17 | G35: 1286.17 | H35: 9
A36: 01.20.280 | C36: Levantamento planimétrico de área pavimentada para veículo e pedestre | D36: M2 | E36: 0.04 | F36: 0.13 | G36: 0.17 | H36: 9
A37: 01.20.691 | C37: Levantamento planimétrico cadastral com áreas ocupadas predominantemente por comunidades - área até 20.000 m² (mínimo de 3.500 m²) | D37: M2 | E37: 0.38 | F37: 0.44 | G37: 0.82 | H37: 9
A38: 01.20.701 | C38: Levantamento planimétrico cadastral com áreas ocupadas predominantemente por comunidades - área acima de 20.000 m² até 200.000 m² | D38: M2 | E38: 0.3 | F38: 0.35 | G38: 0.65 | H38: 9
A39: 01.20.711 | C39: Levantamento planimétrico cadastral com áreas ocupadas predominantemente por comunidades - área acima de 200.000 m² | D39: M2 | E39: 0.25 | F39: 0.28 | G39: 0.53 | H39: 9
A40: 01.20.721 | C40: Levantamento planimétrico cadastral com áreas até 50% de ocupação - área até 20.000 m² (mínimo de 3.500 m²) | D40: M2 | E40: 0.34 | F40: 0.38 | G40: 0.72 | H40: 9
A41: 01.20.731 | C41: Levantamento planimétrico cadastral com áreas até 50% de ocupação - área acima de 20.000 m² até 200.000 m² | D41: M2 | E41: 0.16 | F41: 0.43 | G41: 0.59 | H41: 9
A42: 01.20.741 | C42: Levantamento planimétrico cadastral com áreas até 50% de ocupação - área acima de 200.000 m² | D42: M2 | E42: 0.21 | F42: 0.24 | G42: 0.45 | H42: 9
A43: 01.20.751 | C43: Levantamento planimétrico cadastral com áreas acima de 50% de ocupação - área até 20.000 m² (mínimo de 4.000 m²) | D43: M2 | E43: 0.29 | F43: 0.35 | G43: 0.64 | H43: 9
A44: 01.20.761 | C44: Levantamento planimétrico cadastral com áreas acima de 50% de ocupação - área acima de 20.000 m² até 200.000 m² | D44: M2 | E44: 0.26 | F44: 0.29 | G44: 0.55 | H44: 9
A45: 01.20.771 | C45: Levantamento planimétrico cadastral com áreas acima de 50% de ocupação - área acima de 200.000 m² | D45: M2 | E45: 0.25 | F45: 0.28 | G45: 0.53 | H45: 9
A46: 01.20.781 | C46: Levantamento planialtimétrico cadastral com áreas ocupadas predominantemente por comunidades - área até 20.000 m² (mínimo de 3.500 m²) | D46: M2 | E46: 0.41 | F46: 0.46 | G46: 0.87 | H46: 9
A47: 01.20.791 | C47: Levantamento planialtimétrico cadastral com áreas ocupadas predominantemente por comunidades - área acima de 20.000 m² até 200.000 m² | D47: M2 | E47: 0.33 | F47: 0.37 | G47: 0.7 | H47: 9
... A60: 01.20.921 | C60: Implantação de marcos através de levantamento com GPS (mínimo de 3 marcos) | D60: UN | E60: 719.68 | F60: 383.82 | G60: 1103.5 | H60: 9
A61: 01.21 | C61: Estudo geotecnico (sondagem) | H61: 5
A62: 01.21.010 | C62: Taxa de mobilização e desmobilização de equipamentos para execução de sondagem | D62: TX | E62: 1234.48 | G62: 1234.48 | H62: 9
A63: 01.21.090 | C63: Taxa de mobilização e desmobilização de equipamentos para execução de sondagem rotativa | D63: TX | E63: 6685.52 | G63: 6685.52 | H63: 9
A64: 01.21.100 | C64: Sondagem do terreno a trado | D64: M | E64: 89.58 | G64: 89.58 | H64: 9
A65: 01.21.110 | C65: Sondagem do terreno à percussão (mínimo de 30 m) | D65: M | E65: 97.2 | G65: 97.2 | H65: 9
A66: 01.21.120 | C66: Sondagem do terreno rotativa em solo | D66: M | E66: 367.43 | G66: 367.43 | H66: 9
A67: 01.21.130 | C67: Sondagem do terreno rotativa em rocha | D67: M | E67: 631.29 | G67: 631.29 | H67: 9
A68: 01.21.140 | C68: Sondagem do terreno à percussão com a utilização de torquímetro (mínimo de 30 m) | D68: M | E68: 94.2 | G68: 94.2 | H68: 9
A69: 01.23 | C69: Tratamento, recuperação e trabalhos especiais em concreto | H69: 5
A70: 01.23.010 | C70: Taxa de mobilização e desmobilização de equipamentos para execução de corte em concreto armado | D70: TX | E70: 329.54 | G70: 329.54 | H70: 9
A71: 01.23.020 | C71: Limpeza de armadura com escova de aço | D71: M2 | E71: 2.76 | F71: 5.06 | G71: 7.82 | H71: 9
A72: 01.23.030 | C72: Preparo de ponte de aderência com adesivo a base de epóxi | D72: M2 | E72: 127.48 | F72: 37.4 | G72: 164.88 | H72: 9
A73: 01.23.056 | C73: Tratamento de armadura com produto anticorrosivo a base de zinco | D73: M2 | E73: 25.07 | F73: 35.67 | G73: 60.74 | H73: 9
A74: 01.23.060 | C74: Corte de concreto deteriorado inclusive remoção dos detritos | D74: M2 | F74: 25.31 | G74: 25.31 | H74: 9
A75: 01.23.070 | C75: Demarcação de área com disco de corte diamantado | D75: M | E75: 0.97 | F75: 3.74 | G75: 4.71 | H75: 9
A76: 01.23.100 | C76: Demolição de concreto armado com preservação de armadura, para reforço e recuperação estrutural | D76: M3 | F76: 381.94 | G76: 381.94 | H76: 9
A77: 01.23.140 | C77: Furação de 1 1/4´ em concreto armado | D77: M | E77: 199.82 | G77: 199.82 | H77: 9
A78: 01.23.150 | C78: Furação de 1 1/2´ em concreto armado | D78: M | E78: 237.7 | G78: 237.7 | H78: 9
A79: 01.23.160 | C79: Furação de 2 1/4´ em concreto armado | D79: M | E79: 308.1 | G79: 308.1 | H79: 9
A80: 01.23.190 | C80: Furação de 2 1/2´ em concreto armado | D80: M | E80: 315.17 | G80: 315.17 | H80: 9
A81: 01.23.200 | C81: Taxa de mobilização e desmobilização de equipamentos para execução de perfuração em concreto | D81: TX | E81: 279.91 | G81: 279.91 | H81: 9
A82: 01.23.221 | C82: Furação para até 10mm x 100mm em concreto armado, inclusive colagem de armadura (para até 8mm) | D82: UN | E82: 12.56 | G82: 12.56 | H82: 9
A83: 01.23.222 | C83: Furação para 12,5mm x 100mm em concreto armado, inclusive colagem de armadura (para 10mm) | D83: UN | E83: 12.86 | G83: 12.86 | H83: 9
A84: 01.23.223 | C84: Furação para 16mm x 100mm em concreto armado, inclusive colagem de armadura (para 12,5mm) | D84: UN | E84: 15.36 | G84: 15.36 | H84: 9
A85: 01.23.231 | C85: Furação para até 10mm x 150mm em concreto armado, inclusive colagem de armadura (para até 8mm) | D85: UN | E85: 18.84 | G85: 18.84 | H85: 9
A86: 01.23.232 | C86: Furação para 12,5mm x 150mm em concreto armado, inclusive colagem de armadura (para 10mm) | D86: UN | E86: 18.97 | G86: 18.97 | H86: 9
A87: 01.23.233 | C87: Furação para 16mm x 150mm em concreto armado, inclusive colagem de armadura (para 12,5mm) | D87: UN | E87: 22.64 | G87: 22.64 | H87: 9
A88: 01.23.234 | C88: Furação para 20mm x 150mm em concreto armado, inclusive colagem de armadura (para 16mm) | D88: UN | E88: 23.47 | G88: 23.47 | H88: 9
... A99: 01.23.510 | C99: Corte vertical em concreto armado, espessura de 15 cm | D99: M | E99: 207.68 | G99: 207.68 | H99: 9
A100: 01.23.700 | C100: Taxa de mobilização e desmobilização para reforço estrutural com fibra de carbono | D100: TX | E100: 1659.52 | F100: 3438.59 | G100: 5098.11 | H100: 9
A101: 01.23.701 | C101: Preparação de substrato para colagem de fibra de carbono, mediante lixamento e/ou apicoamento e escovação | D101: M2 | E101: 6.7 | F101: 36.56 | G101: 43.26 | H101: 9
A102: 01.23.702 | C102: Fibra de carbono para reforço estrutural de alta resistência - 300 g/m² | D102: M2 | E102: 315.84 | F102: 260.84 | G102: 576.68 | H102: 9
A103: 01.27 | C103: Estudo e programa ambientais | H103: 5
A104: 01.27.011 | C104: Projeto e implementação de gerenciamento integrado de resíduos sólidos e gestão de perdas | D104: UN | E104: 231.55 | F104: 7639.23 | G104: 7870.78 | H104: 9
A105: 01.27.021 | C105: Projeto e implementação de educação ambiental | D105: UN | E105: 231.55 | F105: 10232.76 | G105: 10464.31 | H105: 9
A106: 01.27.031 | C106: Projeto e implementação de controle ambiental de obra | D106: UN | E106: 231.55 | F106: 9054.33 | G106: 9285.88 | H106: 9
A107: 01.27.041 | C107: Laudo de caracterização de vegetação | D107: UN | E107: 669.05 | F107: 21085.47 | G107: 21754.52 | H107: 9
A108: 01.27.051 | C108: Laudo de caracterização da fauna associada à flora | D108: UN | E108: 669.05 | F108: 32355.2 | G108: 33024.25 | H108: 9
A109: 01.27.061 | C109: Projeto e implementação de monitoramento da fauna durante a obra | D109: UN | E109: 669.05 | F109: 12826.39 | G109: 13495.44 | H109: 9
A110: 01.27.071 | C110: Laudo de autodepuração | D110: UN | E110: 544.05 | F110: 15394.63 | G110: 15938.68 | H110: 9
A111: 01.27.091 | C111: Estudo de impacto de vizinhança, em área urbana até 10.000 m² | D111: UN | E111: 331.55 | F111: 24934.7 | G111: 25266.25 | H111: 9
A112: 01.28 | C112: Poço profundo | H112: 5
A113: 01.28.010 | C113: Taxa de mobilização e desmobilização de equipamentos para execução de perfuração para poço profundo - profundidade até 200 m | D113: TX | E113: 8405.03 | G113: 8405.03 | H113: 9
A114: 01.28.020 | C114: Taxa de mobilização e desmobilização de equipamentos para execução de perfuração para poço profundo - profundidade acima de 200 m e até 300 m | D114: TX | E114: 11784.52 | G114: 11784.52 | H114: 9
A115: 01.28.030 | C115: Taxa de mobilização e desmobilização de equipamentos para execução de perfuração para poço profundo - profundidade acima de 300 m | D115: TX | E115: 12185.01 | G115: 12185.01 | H115: 9
A116: 01.28.040 | C116: Perfuração rotativa para poço profundo em camadas de solos sedimentares, diâmetro de 8 1/2" (215,90 mm) | D116: M | E116: 448.32 | G116: 448.32 | H116: 9
A117: 01.28.050 | C117: Perfuração rotativa para poço profundo em aluvião, arenito, ou solos sedimentados em geral, diâmetro de 10" (250 mm) | D117: M | E117: 439.06 | G117: 439.06 | H117: 9
A118: 01.28.060 | C118: Perfuração rotativa para poço profundo em aluvião, arenito, ou solos sedimentados em geral, diâmetro de 12" (300 mm) | D118: M | E118: 878.27 | G118: 878.27 | H118: 9
A119: 01.28.070 | C119: Perfuração rotativa para poço profundo em aluvião, arenito, ou solos sedimentados em geral, diâmetro de 14" (350 mm) | D119: M | E119: 1160.31 | G119: 1160.31 | H119: 9
A120: 01.28.080 | C120: Perfuração rotativa para poço profundo em aluvião, arenito, ou solos sedimentados em geral, diâmetro de 16" (400 mm) | D120: M | E120: 1439.13 | G120: 1439.13 | H120: 9
A121: 01.28.090 | C121: Perfuração rotativa para poço profundo em aluvião, arenito, ou solos sedimentados em geral, diâmetro de 18" (450 mm) | D121: M | E121: 1809.54 | G121: 1809.54 | H121: 9
A122: 01.28.100 | C122: Perfuração rotativa para poço profundo em aluvião, arenito, ou solos sedimentados em geral, diâmetro de 20" (500 mm) | D122: M | E122: 2032.68 | G122: 2032.68 | H122: 9
...

Sheet BOLETIM 190
C1: COMPANHIA DE DESENVOLVIMENTO HABITACIONAL E URBANO
A2: DO ESTADO DE SÃO PAULO
A3: BOLETIM REFERENCIAL DE CUSTOS - TABELA DE SERVIÇOS
A4: COM DESONERAÇÃO
G5: Versão 190
F6: Data Base: | G6: MAIO/23
D7: BDI : | E7: 0 | F7: L.S.: | G7: 0.9778
A8: Referência | C8: Descrição | D8: Un | E8: Material | F8: Mão de Obra | G8: Custo Total
A9: 01 | C9: SERVICO TECNICO ESPECIALIZADO | H9: 2
A10: 01.02 | C10: Parecer técnico | H10: 5
A11: 01.02.071 | C11: Parecer técnico de fundações, contenções e recomendações gerais, para empreendimentos com área construída até 1.000 m² | D11: UN | F11: 5636.66 | G11: 5636.66 | H11: 9
A12: 01.02.081 | C12: Parecer técnico de fundações, contenções e recomendações gerais, para empreendimentos com área construída de 1.001 a 2.000 m² | D12: UN | F12: 7495.66 | G12: 7495.66 | H12: 9
A13: 01.02.091 | C13: Parecer técnico de fundações, contenções e recomendações gerais, para empreendimentos com área construída de 2.001 a 5.000 m² | D13: UN | F13: 12804.27 | G13: 12804.27 | H13: 9
A14: 01.02.101 | C14: Parecer técnico de fundações, contenções e recomendações gerais, para empreendimentos com área construída de 5.001 a 10.000 m² | D14: UN | F14: 17556.16 | G14: 17556.16 | H14: 9
A15: 01.02.111 | C15: Parecer técnico de fundações, contenções e recomendações gerais, para empreendimentos com área construída acima de 10.000 m² | D15: UN | F15: 20458.99 | G15: 20458.99 | H15: 9
A16: 01.06 | C16: Projeto de instalações elétricas | H16: 5
A17: 01.06.021 | C17: Elaboração de projeto de adequação de entrada de energia elétrica junto a concessionária, com medição em baixa tensão e demanda até 75 kVA | D17: UN | F17: 7199.56 | G17: 7199.56 | H17: 9
A18: 01.06.031 | C18: Elaboração de projeto de adequação de entrada de energia elétrica junto a concessionária, com medição em média tensão, subestação simplificada e demanda de 75 kVA a 300 kVA | D18: UN | F18: 12194.64 | G18: 12194.64 | H18: 9
A19: 01.06.032 | C19: Elaboração de projeto de adequação de entrada de energia elétrica junto a concessionária, com medição em média tensão e demanda de 75 kVA a 300 kVA | D19: UN | F19: 16501.64 | G19: 16501.64 | H19: 9
A20: 01.06.041 | C20: Elaboração de projeto de adequação de entrada de energia elétrica junto a concessionária, com medição em média tensão e demanda acima de 300 kVA a 2 MVA | D20: UN | F20: 21949.1 | G20: 21949.1 | H20: 9
A21: 01.17 | C21: Projeto executivo | H21: 5
A22: 01.17.031 | C22: Projeto executivo de arquitetura em formato A1 | D22: UN | F22: 2836.01 | G22: 2836.01 | H22: 9
A23: 01.17.041 | C23: Projeto executivo de arquitetura em formato A0 | D23: UN | F23: 3833.98 | G23: 3833.98 | H23: 9
A24: 01.17.051 | C24: Projeto executivo de estrutura em formato A1 | D24: UN | F24: 2079.88 | G24: 2079.88 | H24: 9
A25: 01.17.061 | C25: Projeto executivo de estrutura em formato A0 | D25: UN | F25: 2845.66 | G25: 2845.66 | H25: 9
A26: 01.17.071 | C26: Projeto executivo de instalações hidráulicas em formato A1 | D26: UN | F26: 892.89 | G26: 892.89 | H26: 9
A27: 01.17.081 | C27: Projeto executivo de instalações hidráulicas em formato A0 | D27: UN | F27: 1188.55 | G27: 1188.55 | H27: 9
A28: 01.17.111 | C28: Projeto executivo de instalações elétricas em formato A1 | D28: UN | F28: 991.52 | G28: 991.52 | H28: 9
A29: 01.17.121 | C29: Projeto executivo de instalações elétricas em formato A0 | D29: UN | F29: 1374.79 | G29: 1374.79 | H29: 9
A30: 01.17.151 | C30: Projeto executivo de climatização em formato A1 | D30: UN | F30: 1908.51 | G30: 1908.51 | H30: 9
A31: 01.17.161 | C31: Projeto executivo de climatização em formato A0 | D31: UN | F31: 2601.48 | G31: 2601.48 | H31: 9
A32: 01.17.171 | C32: Projeto executivo de chuveiros automáticos em formato A1 | D32: UN | F32: 1647.55 | G32: 1647.55 | H32: 9
A33: 01.17.181 | C33: Projeto executivo de chuveiros automáticos em formato A0 | D33: UN | F33: 2129.53 | G33: 2129.53 | H33: 9
A34: 01.20 | C34: Levantamento topográfico e geofísico | H34: 5
A35: 01.20.010 | C35: Taxa de mobilização e desmobilização de equipamentos para execução de levantamento topográfico | D35: TX | E35: 1215.48 | G35: 1215.48 | H35: 9
A36: 01.20.280 | C36: Levantamento planimétrico de área pavimentada para veículo e pedestre | D36: M2 | E36: 0.04 | F36: 0.13 | G36: 0.17 | H36: 9
A37: 01.20.691 | C37: Levantamento planimétrico cadastral com áreas ocupadas predominantemente por comunidades - área até 20.000 m² (mínimo de 3.500 m²) | D37: M2 | E37: 0.39 | F37: 0.46 | G37: 0.85 | H37: 9
A38: 01.20.701 | C38: Levantamento planimétrico cadastral com áreas ocupadas predominantemente por comunidades - área acima de 20.000 m² até 200.000 m² | D38: M2 | E38: 0.3 | F38: 0.35 | G38: 0.65 | H38: 9
A39: 01.20.711 | C39: Levantamento planimétrico cadastral com áreas ocupadas predominantemente por comunidades - área acima de 200.000 m² | D39: M2 | E39: 0.25 | F39: 0.29 | G39: 0.54 | H39: 9
A40: 01.20.721 | C40: Levantamento planimétrico cadastral com áreas até 50% de ocupação - área até 20.000 m² (mínimo de 3.500 m²) | D40: M2 | E40: 0.34 | F40: 0.4 | G40: 0.74 | H40: 9
A41: 01.20.731 | C41: Levantamento planimétrico cadastral com áreas até 50% de ocupação - área acima de 20.000 m² até 200.000 m² | D41: M2 | E41: 0.16 | F41: 0.45 | G41: 0.61 | H41: 9
A42: 01.20.741 | C42: Levantamento planimétrico cadastral com áreas até 50% de ocupação - área acima de 200.000 m² | D42: M2 | E42: 0.21 | F42: 0.25 | G42: 0.46 | H42: 9
A43: 01.20.751 | C43: Levantamento planimétrico cadastral com áreas acima de 50% de ocupação - área até 20.000 m² (mínimo de 4.000 m²) | D43: M2 | E43: 0.29 | F43: 0.35 | G43: 0.64 | H43: 9
A44: 01.20.761 | C44: Levantamento planimétrico cadastral com áreas acima de 50% de ocupação - área acima de 20.000 m² até 200.000 m² | D44: M2 | E44: 0.26 | F44: 0.3 | G44: 0.56 | H44: 9
A45: 01.20.771 | C45: Levantamento planimétrico cadastral com áreas acima de 50% de ocupação - área acima de 200.000 m² | D45: M2 | E45: 0.25 | F45: 0.3 | G45: 0.55 | H45: 9
A46: 01.20.781 | C46: Levantamento planialtimétrico cadastral com áreas ocupadas predominantemente por comunidades - área até 20.000 m² (mínimo de 3.500 m²) | D46: M2 | E46: 0.42 | F46: 0.49 | G46: 0.91 | H46: 9
A47: 01.20.791 | C47: Levantamento planialtimétrico cadastral com áreas ocupadas predominantemente por comunidades - área acima de 20.000 m² até 200.000 m² | D47: M2 | E47: 0.33 | F47: 0.39 | G47: 0.72 | H47: 9
... A60: 01.20.921 | C60: Implantação de marcos através de levantamento com GPS (mínimo de 3 marcos) | D60: UN | E60: 723.76 | F60: 401.39 | G60: 1125.15 | H60: 9
A61: 01.21 | C61: Estudo geotecnico (sondagem) | H61: 5
A62: 01.21.010 | C62: Taxa de mobilização e desmobilização de equipamentos para execução de sondagem | D62: TX | E62: 1257.79 | G62: 1257.79 | H62: 9
A63: 01.21.090 | C63: Taxa de mobilização e desmobilização de equipamentos para execução de sondagem rotativa | D63: TX | E63: 6870.7 | G63: 6870.7 | H63: 9
A64: 01.21.100 | C64: Sondagem do terreno a trado | D64: M | E64: 94.45 | G64: 94.45 | H64: 9
A65: 01.21.110 | C65: Sondagem do terreno à percussão (mínimo de 30 m) | D65: M | E65: 93.7 | G65: 93.7 | H65: 9
A66: 01.21.120 | C66: Sondagem do terreno rotativa em solo | D66: M | E66: 377.39 | G66: 377.39 | H66: 9
A67: 01.21.130 | C67: Sondagem do terreno rotativa em rocha | D67: M | E67: 625.59 | G67: 625.59 | H67: 9
A68: 01.21.140 | C68: Sondagem do terreno à percussão com a utilização de torquímetro (mínimo de 30 m) | D68: M | E68: 94.31 | G68: 94.31 | H68: 9
A69: 01.23 | C69: Tratamento, recuperação e trabalhos especiais em concreto | H69: 5
A70: 01.23.010 | C70: Taxa de mobilização e desmobilização de equipamentos para execução de corte em concreto armado | D70: TX | E70: 340.6 | G70: 340.6 | H70: 9
A71: 01.23.020 | C71: Limpeza de armadura com escova de aço | D71: M2 | E71: 2.63 | F71: 5.29 | G71: 7.92 | H71: 9
A72: 01.23.030 | C72: Preparo de ponte de aderência com adesivo a base de epóxi | D72: M2 | E72: 113.69 | F72: 39.12 | G72: 152.81 | H72: 9
A73: 01.23.056 | C73: Tratamento de armadura com produto anticorrosivo a base de zinco | D73: M2 | E73: 25.06 | F73: 37.3 | G73: 62.36 | H73: 9
A74: 01.23.060 | C74: Corte de concreto deteriorado inclusive remoção dos detritos | D74: M2 | F74: 26.46 | G74: 26.46 | H74: 9
A75: 01.23.070 | C75: Demarcação de área com disco de corte diamantado | D75: M | E75: 0.99 | F75: 3.91 | G75: 4.9 | H75: 9
A76: 01.23.100 | C76: Demolição de concreto armado com preservação de armadura, para reforço e recuperação estrutural | D76: M3 | F76: 399.37 | G76: 399.37 | H76: 9
A77: 01.23.140 | C77: Furação de 1 1/4´ em concreto armado | D77: M | E77: 206.59 | G77: 206.59 | H77: 9
A78: 01.23.150 | C78: Furação de 1 1/2´ em concreto armado | D78: M | E78: 247.66 | G78: 247.66 | H78: 9
A79: 01.23.160 | C79: Furação de 2 1/4´ em concreto armado | D79: M | E79: 319.62 | G79: 319.62 | H79: 9
A80: 01.23.190 | C80: Furação de 2 1/2´ em concreto armado | D80: M | E80: 326.99 | G80: 326.99 | H80: 9
A81: 01.23.200 | C81: Taxa de mobilização e desmobilização de equipamentos para execução de perfuração em concreto | D81: TX | E81: 251.75 | G81: 251.75 | H81: 9
A82: 01.23.221 | C82: Furação para até 10mm x 100mm em concreto armado, inclusive colagem de armadura (para até 8mm) | D82: UN | E82: 12.91 | G82: 12.91 | H82: 9
A83: 01.23.222 | C83: Furação para 12,5mm x 100mm em concreto armado, inclusive colagem de armadura (para 10mm) | D83: UN | E83: 13.22 | G83: 13.22 | H83: 9
A84: 01.23.223 | C84: Furação para 16mm x 100mm em concreto armado, inclusive colagem de armadura (para 12,5mm) | D84: UN | E84: 15.78 | G84: 15.78 | H84: 9
A85: 01.23.231 | C85: Furação para até 10mm x 150mm em concreto armado, inclusive colagem de armadura (para até 8mm) | D85: UN | E85: 19.37 | G85: 19.37 | H85: 9
A86: 01.23.232 | C86: Furação para 12,5mm x 150mm em concreto armado, inclusive colagem de armadura (para 10mm) | D86: UN | E86: 19.5 | G86: 19.5 | H86: 9
A87: 01.23.233 | C87: Furação para 16mm x 150mm em concreto armado, inclusive colagem de armadura (para 12,5mm) | D87: UN | E87: 23.28 | G87: 23.28 | H87: 9
A88: 01.23.234 | C88: Furação para 20mm x 150mm em concreto armado, inclusive colagem de armadura (para 16mm) | D88: UN | E88: 24.13 | G88: 24.13 | H88: 9
... A99: 01.23.510 | C99: Corte vertical em concreto armado, espessura de 15 cm | D99: M | E99: 197.76 | G99: 197.76 | H99: 9
A100: 01.23.700 | C100: Taxa de mobilização e desmobilização para reforço estrutural com fibra de carbono | D100: TX | E100: 1659.52 | F100: 3596.56 | G100: 5256.08 | H100: 9
A101: 01.23.701 | C101: Preparação de substrato para colagem de fibra de carbono, mediante lixamento e/ou apicoamento e escovação | D101: M2 | E101: 6.63 | F101: 38.24 | G101: 44.87 | H101: 9
A102: 01.23.702 | C102: Fibra de carbono para reforço estrutural de alta resistência - 300 g/m² | D102: M2 | E102: 303.86 | F102: 272.79 | G102: 576.65 | H102: 9
A103: 01.27 | C103: Estudo e programa ambientais | H103: 5
A104: 01.27.011 | C104: Projeto e implementação de gerenciamento integrado de resíduos sólidos e gestão de perdas | D104: UN | E104: 221.4 | F104: 7990.44 | G104: 8211.84 | H104: 9
A105: 01.27.021 | C105: Projeto e implementação de educação ambiental | D105: UN | E105: 221.4 | F105: 10703.22 | G105: 10924.62 | H105: 9
A106: 01.27.031 | C106: Projeto e implementação de controle ambiental de obra | D106: UN | E106: 221.4 | F106: 9470.64 | G106: 9692.04 | H106: 9
A107: 01.27.041 | C107: Laudo de caracterização de vegetação | D107: UN | E107: 641.4 | F107: 22054.82 | G107: 22696.22 | H107: 9
A108: 01.27.051 | C108: Laudo de caracterização da fauna associada à flora | D108: UN | E108: 641.4 | F108: 33842.64 | G108: 34484.04 | H108: 9
A109: 01.27.061 | C109: Projeto e implementação de monitoramento da fauna durante a obra | D109: UN | E109: 641.4 | F109: 13416.08 | G109: 14057.48 | H109: 9
A110: 01.27.071 | C110: Laudo de autodepuração | D110: UN | E110: 521.4 | F110: 16102.4 | G110: 16623.8 | H110: 9
A111: 01.27.091 | C111: Estudo de impacto de vizinhança, em área urbana até 10.000 m² | D111: UN | E111: 317.4 | F111: 26081.08 | G111: 26398.48 | H111: 9
A112: 01.28 | C112: Poço profundo | H112: 5
A113: 01.28.010 | C113: Taxa de mobilização e desmobilização de equipamentos para execução de perfuração para poço profundo - profundidade até 200 m | D113: TX | E113: 8435.8 | G113: 8435.8 | H113: 9
A114: 01.28.020 | C114: Taxa de mobilização e desmobilização de equipamentos para execução de perfuração para poço profundo - profundidade acima de 200 m e até 300 m | D114: TX | E114: 12113.56 | G114: 12113.56 | H114: 9
A115: 01.28.030 | C115: Taxa de mobilização e desmobilização de equipamentos para execução de perfuração para poço profundo - profundidade acima de 300 m | D115: TX | E115: 12477.72 | G115: 12477.72 | H115: 9
A116: 01.28.040 | C116: Perfuração rotativa para poço profundo em camadas de solos sedimentares, diâmetro de 8 1/2" (215,90 mm) | D116: M | E116: 512.1 | G116: 512.1 | H116: 9
A117: 01.28.050 | C117: Perfuração rotativa para poço profundo em aluvião, arenito, ou solos sedimentados em geral, diâmetro de 10" (250 mm) | D117: M | E117: 466.44 | G117: 466.44 | H117: 9
A118: 01.28.060 | C118: Perfuração rotativa para poço profundo em aluvião, arenito, ou solos sedimentados em geral, diâmetro de 12" (300 mm) | D118: M | E118: 903.32 | G118: 903.32 | H118: 9
A119: 01.28.070 | C119: Perfuração rotativa para poço profundo em aluvião, arenito, ou solos sedimentados em geral, diâmetro de 14" (350 mm) | D119: M | E119: 1193.19 | G119: 1193.19 | H119: 9
A120: 01.28.080 | C120: Perfuração rotativa para poço profundo em aluvião, arenito, ou solos sedimentados em geral, diâmetro de 16" (400 mm) | D120: M | E120: 1479.91 | G120: 1479.91 | H120: 9
A121: 01.28.090 | C121: Perfuração rotativa para poço profundo em aluvião, arenito, ou solos sedimentados em geral, diâmetro de 18" (450 mm) | D121: M | E121: 1860.82 | G121: 1860.82 | H121: 9
A122: 01.28.100 | C122: Perfuração rotativa para poço profundo em aluvião, arenito, ou solos sedimentados em geral, diâmetro de 20" (500 mm) | D122: M | E122: 2090.28 | G122: 2090.28 | H122: 9
...

Sheet BOLETIM 191
C1: COMPANHIA DE DESENVOLVIMENTO HABITACIONAL E URBANO
A2: DO ESTADO DE SÃO PAULO
A3: BOLETIM REFERENCIAL DE CUSTOS - TABELA DE SERVIÇOS
A4: COM DESONERAÇÃO
G5: Versão 191
F6: Data Base: | G6: AGOSTO/23
D7: BDI : | E7: 0 | F7: L.S.: | G7: 0.9778
A8: Referência | C8: Descrição | D8: Un | E8: Material | F8: Mão de Obra | G8: Custo Total
A9: 01 | C9: SERVICO TECNICO ESPECIALIZADO | H9: =LEN(A9) -> 2
A10: 01.02 | C10: Parecer técnico | H10: =LEN(A10) -> 5
A11: 01.02.071 | C11: Parecer técnico de fundações, contenções e recomendações gerais, para empreendimentos com área construída até 1.000 m² | D11: UN | F11: 5636.66 | G11: 5636.66 | H11: =LEN(A11) -> 9
A12: 01.02.081 | C12: Parecer técnico de fundações, contenções e recomendações gerais, para empreendimentos com área construída de 1.001 a 2.000 m² | D12: UN | F12: 7495.66 | G12: 7495.66 | H12: =LEN(A12) -> 9
A13: 01.02.091 | C13: Parecer técnico de fundações, contenções e recomendações gerais, para empreendimentos com área construída de 2.001 a 5.000 m² | D13: UN | F13: 12804.27 | G13: 12804.27 | H13: =LEN(A13) -> 9
A14: 01.02.101 | C14: Parecer técnico de fundações, contenções e recomendações gerais, para empreendimentos com área construída de 5.001 a 10.000 m² | D14: UN | F14: 17556.16 | G14: 17556.16 | H14: =LEN(A14) -> 9
A15: 01.02.111 | C15: Parecer técnico de fundações, contenções e recomendações gerais, para empreendimentos com área construída acima de 10.000 m² | D15: UN | F15: 20458.99 | G15: 20458.99 | H15: =LEN(A15) -> 9
A16: 01.06 | C16: Projeto de instalações elétricas | H16: =LEN(A16) -> 5
A17: 01.06.021 | C17: Elaboração de projeto de adequação de entrada de energia elétrica junto a concessionária, com medição em baixa tensão e demanda até 75 kVA | D17: UN | F17: 7199.56 | G17: 7199.56 | H17: =LEN(A17) -> 9
A18: 01.06.031 | C18: Elaboração de projeto de adequação de entrada de energia elétrica junto a concessionária, com medição em média tensão, subestação simplificada e demanda de 75 kVA a 300 kVA | D18: UN | F18: 12194.64 | G18: 12194.64 | H18: =LEN(A18) -> 9
A19: 01.06.032 | C19: Elaboração de projeto de adequação de entrada de energia elétrica junto a concessionária, com medição em média tensão e demanda de 75 kVA a 300 kVA | D19: UN | F19: 16501.64 | G19: 16501.64 | H19: =LEN(A19) -> 9
A20: 01.06.041 | C20: Elaboração de projeto de adequação de entrada de energia elétrica junto a concessionária, com medição em média tensão e demanda acima de 300 kVA a 2 MVA | D20: UN | F20: 21949.1 | G20: 21949.1 | H20: =LEN(A20) -> 9
A21: 01.17 | C21: Projeto executivo | H21: =LEN(A21) -> 5
A22: 01.17.031 | C22: Projeto executivo de arquitetura em formato A1 | D22: UN | F22: 2836.01 | G22: 2836.01 | H22: =LEN(A22) -> 9
A23: 01.17.041 | C23: Projeto executivo de arquitetura em formato A0 | D23: UN | F23: 3833.98 | G23: 3833.98 | H23: =LEN(A23) -> 9
A24: 01.17.051 | C24: Projeto executivo de estrutura em formato A1 | D24: UN | F24: 2079.88 | G24: 2079.88 | H24: =LEN(A24) -> 9
A25: 01.17.061 | C25: Projeto executivo de estrutura em formato A0 | D25: UN | F25: 2845.66 | G25: 2845.66 | H25: =LEN(A25) -> 9
A26: 01.17.071 | C26: Projeto executivo de instalações hidráulicas em formato A1 | D26: UN | F26: 892.89 | G26: 892.89 | H26: =LEN(A26) -> 9
A27: 01.17.081 | C27: Projeto executivo de instalações hidráulicas em formato A0 | D27: UN | F27: 1188.55 | G27: 1188.55 | H27: =LEN(A27) -> 9
A28: 01.17.111 | C28: Projeto executivo de instalações elétricas em formato A1 | D28: UN | F28: 991.52 | G28: 991.52 | H28: =LEN(A28) -> 9
A29: 01.17.121 | C29: Projeto executivo de instalações elétricas em formato A0 | D29: UN | F29: 1374.79 | G29: 1374.79 | H29: =LEN(A29) -> 9
A30: 01.17.151 | C30: Projeto executivo de climatização em formato A1 | D30: UN | F30: 1908.51 | G30: 1908.51 | H30: =LEN(A30) -> 9
A31: 01.17.161 | C31: Projeto executivo de climatização em formato A0 | D31: UN | F31: 2601.48 | G31: 2601.48 | H31: =LEN(A31) -> 9
A32: 01.17.171 | C32: Projeto executivo de chuveiros automáticos em formato A1 | D32: UN | F32: 1647.55 | G32: 1647.55 | H32: =LEN(A32) -> 9
A33: 01.17.181 | C33: Projeto executivo de chuveiros automáticos em formato A0 | D33: UN | F33: 2129.53 | G33: 2129.53 | H33: =LEN(A33) -> 9
A34: 01.20 | C34: Levantamento topográfico e geofísico | H34: =LEN(A34) -> 5
A35: 01.20.010 | C35: Taxa de mobilização e desmobilização de equipamentos para execução de levantamento topográfico | D35: TX | E35: 1237.02 | G35: 1237.02 | H35: =LEN(A35) -> 9
A36: 01.20.280 | C36: Levantamento planimétrico de área pavimentada para veículo e pedestre | D36: M2 | E36: 0.04 | F36: 0.13 | G36: 0.17 | H36: =LEN(A36) -> 9
A37: 01.20.691 | C37: Levantamento planimétrico cadastral com áreas ocupadas predominantemente por comunidades - área até 20.000 m² (mínimo de 3.500 m²) | D37: M2 | E37: 0.4 | F37: 0.46 | G37: 0.86 | H37: =LEN(A37) -> 9
A38: 01.20.701 | C38: Levantamento planimétrico cadastral com áreas ocupadas predominantemente por comunidades - área acima de 20.000 m² até 200.000 m² | D38: M2 | E38: 0.32 | F38: 0.35 | G38: 0.67 | H38: =LEN(A38) -> 9
A39: 01.20.711 | C39: Levantamento planimétrico cadastral com áreas ocupadas predominantemente por comunidades - área acima de 200.000 m² | D39: M2 | E39: 0.26 | F39: 0.29 | G39: 0.55 | H39: =LEN(A39) -> 9
A40: 01.20.721 | C40: Levantamento planimétrico cadastral com áreas até 50% de ocupação - área até 20.000 m² (mínimo de 3.500 m²) | D40: M2 | E40: 0.35 | F40: 0.4 | G40: 0.75 | H40: =LEN(A40) -> 9
A41: 01.20.731 | C41: Levantamento planimétrico cadastral com áreas até 50% de ocupação - área acima de 20.000 m² até 200.000 m² | D41: M2 | E41: 0.17 | F41: 0.45 | G41: 0.62 | H41: =LEN(A41) -> 9
A42: 01.20.741 | C42: Levantamento planimétrico cadastral com áreas até 50% de ocupação - área acima de 200.000 m² | D42: M2 | E42: 0.22 | F42: 0.25 | G42: 0.47 | H42: =LEN(A42) -> 9
A43: 01.20.751 | C43: Levantamento planimétrico cadastral com áreas acima de 50% de ocupação - área até 20.000 m² (mínimo de 4.000 m²) | D43: M2 | E43: 0.31 | F43: 0.35 | G43: 0.66 | H43: =LEN(A43) -> 9
A44: 01.20.761 | C44: Levantamento planimétrico cadastral com áreas acima de 50% de ocupação - área acima de 20.000 m² até 200.000 m² | D44: M2 | E44: 0.26 | F44: 0.3 | G44: 0.56 | H44: =LEN(A44) -> 9
A45: 01.20.771 | C45: Levantamento planimétrico cadastral com áreas acima de 50% de ocupação - área acima de 200.000 m² | D45: M2 | E45: 0.26 | F45: 0.3 | G45: 0.56 | H45: =LEN(A45) -> 9
A46: 01.20.781 | C46: Levantamento planialtimétrico cadastral com áreas ocupadas predominantemente por comunidades - área até 20.000 m² (mínimo de 3.500 m²) | D46: M2 | E46: 0.42 | F46: 0.49 | G46: 0.91 | H46: =LEN(A46) -> 9
A47: 01.20.791 | C47: Levantamento planialtimétrico cadastral com áreas ocupadas predominantemente por comunidades - área acima de 20.000 m² até 200.000 m² | D47: M2 | E47: 0.34 | F47: 0.39 | G47: 0.73 | H47: =LEN(A47) -> 9
... A60: 01.20.921 | C60: Implantação de marcos através de levantamento com GPS (mínimo de 3 marcos) | D60: UN | E60: 760.2 | F60: 401.39 | G60: 1161.59 | H60: =LEN(A60) -> 9
A61: 01.21 | C61: Estudo geotecnico (sondagem) | H61: =LEN(A61) -> 5
A62: 01.21.010 | C62: Taxa de mobilização e desmobilização de equipamentos para execução de sondagem | D62: TX | E62: 1249.33 | G62: 1249.33 | H62: =LEN(A62) -> 9
A63: 01.21.090 | C63: Taxa de mobilização e desmobilização de equipamentos para execução de sondagem rotativa | D63: TX | E63: 6440.38 | G63: 6440.38 | H63: =LEN(A63) -> 9
A64: 01.21.100 | C64: Sondagem do terreno a trado | D64: M | E64: 95.12 | G64: 95.12 | H64: =LEN(A64) -> 9
A65: 01.21.110 | C65: Sondagem do terreno à percussão (mínimo de 30 m) | D65: M | E65: 94.11 | G65: 94.11 | H65: =LEN(A65) -> 9
A66: 01.21.120 | C66: Sondagem do terreno rotativa em solo | D66: M | E66: 377.02 | G66: 377.02 | H66: =LEN(A66) -> 9
A67: 01.21.130 | C67: Sondagem do terreno rotativa em rocha | D67: M | E67: 628.59 | G67: 628.59 | H67: =LEN(A67) -> 9
A68: 01.21.140 | C68: Sondagem do terreno à percussão com a utilização de torquímetro (mínimo de 30 m) | D68: M | E68: 95 | G68: 95 | H68: =LEN(A68) -> 9
A69: 01.23 | C69: Tratamento, recuperação e trabalhos especiais em concreto | H69: =LEN(A69) -> 5
A70: 01.23.010 | C70: Taxa de mobilização e desmobilização de equipamentos para execução de corte em concreto armado | D70: TX | E70: 333.58 | G70: 333.58 | H70: =LEN(A70) -> 9
A71: 01.23.020 | C71: Limpeza de armadura com escova de aço | D71: M2 | E71: 2.69 | F71: 5.29 | G71: 7.98 | H71: =LEN(A71) -> 9
A72: 01.23.030 | C72: Preparo de ponte de aderência com adesivo a base de epóxi | D72: M2 | E72: 117.01 | F72: 39.12 | G72: 156.13 | H72: =LEN(A72) -> 9
A73: 01.23.056 | C73: Tratamento de armadura com produto anticorrosivo a base de zinco | D73: M2 | E73: 25.38 | F73: 37.3 | G73: 62.68 | H73: =LEN(A73) -> 9
A74: 01.23.060 | C74: Corte de concreto deteriorado inclusive remoção dos detritos | D74: M2 | F74: 26.46 | G74: 26.46 | H74: =LEN(A74) -> 9
A75: 01.23.070 | C75: Demarcação de área com disco de corte diamantado | D75: M | E75: 1.04 | F75: 3.91 | G75: 4.95 | H75: =LEN(A75) -> 9
A76: 01.23.100 | C76: Demolição de concreto armado com preservação de armadura, para reforço e recuperação estrutural | D76: M3 | F76: 399.37 | G76: 399.37 | H76: =LEN(A76) -> 9
A77: 01.23.140 | C77: Furação de 1 1/4´ em concreto armado | D77: M | E77: 207.43 | G77: 207.43 | H77: =LEN(A77) -> 9
A78: 01.23.150 | C78: Furação de 1 1/2´ em concreto armado | D78: M | E78: 248.74 | G78: 248.74 | H78: =LEN(A78) -> 9
A79: 01.23.160 | C79: Furação de 2 1/4´ em concreto armado | D79: M | E79: 322.54 | G79: 322.54 | H79: =LEN(A79) -> 9
A80: 01.23.190 | C80: Furação de 2 1/2´ em concreto armado | D80: M | E80: 330 | G80: 330 | H80: =LEN(A80) -> 9
A81: 01.23.200 | C81: Taxa de mobilização e desmobilização de equipamentos para execução de perfuração em concreto | D81: TX | E81: 254.65 | G81: 254.65 | H81: =LEN(A81) -> 9
A82: 01.23.221 | C82: Furação para até 10mm x 100mm em concreto armado, inclusive colagem de armadura (para até 8mm) | D82: UN | E82: 12.35 | G82: 12.35 | H82: =LEN(A82) -> 9
A83: 01.23.222 | C83: Furação para 12,5mm x 100mm em concreto armado, inclusive colagem de armadura (para 10mm) | D83: UN | E83: 13.29 | G83: 13.29 | H83: =LEN(A83) -> 9
A84: 01.23.223 | C84: Furação para 16mm x 100mm em concreto armado, inclusive colagem de armadura (para 12,5mm) | D84: UN | E84: 15.15 | G84: 15.15 | H84: =LEN(A84) -> 9
A85: 01.23.231 | C85: Furação para até 10mm x 150mm em concreto armado, inclusive colagem de armadura (para até 8mm) | D85: UN | E85: 18.53 | G85: 18.53 | H85: =LEN(A85) -> 9
A86: 01.23.232 | C86: Furação para 12,5mm x 150mm em concreto armado, inclusive colagem de armadura (para 10mm) | D86: UN | E86: 19.6 | G86: 19.6 | H86: =LEN(A86) -> 9
A87: 01.23.233 | C87: Furação para 16mm x 150mm em concreto armado, inclusive colagem de armadura (para 12,5mm) | D87: UN | E87: 22.34 | G87: 22.34 | H87: =LEN(A87) -> 9
A88: 01.23.234 | C88: Furação para 20mm x 150mm em concreto armado, inclusive colagem de armadura (para 16mm) | D88: UN | E88: 23.87 | G88: 23.87 | H88: =LEN(A88) -> 9
... A99: 01.23.510 | C99: Corte vertical em concreto armado, espessura de 15 cm | D99: M | E99: 199.09 | G99: 199.09 | H99: =LEN(A99) -> 9
A100: 01.23.700 | C100: Taxa de mobilização e desmobilização para reforço estrutural com fibra de carbono | D100: TX | E100: 1626.72 | F100: 3596.56 | G100: 5223.28 | H100: =LEN(A100) -> 9
A101: 01.23.701 | C101: Preparação de substrato para colagem de fibra de carbono, mediante lixamento e/ou apicoamento e escovação | D101: M2 | E101: 6.7 | F101: 38.24 | G101: 44.94 | H101: =LEN(A101) -> 9
A102: 01.23.702 | C102: Fibra de carbono para reforço estrutural de alta resistência - 300 g/m² | D102: M2 | E102: 302.6 | F102: 272.79 | G102: 575.39 | H102: =LEN(A102) -> 9
A103: 01.27 | C103: Estudo e programa ambientais | H103: =LEN(A103) -> 5
A104: 01.27.011 | C104: Projeto e implementação de gerenciamento integrado de resíduos sólidos e gestão de perdas | D104: UN | E104: 222.85 | F104: 7990.44 | G104: 8213.29 | H104: =LEN(A104) -> 9
A105: 01.27.021 | C105: Projeto e implementação de educação ambiental | D105: UN | E105: 222.85 | F105: 10703.22 | G105: 10926.07 | H105: =LEN(A105) -> 9
A106: 01.27.031 | C106: Projeto e implementação de controle ambiental de obra | D106: UN | E106: 222.85 | F106: 9470.64 | G106: 9693.49 | H106: =LEN(A106) -> 9
A107: 01.27.041 | C107: Laudo de caracterização de vegetação | D107: UN | E107: 644.6 | F107: 22054.82 | G107: 22699.42 | H107: =LEN(A107) -> 9
A108: 01.27.051 | C108: Laudo de caracterização da fauna associada à flora | D108: UN | E108: 644.6 | F108: 33842.64 | G108: 34487.24 | H108: =LEN(A108) -> 9
A109: 01.27.061 | C109: Projeto e implementação de monitoramento da fauna durante a obra | D109: UN | E109: 644.6 | F109: 13416.08 | G109: 14060.68 | H109: =LEN(A109) -> 9
A110: 01.27.071 | C110: Laudo de autodepuração | D110: UN | E110: 524.1 | F110: 16102.4 | G110: 16626.5 | H110: =LEN(A110) -> 9
A111: 01.27.091 | C111: Estudo de impacto de vizinhança, em área urbana até 10.000 m² | D111: UN | E111: 319.25 | F111: 26081.08 | G111: 26400.33 | H111: =LEN(A111) -> 9
A112: 01.28 | C112: Poço profundo | H112: =LEN(A112) -> 5
A113: 01.28.010 | C113: Taxa de mobilização e desmobilização de equipamentos para execução de perfuração para poço profundo - profundidade até 200 m | D113: TX | E113: 8405.03 | G113: 8405.03 | H113: =LEN(A113) -> 9
A114: 01.28.020 | C114: Taxa de mobilização e desmobilização de equipamentos para execução de perfuração para poço profundo - profundidade acima de 200 m e até 300 m | D114: TX | E114: 11884.6 | G114: 11884.6 | H114: =LEN(A114) -> 9
A115: 01.28.030 | C115: Taxa de mobilização e desmobilização de equipamentos para execução de perfuração para poço profundo - profundidade acima de 300 m | D115: TX | E115: 12445.58 | G115: 12445.58 | H115: =LEN(A115) -> 9
A116: 01.28.040 | C116: Perfuração rotativa para poço profundo em camadas de solos sedimentares, diâmetro de 8 1/2" (215,90 mm) | D116: M | E116: 512.76 | G116: 512.76 | H116: =LEN(A116) -> 9
A117: 01.28.050 | C117: Perfuração rotativa para poço profundo em aluvião, arenito, ou solos sedimentados em geral, diâmetro de 10" (250 mm) | D117: M | E117: 464.85 | G117: 464.85 | H117: =LEN(A117) -> 9
A118: 01.28.060 | C118: Perfuração rotativa para poço profundo em aluvião, arenito, ou solos sedimentados em geral, diâmetro de 12" (300 mm) | D118: M | E118: 1097.14 | G118: 1097.14 | H118: =LEN(A118) -> 9
A119: 01.28.070 | C119: Perfuração rotativa para poço profundo em aluvião, arenito, ou solos sedimentados em geral, diâmetro de 14" (350 mm) | D119: M | E119: 1167.44 | G119: 1167.44 | H119: =LEN(A119) -> 9
A120: 01.28.080 | C120: Perfuração rotativa para poço profundo em aluvião, arenito, ou solos sedimentados em geral, diâmetro de 16" (400 mm) | D120: M | E120: 1452.85 | G120: 1452.85 | H120: =LEN(A120) -> 9
A121: 01.28.090 | C121: Perfuração rotativa para poço profundo em aluvião, arenito, ou solos sedimentados em geral, diâmetro de 18" (450 mm) | D121: M | E121: 1843.98 | G121: 1843.98 | H121: =LEN(A121) -> 9
A122: 01.28.100 | C122: Perfuração rotativa para poço profundo em aluvião, arenito, ou solos sedimentados em geral, diâmetro de 20" (500 mm) | D122: M | E122: 2078.94 | G122: 2078.94 | H122: =LEN(A122) -> 9
...

Sheet ORÇAMENTO
B2: PLANILHA ORÇAMENTÁRIA
A5: Obra: Praça Mons João Baptista Lisboa – Reforma e Implantação de Equipamento | I5: Boletim CPOS: 191
A6: Local: Praça Mons João Baptista Lisboa - Amparo SP | I6: BDI | J6: 0.25
A7: ITEM | B7: ORGÃO | C7: CODIGO | D7: DESCRIÇÃO | E7: UN | F7: QUANT. | G7: QUANT. | H7: VALOR UNIT. | I7: VALOR UNIT. + BDI | J7: VALOR DO SERVIÇO
A10: 1 | D10: PROJETOS EXECUTIVOS | J10: =SUBTOTAL(9,J11:J13) -> 9910.725 | K10: memorial de calculo
A11: 1 | B11: CDHU | C11: 01.17.071 | D11: =IF($B11="","",VLOOKUP($C11,'BOLETIM 191'!$A$11:$H$4062,3,0)) -> Projeto executivo de instalações hidráulicas em formato A1 | E11: =IF($B11="","",VLOOKUP($C11,'BOLETIM 191'!$A$11:$F$4062,4,0)) -> UN | F11: =2*3 -> 6 | G11: 2 | H11: =IF($B11="","",VLOOKUP($C11,'BOLETIM 191'!$A$11:$G$4062,7,0)) -> 892.89 | I11: =H11*$J$6+H11 -> 1116.1125 | J11: =G11*I11 -> 2232.225
A12: 2 | B12: CDHU | C12: 01.17.051 | D12: =IF($B12="","",VLOOKUP($C12,'BOLETIM 191'!$A$11:$H$4062,3,0)) -> Projeto executivo de estrutura em formato A1 | E12: =IF($B12="","",VLOOKUP($C12,'BOLETIM 191'!$A$11:$F$4062,4,0)) -> UN | F12: =2*3 -> 6 | G12: 2 | H12: =IF($B12="","",VLOOKUP($C12,'BOLETIM 191'!$A$11:$G$4062,7,0)) -> 2079.88 | I12: =H12*$J$6+H12 -> 2599.85 | J12: =G12*I12 -> 5199.7
A13: 3 | B13: CDHU | C13: 01.17.111 | D13: =IF($B13="","",VLOOKUP($C13,'BOLETIM 191'!$A$11:$H$4062,3,0)) -> Projeto executivo de instalações elétricas em formato A1 | E13: =IF($B13="","",VLOOKUP($C13,'BOLETIM 191'!$A$11:$F$4062,4,0)) -> UN | F13: 63 | G13: 2 | H13: =IF($B13="","",VLOOKUP($C13,'BOLETIM 191'!$A$11:$G$4062,7,0)) -> 991.52 | I13: =H13*$J$6+H13 -> 1239.4 | J13: =G13*I13 -> 2478.8
A14: 2 | D14: OBRAS CIVIS | J14: =SUBTOTAL(9,J15:J96) -> 366907.44
A15: 2.1 | D15: SERVIÇOS PRELIMINARES | J15: =SUBTOTAL(9,J16:J18) -> 38958.99
A16: 1 | B16: CDHU | C16: 02.08.020 | D16: =IF($B16="","",VLOOKUP($C16,'BOLETIM 191'!$A$11:$H$4062,3,0)) -> Placa de identificação para obra | E16: =IF($B16="","",VLOOKUP($C16,'BOLETIM 191'!$A$11:$F$4062,4,0)) -> M2 | F16: =2*3 -> 6 | G16: =2*3 -> 6 | H16: =IF($B16="","",VLOOKUP($C16,'BOLETIM 191'!$A$11:$G$4062,7,0)) -> 878.4 | I16: =H16*$J$6+H16 -> 1098 | J16: =G16*I16 -> 6588
A17: 2 | B17: CDHU | C17: 02.02.130 | D17: =IF($B17="","",VLOOKUP($C17,'BOLETIM 191'!$A$11:$H$4062,3,0)) -> Locação de container tipo escritório com 1 vaso sanitário, 1 lavatório e 1 ponto para chuveiro - área mínima de 13,80 m² | E17: =IF($B17="","",VLOOKUP($C17,'BOLETIM 191'!$A$11:$F$4062,4,0)) -> UNMES | F17: =2*3 -> 6 | G17: =2*3 -> 6 | H17: =IF($B17="","",VLOOKUP($C17,'BOLETIM 191'!$A$11:$G$4062,7,0)) -> 1353.26 | I17: =H17*$J$6+H17 -> 1691.575 | J17: =G17*I17 -> 10149.45
A18: 3 | B18: CDHU | C18: 02.03.120 | D18: =IF($B18="","",VLOOKUP($C18,'BOLETIM 191'!$A$11:$H$4062,3,0)) -> Tapume fixo para fechamento de áreas, com portão | E18: =IF($B18="","",VLOOKUP($C18,'BOLETIM 191'!$A$11:$F$4062,4,0)) -> M2 | F18: 63 | G18: =81*2.2 -> 178.2 | H18: =IF($B18="","",VLOOKUP($C18,'BOLETIM 191'!$A$11:$G$4062,7,0)) -> 99.76 | I18: =H18*$J$6+H18 -> 124.7 | J18: =G18*I18 -> 22221.54 | K18: PERIMETRO 81 M - ALTURA 2,20 M
A19: 2.2 | D19: ESPELHO D'ÁGUA | J19: =SUBTOTAL(9,J20:J45) -> 129681.67
A20: 2.2.1 | D20: DEMOLIÇÃO / RETIRADA | J20: =SUBTOTAL(9,J21:J25) -> 5901.1137
A21: 1 | B21: CDHU | C21: 03.01.020 | D21: =IF($B21="","",VLOOKUP($C21,'BOLETIM 191'!$A$11:$H$4062,3,0)) -> Demolição manual de concreto simples | E21: =IF($B21="","",VLOOKUP($C21,'BOLETIM 191'!$A$11:$F$4062,4,0)) -> M3 | F21: =8*3.7*0.1*0.4 -> 1.184 | G21: =8*3.7*0.1*0.4 -> 1.184 | H21: =IF($B21="","",VLOOKUP($C21,'BOLETIM 191'!$A$11:$G$4062,7,0)) -> 194.04 | I21: =H21*$J$6+H21 -> 242.55 | J21: =G21*I21 -> 287.1792 | K21: 8*3,70*0,10*0,40
A22: 2 | B22: CDHU | C22: 03.04.020 | D22: =IF($B22="","",VLOOKUP($C22,'BOLETIM 191'!$A$11:$H$4062,3,0)) -> Demolição manual de revestimento cerâmico, incluindo a base | E22: =IF($B22="","",VLOOKUP($C22,'BOLETIM 191'!$A$11:$F$4062,4,0)) -> M2 | F22: =1.3*F21 -> 1.5392 | G22: 50.48 | H22: =IF($B22="","",VLOOKUP($C22,'BOLETIM 191'!$A$11:$G$4062,7,0)) -> 10.58 | I22: =H22*$J$6+H22 -> 13.225 | J22: =G22*I22 -> 667.598 | K22: 30 % de empolamento
A23: 3 | B23: CDHU | C23: 03.04.020 | D23: =IF($B23="","",VLOOKUP($C23,'BOLETIM 191'!$A$11:$H$4062,3,0)) -> Demolição manual de revestimento cerâmico, incluindo a base | E23: =IF($B23="","",VLOOKUP($C23,'BOLETIM 191'!$A$11:$F$4062,4,0)) -> M2 | F23: =1.3*F22 -> 2.00096 | G23: 65.74 | H23: =IF($B23="","",VLOOKUP($C23,'BOLETIM 191'!$A$11:$G$4062,7,0)) -> 10.58 | I23: =H23*$J$6+H23 -> 13.225 | J23: =G23*I23 -> 869.4115 | K23: RETIRADA DE MONUMENTO CENTRAL
A24: 4 | B24: CDHU | C24: 05.07.050 | D24: =IF($B24="","",VLOOKUP($C24,'BOLETIM 191'!$A$11:$H$4062,3,0)) -> Remoção de entulho de obra com caçamba metálica - material volumoso e misturado por alvenaria, terra, madeira, papel, plástico e metal | E24: =IF($B24="","",VLOOKUP($C24,'BOLETIM 191'!$A$11:$F$4062,4,0)) -> M3 | F24: =1.3*#REF! -> #REF! | G24: 18 | H24: =IF($B24="","",VLOOKUP($C24,'BOLETIM 191'!$A$11:$G$4062,7,0)) -> 114.53 | I24: =H24*$J$6+H24 -> 143.1625 | J24: =G24*I24 -> 2576.925
A25: 5 | B25: COMP. | C25: 1 | D25: Remoção de monumento central | E25: UN | G25: 1 | H25: 1200 | I25: =H25*$J$6+H25 -> 1500 | J25: =G25*I25 -> 1500
A26: 2.2.1 | D26: REGULARIZAÇÃO / ESTRUTURA DE CONTENÇÃO | J26: =SUBTOTAL(9,J27:J32) -> 39099.409
A27: 1 | B27: CDHU | C27: 11.18.080 | D27: =IF($B27="","",VLOOKUP($C27,'BOLETIM 191'!$A$11:$H$4062,3,0)) -> Enchimento de laje com tijolos cerâmicos furados | E27: =IF($B27="","",VLOOKUP($C27,'BOLETIM 191'!$A$11:$F$4062,4,0)) -> M3 | F27: =2.2*65.74 -> 144.628 | G27: 1.44 | H27: =IF($B27="","",VLOOKUP($C27,'BOLETIM 191'!$A$11:$G$4062,7,0)) -> 373.91 | I27: =H27*$J$6+H27 -> 467.3875 | J27: =G27*I27 -> 673.038
A28: 2 | B28: CDHU | C28: 11.18.220 | D28: =IF($B28="","",VLOOKUP($C28,'BOLETIM 191'!$A$11:$H$4062,3,0)) -> Enchimento de nichos com poliestireno expandido do tipo EPS-5F | E28: =IF($B28="","",VLOOKUP($C28,'BOLETIM 191'!$A$11:$F$4062,4,0)) -> M3 | F28: =2.2*65.74 -> 144.628 | G28: 5 | H28: =IF($B28="","",VLOOKUP($C28,'BOLETIM 191'!$A$11:$G$4062,7,0)) -> 1415.47 | I28: =H28*$J$6+H28 -> 1769.3375 | J28: =G28*I28 -> 8846.6875
A29: 3 | B29: CDHU | C29: 10.02.020 | D29: =IF($B29="","",VLOOKUP($C29,'BOLETIM 191'!$A$11:$H$4062,3,0)) -> Armadura em tela soldada de aço | E29: =IF($B29="","",VLOOKUP($C29,'BOLETIM 191'!$A$11:$F$4062,4,0)) -> KG | F29: =2.2*65.74 -> 144.628 | G29: 889.6 | H29: =IF($B29="","",VLOOKUP($C29,'BOLETIM 191'!$A$11:$G$4062,7,0)) -> 12.87 | I29: =H29*$J$6+H29 -> 16.0875 | J29: =G29*I29 -> 14311.44 | K29: 2,20* 65,74
A30: 4 | B30: CDHU | C30: 09.02.020 | D30: =IF($B30="","",VLOOKUP($C30,'BOLETIM 191'!$A$11:$H$4062,3,0)) -> Forma plana em compensado para estrutura convencional | E30: =IF($B30="","",VLOOKUP($C30,'BOLETIM 191'!$A$11:$F$4062,4,0)) -> M2 | F30: =65.74*0.2 -> 13.148 | G30: 28.86 | H30: =IF($B30="","",VLOOKUP($C30,'BOLETIM 191'!$A$11:$G$4062,7,0)) -> 180.75 | I30: =H30*$J$6+H30 -> 225.9375 | J30: =G30*I30 -> 6520.5562 | K30: 65,74 *0,20 esp
A31: 5 | B31: CDHU | C31: 11.01.290 | D31: =IF($B31="","",VLOOKUP($C31,'BOLETIM 191'!$A$11:$H$4062,3,0)) -> Concreto usinado, fck = 25 MPa - para bombeamento | E31: =IF($B31="","",VLOOKUP($C31,'BOLETIM 191'!$A$11:$F$4062,4,0)) -> M3 | F31: =65.74*0.2 -> 13.148 | G31: 11.12 | H31: =IF($B31="","",VLOOKUP($C31,'BOLETIM 191'!$A$11:$G$4062,7,0)) -> 519.43 | I31: =H31*$J$6+H31 -> 649.2875 | J31: =G31*I31 -> 7220.077
A32: 6 | B32: CDHU | C32: 11.16.080 | D32: =IF($B32="","",VLOOKUP($C32,'BOLETIM 191'!$A$11:$H$4062,3,0)) -> Lançamento e adensamento de concreto ou massa por bombeamento | E32: =IF($B32="","",VLOOKUP($C32,'BOLETIM 191'!$A$11:$F$4062,4,0)) -> M3 | F32: =F31 -> 13.148 | G32: 11.12 | H32: =IF($B32="","",VLOOKUP($C32,'BOLETIM 191'!$A$11:$G$4062,7,0)) -> 109.9 | I32: =H32*$J$6+H32 -> 137.375 | J32: =G32*I32 -> 1527.61
A33: 2.2.2 | D33: IMPERMEABILIZAÇÃO | J33: =SUBTOTAL(9,J34:J37) -> 22765.062
A34: 1 | B34: CDHU | C34: 17.01.020 | D34: =IF($B34="","",VLOOKUP($C34,'BOLETIM 191'!$A$11:$H$4062,3,0)) -> Argamassa de regularização e/ou proteção | E34: =IF($B34="","",VLOOKUP($C34,'BOLETIM 191'!$A$11:$F$4062,4,0)) -> M3 | F34: =F36 -> 4.0912 | G34: =G36 -> 4.1288 | H34: =IF($B34="","",VLOOKUP($C34,'BOLETIM 191'!$A$11:$G$4062,7,0)) -> 730.32 | I34: =H34*$J$6+H34 -> 912.9 | J34: =G34*I34 -> 3769.1815
A35: 2 | B35: CDHU | C35: 32.16.060 | D35: =IF($B35="","",VLOOKUP($C35,'BOLETIM 191'!$A$11:$H$4062,3,0)) -> Impermeabilização em membrana à base de polímeros acrílicos, na cor branca e reforço em tela poliéster | E35: =IF($B35="","",VLOOKUP($C35,'BOLETIM 191'!$A$11:$F$4062,4,0)) -> M2 | F35: =F37 -> 102.28 | G35: 116.22 | H35: =IF($B35="","",VLOOKUP($C35,'BOLETIM 191'!$A$11:$G$4062,7,0)) -> 91.1 | I35: =H35*$J$6+H35 -> 113.875 | J35: =G35*I35 -> 13234.552
A36: 3 | B36: CDHU | C36: 17.01.020 | D36: =IF($B36="","",VLOOKUP($C36,'BOLETIM 191'!$A$11:$H$4062,3,0)) -> Argamassa de regularização e/ou proteção | E36: =IF($B36="","",VLOOKUP($C36,'BOLETIM 191'!$A$11:$F$4062,4,0)) -> M3 | F36: =F37*0.04 -> 4.0912 | G36: =G37*0.04 -> 4.1288 | H36: =IF($B36="","",VLOOKUP($C36,'BOLETIM 191'!$A$11:$G$4062,7,0)) -> 730.32 | I36: =H36*$J$6+H36 -> 912.9 | J36: =G36*I36 -> 3769.1815 | K36: =3.14*((9/2)^2) -> 63.585
A37: 4 | B37: CDHU | C37: 34.20.050 | D37: =IF($B37="","",VLOOKUP($C37,'BOLETIM 191'!$A$11:$H$4062,3,0)) -> Tela de arame galvanizado fio nº 22 BWG, malha de 2´, tipo galinheiro | E37: =IF($B37="","",VLOOKUP($C37,'BOLETIM 191'!$A$11:$F$4062,4,0)) -> M2 | F37: =F41 -> 102.28 | G37: =G41 -> 103.22 | H37: =IF($B37="","",VLOOKUP($C37,'BOLETIM 191'!$A$11:$G$4062,7,0)) -> 15.44 | I37: =H37*$J$6+H37 -> 19.3 | J37: =G37*I37 -> 1992.146
A38: 2.2.3 | D38: REVESTIMENTO | J38: =SUBTOTAL(9,J39:J42) -> 59822.174
A39: 1 | B39: CDHU | C39: 17.02.040 | D39: =IF($B39="","",VLOOKUP($C39,'BOLETIM 191'!$A$11:$H$4062,3,0)) -> Chapisco com adesivo de alto desempenho | E39: =IF($B39="","",VLOOKUP($C39,'BOLETIM 191'!$A$11:$F$4062,4,0)) -> M2 | F39: =F41 -> 102.28 | G39: 40.4 | H39: =IF($B39="","",VLOOKUP($C39,'BOLETIM 191'!$A$11:$G$4062,7,0)) -> 11.23 | I39: =H39*$J$6+H39 -> 14.0375 | J39: =G39*I39 -> 567.115 | K39: 28,86 + 11,54
A40: 2 | B40: CDHU | C40: 17.02.120 | D40: =IF($B40="","",VLOOKUP($C40,'BOLETIM 191'!$A$11:$H$4062,3,0)) -> Emboço comum | E40: =IF($B40="","",VLOOKUP($C40,'BOLETIM 191'!$A$11:$F$4062,4,0)) -> M2 | F40: =F41 -> 102.28 | G40: 40.4 | H40: =IF($B40="","",VLOOKUP($C40,'BOLETIM 191'!$A$11:$G$4062,7,0)) -> 20.92 | I40: =H40*$J$6+H40 -> 26.15 | J40: =G40*I40 -> 1056.46 | K40: 28,86 + 11,54
A41: 3 | B41: CDHU | C41: 18.12.120 | D41: =IF($B41="","",VLOOKUP($C41,'BOLETIM 191'!$A$11:$H$4062,3,0)) -> Revestimento em pastilha de porcelana natural ou esmaltada de 2,5x2,5 cm, assentado e rejuntado com argamassa colante industrializada | E41: =IF($B41="","",VLOOKUP($C41,'BOLETIM 191'!$A$11:$F$4062,4,0)) -> M2 | F41: =65.73+29.5*0.9+10 -> 102.28 | G41: 103.22 | H41: =IF($B41="","",VLOOKUP($C41,'BOLETIM 191'!$A$11:$G$4062,7,0)) -> 380.66 | I41: =H41*$J$6+H41 -> 475.825 | J41: =G41*I41 -> 49114.657
A42: 4 | B42: CDHU | C42: 19.01.064 | D42: =IF($B42="","",VLOOKUP($C42,'BOLETIM 191'!$A$11:$H$4062,3,0)) -> Peitoril e/ou soleira em granito, espessura de 2 cm e largura de 21 cm até 30 cm, acabamento polido | E42: =IF($B42="","",VLOOKUP($C42,'BOLETIM 191'!$A$11:$F$4062,4,0)) -> M | F42: 30.72 | G42: 30.72 | H42: =IF($B42="","",VLOOKUP($C42,'BOLETIM 191'!$A$11:$G$4062,7,0))*1.3 -> 236.561 | I42: =H42*$J$6+H42 -> 295.70125 | J42: =G42*I42 -> 9083.9424 | K42: extraido do cad (acrescido 30% do valor em função da largura e o flameado
A43: 2.2.4 | D43: PINTURA DA ALVENARIAS EXTERNAS | J43: =SUBTOTAL(9,J44:J45) -> 2093.91
A44: 1 | B44: CDHU | C44: 33.02.080 | D44: =IF($B44="","",VLOOKUP($C44,'BOLETIM 191'!$A$11:$H$4062,3,0)) -> Massa corrida à base de resina acrílica | E44: =IF($B44="","",VLOOKUP($C44,'BOLETIM 191'!$A$11:$F$4062,4,0)) -> M2 | F44: 0 | G44: =(3*2+5+2)*2.8 -> 36.4 | H44: =IF($B44="","",VLOOKUP($C44,'BOLETIM 191'!$A$11:$G$4062,7,0)) -> 15.58 | I44: =H44*$J$6+H44 -> 19.475 | J44: =G44*I44 -> 708.89
A45: 2 | B45: CDHU | C45: 33.10.030 | D45: =IF($B45="","",VLOOKUP($C45,'BOLETIM 191'!$A$11:$H$4062,3,0)) -> Tinta acrílica antimofo em massa, inclusive preparo | E45: =IF($B45="","",VLOOKUP($C45,'BOLETIM 191'!$A$11:$F$4062,4,0)) -> M2 | F45: 0 | G45: =G44 -> 36.4 | H45: =IF($B45="","",VLOOKUP($C45,'BOLETIM 191'!$A$11:$G$4062,7,0)) -> 30.44 | I45: =H45*$J$6+H45 -> 38.05 | J45: =G45*I45 -> 1385.02
A46: 2.3 | D46: CASA DE MÁQUINA | J46: =SUBTOTAL(9,J47:J65) -> 16252.937
A47: 2.3.1 | D47: DEMOLIÇÃO / RETIRADA | J47: =SUBTOTAL(9,J48:J54) -> 1190.7463
A48: 1 | B48: CDHU | C48: 03.10.140 | D48: =IF($B48="","",VLOOKUP($C48,'BOLETIM 191'!$A$11:$H$4062,3,0)) -> Remoção de pintura em massa com lixamento | E48: =IF($B48="","",VLOOKUP($C48,'BOLETIM 191'!$A$11:$F$4062,4,0)) -> M2 | F48: =8*3.7*0.1*0.4 -> 1.184 | G48: 19.91 | H48: =IF($B48="","",VLOOKUP($C48,'BOLETIM 191'!$A$11:$G$4062,7,0)) -> 5.49 | I48: =H48*$J$6+H48 -> 6.8625 | J48: =G48*I48 -> 136.63238
A49: 2 | B49: CDHU | C49: 04.18.370 | D49: =IF($B49="","",VLOOKUP($C49,'BOLETIM 191'!$A$11:$H$4062,3,0)) -> Remoção de condutor aparente diâmetro externo até 6,5 mm | E49: =IF($B49="","",VLOOKUP($C49,'BOLETIM 191'!$A$11:$F$4062,4,0)) -> M | F49: =1.3*F48 -> 1.5392 | G49: 12 | H49: =IF($B49="","",VLOOKUP($C49,'BOLETIM 191'!$A$11:$G$4062,7,0)) -> 2.6 | I49: =H49*$J$6+H49 -> 3.25 | J49: =G49*I49 -> 39
A50: 3 | B50: CDHU | C50: 04.30.060 | D50: =IF($B50="","",VLOOKUP($C50,'BOLETIM 191'!$A$11:$H$4062,3,0)) -> Remoção de tubulação hidráulica em geral, incluindo conexões, caixas e ralos | E50: =IF($B50="","",VLOOKUP($C50,'BOLETIM 191'!$A$11:$F$4062,4,0)) -> M | F50: =1.3*F49 -> 2.00096 | G50: 20 | H50: =IF($B50="","",VLOOKUP($C50,'BOLETIM 191'!$A$11:$G$4062,7,0)) -> 7.06 | I50: =H50*$J$6+H50 -> 8.825 | J50: =G50*I50 -> 176.5
A51: 4 | B51: CDHU | C51: 04.12.020 | D51: =IF($B51="","",VLOOKUP($C51,'BOLETIM 191'!$A$11:$H$4062,3,0)) -> Retirada de conjunto motor-bomba | E51: =IF($B51="","",VLOOKUP($C51,'BOLETIM 191'!$A$11:$F$4062,4,0)) -> UN | F51: =1.3*F50 -> 2.601248 | G51: 2 | H51: =IF($B51="","",VLOOKUP($C51,'BOLETIM 191'!$A$11:$G$4062,7,0)) -> 81.97 | I51: =H51*$J$6+H51 -> 102.4625 | J51: =G51*I51 -> 204.925
A52: 5 | B52: CDHU | C52: 03.10.140 | D52: =IF($B52="","",VLOOKUP($C52,'BOLETIM 191'!$A$11:$H$4062,3,0)) -> Remoção de pintura em massa com lixamento | E52: =IF($B52="","",VLOOKUP($C52,'BOLETIM 191'!$A$11:$F$4062,4,0)) -> M2 | F52: =1.3*F51 -> 3.3816224 | G52: 57.78 | H52: =IF($B52="","",VLOOKUP($C52,'BOLETIM 191'!$A$11:$G$4062,7,0)) -> 5.49 | I52: =H52*$J$6+H52 -> 6.8625 | J52: =G52*I52 -> 396.51525
A53: 6 | B53: CDHU | C53: 03.01.200 | D53: =IF($B53="","",VLOOKUP($C53,'BOLETIM 191'!$A$11:$H$4062,3,0)) -> Demolição mecanizada de concreto armado, inclusive fragmentação, carregamento, transporte até 1 quilômetro e descarregamento | E53: =IF($B53="","",VLOOKUP($C53,'BOLETIM 191'!$A$11:$F$4062,4,0)) -> M3 | F53: =1.3*F52 -> 4.3961091 | G53: 0.21 | H53: =IF($B53="","",VLOOKUP($C53,'BOLETIM 191'!$A$11:$G$4062,7,0)) -> 553.97 | I53: =H53*$J$6+H53 -> 692.4625 | J53: =G53*I53 -> 145.41713
A54: 7 | B54: CDHU | C54: 04.09.020 | D54: =IF($B54="","",VLOOKUP($C54,'BOLETIM 191'!$A$11:$H$4062,3,0)) -> Retirada de esquadria metálica em geral | E54: =IF($B54="","",VLOOKUP($C54,'BOLETIM 191'!$A$11:$F$4062,4,0)) -> M2 | F54: =1.3*F53 -> 5.7149419 | G54: =2.1*0.8+1 -> 2.68 | H54: =IF($B54="","",VLOOKUP($C54,'BOLETIM 191'!$A$11:$G$4062,7,0)) -> 27.39 | I54: =H54*$J$6+H54 -> 34.2375 | J54: =G54*I54 -> 91.7565
A55: 2.3.2 | D55: REVESTIMENTO | J55: =SUBTOTAL(9,J56:J61) -> 10158.074
A56: 1 | B56: CDHU | C56: 32.16.060 | D56: =IF($B56="","",VLOOKUP($C56,'BOLETIM 191'!$A$11:$H$4062,3,0)) -> Impermeabilização em membrana à base de polímeros acrílicos, na cor branca e reforço em tela poliéster | E56: =IF($B56="","",VLOOKUP($C56,'BOLETIM 191'!$A$11:$F$4062,4,0)) -> M2 | F56: =8*3.7*0.1*0.4 -> 1.184 | G56: 57.78 | H56: =IF($B56="","",VLOOKUP($C56,'BOLETIM 191'!$A$11:$G$4062,7,0)) -> 91.1 | I56: =H56*$J$6+H56 -> 113.875 | J56: =G56*I56 -> 6579.6975
A57: 2 | B57: CDHU | C57: 17.03.040 | D57: =IF($B57="","",VLOOKUP($C57,'BOLETIM 191'!$A$11:$H$4062,3,0)) -> Cimentado desempenado e alisado (queimado) | E57: =IF($B57="","",VLOOKUP($C57,'BOLETIM 191'!$A$11:$F$4062,4,0)) -> M2 | F57: =1.3*F56 -> 1.5392 | G57: 10 | H57: =IF($B57="","",VLOOKUP($C57,'BOLETIM 191'!$A$11:$G$4062,7,0)) -> 35.08 | I57: =H57*$J$6+H57 -> 43.85 | J57: =G57*I57 -> 438.5
A58: 3 | B58: CDHU | C58: 33.02.080 | D58: =IF($B58="","",VLOOKUP($C58,'BOLETIM 191'!$A$11:$H$4062,3,0)) -> Massa corrida à base de resina acrílica | E58: =IF($B58="","",VLOOKUP($C58,'BOLETIM 191'!$A$11:$F$4062,4,0)) -> M2 | F58: =1.3*F57 -> 2.00096 | G58: 47.78 | H58: =IF($B58="","",VLOOKUP($C58,'BOLETIM 191'!$A$11:$G$4062,7,0)) -> 15.58 | I58: =H58*$J$6+H58 -> 19.475 | J58: =G58*I58 -> 930.5155
A59: 4 | B59: CDHU | C59: 33.10.010 | D59: =IF($B59="","",VLOOKUP($C59,'BOLETIM 191'!$A$11:$H$4062,3,0)) -> Tinta látex antimofo em massa, inclusive preparo | E59: =IF($B59="","",VLOOKUP($C59,'BOLETIM 191'!$A$11:$F$4062,4,0)) -> M2 | F59: =1.3*F58 -> 2.601248 | G59: 47.78 | H59: =IF($B59="","",VLOOKUP($C59,'BOLETIM 191'!$A$11:$G$4062,7,0)) -> 26.4 | I59: =H59*$J$6+H59 -> 33 | J59: =G59*I59 -> 1576.74
A60: 5 | B60: CDHU | C60: 11.01.130 | D60: =IF($B60="","",VLOOKUP($C60,'BOLETIM 191'!$A$11:$H$4062,3,0)) -> Concreto usinado, fck = 25 MPa | E60: =IF($B60="","",VLOOKUP($C60,'BOLETIM 191'!$A$11:$F$4062,4,0)) -> M3 | F60: =1.3*F59 -> 3.3816224 | G60: 0.88 | H60: =IF($B60="","",VLOOKUP($C60,'BOLETIM 191'!$A$11:$G$4062,7,0)) -> 465.21 | I60: =H60*$J$6+H60 -> 581.5125 | J60: =G60*I60 -> 511.731
A61: 6 | B61: CDHU | C61: 11.16.080 | D61: =IF($B61="","",VLOOKUP($C61,'BOLETIM 191'!$A$11:$H$4062,3,0)) -> Lançamento e adensamento de concreto ou massa por bombeamento | E61: =IF($B61="","",VLOOKUP($C61,'BOLETIM 191'!$A$11:$F$4062,4,0)) -> M3 | F61: =1.3*F60 -> 4.3961091 | G61: 0.88 | H61: =IF($B61="","",VLOOKUP($C61,'BOLETIM 191'!$A$11:$G$4062,7,0)) -> 109.9 | I61: =H61*$J$6+H61 -> 137.375 | J61: =G61*I61 -> 120.89
A62: 2.3.3 | D62: ESQUADRIAS | J62: =SUBTOTAL(9,J63:J65) -> 4904.1164
A63: 1 | B63: CDHU | C63: 24.02.080 | D63: =IF($B63="","",VLOOKUP($C63,'BOLETIM 191'!$A$11:$H$4062,3,0)) -> Porta/portão de abrir em veneziana de ferro, sob medida | E63: =IF($B63="","",VLOOKUP($C63,'BOLETIM 191'!$A$11:$F$4062,4,0)) -> M2 | F63: =8*3.7*0.1*0.4 -> 1.184 | G63: =2.1*0.8 -> 1.68 | H63: =IF($B63="","",VLOOKUP($C63,'BOLETIM 191'!$A$11:$G$4062,7,0)) -> 1612.97 | I63: =H63*$J$6+H63 -> 2016.2125 | J63: =G63*I63 -> 3387.237 | K63: 2,10 * 0,80
A64: 2 | B64: CDHU | C64: 24.01.110 | D64: =IF($B64="","",VLOOKUP($C64,'BOLETIM 191'!$A$11:$H$4062,3,0)) -> Caixilho em ferro tipo veneziana, sob medida | E64: =IF($B64="","",VLOOKUP($C64,'BOLETIM 191'!$A$11:$F$4062,4,0)) -> M2 | F64: =1.3*F63 -> 1.5392 | G64: 1 | H64: =IF($B64="","",VLOOKUP($C64,'BOLETIM 191'!$A$11:$G$4062,7,0)) -> 961.58 | I64: =H64*$J$6+H64 -> 1201.975 | J64: =G64*I64 -> 1201.975 | K64: 1* 1
A65: 3 | B65: CDHU | C65: 33.11.050 | D65: =IF($B65="","",VLOOKUP($C65,'BOLETIM 191'!$A$11:$H$4062,3,0)) -> Esmalte à base água em superfície metálica, inclusive preparo | E65: =IF($B65="","",VLOOKUP($C65,'BOLETIM 191'!$A$11:$F$4062,4,0)) -> M2 | F65: =1.3*F64 -> 2.00096 | G65: =2.1*0.8+1*1+0.78*3.96 -> 5.7688 | H65: =IF($B65="","",VLOOKUP($C65,'BOLETIM 191'!$A$11:$G$4062,7,0)) -> 43.67 | I65: =H65*$J$6+H65 -> 54.5875 | J65: =G65*I65 -> 314.90437 | K65: 2,10 * 0,80 + 1* 1 + 0,78 * 3,96
A66: 2.4 | D66: INSTALAÇÕES HIDRÁULICAS | J66: =SUBTOTAL(9,J67:J76) -> 93162.425
A67: 1 | B67: CDHU | C67: 46.01.090 | D67: =IF($B67="","",VLOOKUP($C67,'BOLETIM 191'!$A$11:$H$4062,3,0)) -> Tubo de PVC rígido soldável marrom, DN= 110 mm, (4´), inclusive conexões | E67: =IF($B67="","",VLOOKUP($C67,'BOLETIM 191'!$A$11:$F$4062,4,0)) -> M | F67: 0 | G67: 143 | H67: =IF($B67="","",VLOOKUP($C67,'BOLETIM 191'!$A$11:$G$4062,7,0)) -> 206.7 | I67: =H67*$J$6+H67 -> 258.375 | J67: =G67*I67 -> 36947.625
A68: 2 | B68: CDHU | C68: 46.01.080 | D68: =IF($B68="","",VLOOKUP($C68,'BOLETIM 191'!$A$11:$H$4062,3,0)) -> Tubo de PVC rígido soldável marrom, DN= 85 mm, (3´), inclusive conexões | E68: =IF($B68="","",VLOOKUP($C68,'BOLETIM 191'!$A$11:$F$4062,4,0)) -> M | F68: 1 | G68: 82 | H68: =IF($B68="","",VLOOKUP($C68,'BOLETIM 191'!$A$11:$G$4062,7,0)) -> 119.68 | I68: =H68*$J$6+H68 -> 149.6 | J68: =G68*I68 -> 12267.2
A69: 3 | B69: CDHU | C69: 46.01.070 | D69: =IF($B69="","",VLOOKUP($C69,'BOLETIM 191'!$A$11:$H$4062,3,0)) -> Tubo de PVC rígido soldável marrom, DN= 75 mm, (2 1/2´), inclusive conexões | E69: =IF($B69="","",VLOOKUP($C69,'BOLETIM 191'!$A$11:$F$4062,4,0)) -> M | F69: 2 | G69: 70 | H69: =IF($B69="","",VLOOKUP($C69,'BOLETIM 191'!$A$11:$G$4062,7,0)) -> 103.04 | I69: =H69*$J$6+H69 -> 128.8 | J69: =G69*I69 -> 9016
A70: 4 | B70: CDHU | C70: 46.01.060 | D70: =IF($B70="","",VLOOKUP($C70,'BOLETIM 191'!$A$11:$H$4062,3,0)) -> Tubo de PVC rígido soldável marrom, DN= 60 mm, (2´), inclusive conexões | E70: =IF($B70="","",VLOOKUP($C70,'BOLETIM 191'!$A$11:$F$4062,4,0)) -> M | F70: 3 | G70: 61 | H70: =IF($B70="","",VLOOKUP($C70,'BOLETIM 191'!$A$11:$G$4062,7,0)) -> 72.03 | I70: =H70*$J$6+H70 -> 90.0375 | J70: =G70*I70 -> 5492.2875
A71: 5 | B71: CDHU | C71: 46.01.050 | D71: =IF($B71="","",VLOOKUP($C71,'BOLETIM 191'!$A$11:$H$4062,3,0)) -> Tubo de PVC rígido soldável marrom, DN= 50 mm, (1 1/2´), inclusive conexões | E71: =IF($B71="","",VLOOKUP($C71,'BOLETIM 191'!$A$11:$F$4062,4,0)) -> M | F71: 4 | G71: 213 | H71: =IF($B71="","",VLOOKUP($C71,'BOLETIM 191'!$A$11:$G$4062,7,0)) -> 47.23 | I71: =H71*$J$6+H71 -> 59.0375 | J71: =G71*I71 -> 12574.987
A72: 6 | B72: CDHU | C72: 46.01.040 | D72: =IF($B72="","",VLOOKUP($C72,'BOLETIM 191'!$A$11:$H$4062,3,0)) -> Tubo de PVC rígido soldável marrom, DN= 40 mm, (1 1/4´), inclusive conexões | E72: =IF($B72="","",VLOOKUP($C72,'BOLETIM 191'!$A$11:$F$4062,4,0)) -> M | F72: 5 | G72: 22 | H72: =IF($B72="","",VLOOKUP($C72,'BOLETIM 191'!$A$11:$G$4062,7,0)) -> 45.7 | I72: =H72*$J$6+H72 -> 57.125 | J72: =G72*I72 -> 1256.75
A73: 7 | B73: CDHU | C73: 47.01.090 | D73: =IF($B73="","",VLOOKUP($C73,'BOLETIM 191'!$A$11:$H$4062,3,0)) -> Registro de gaveta em latão fundido sem acabamento, DN= 4´ | E73: =IF($B73="","",VLOOKUP($C73,'BOLETIM 191'!$A$11:$F$4062,4,0)) -> UN | F73: 6 | G73: 6 | H73: =IF($B73="","",VLOOKUP($C73,'BOLETIM 191'!$A$11:$G$4062,7,0)) -> 1071.7 | I73: =H73*$J$6+H73 -> 1339.625 | J73: =G73*I73 -> 8037.75
A74: 8 | B74: CDHU | C74: 47.01.050 | D74: =IF($B74="","",VLOOKUP($C74,'BOLETIM 191'!$A$11:$H$4062,3,0)) -> Registro de gaveta em latão fundido sem acabamento, DN= 1 1/2´ | E74: =IF($B74="","",VLOOKUP($C74,'BOLETIM 191'!$A$11:$F$4062,4,0)) -> UN | G74: 41 | H74: =IF($B74="","",VLOOKUP($C74,'BOLETIM 191'!$A$11:$G$4062,7,0)) -> 140.48 | I74: =H74*$J$6+H74 -> 175.6 | J74: =G74*I74 -> 7199.6
A75: 9 | B75: CDHU | C75: 47.01.040 | D75: =IF($B75="","",VLOOKUP($C75,'BOLETIM 191'!$A$11:$H$4062,3,0)) -> Registro de gaveta em latão fundido sem acabamento, DN= 1 1/4´ | E75: =IF($B75="","",VLOOKUP($C75,'BOLETIM 191'!$A$11:$F$4062,4,0)) -> UN | G75: 1 | H75: =IF($B75="","",VLOOKUP($C75,'BOLETIM 191'!$A$11:$G$4062,7,0)) -> 118.08 | I75: =H75*$J$6+H75 -> 147.6 | J75: =G75*I75 -> 147.6
A76: 10 | B76: CDHU | C76: 47.05.120 | D76: =IF($B76="","",VLOOKUP($C76,'BOLETIM 191'!$A$11:$H$4062,3,0)) -> Válvula de retenção vertical em bronze, DN= 1 1/2´ | E76: =IF($B76="","",VLOOKUP($C76,'BOLETIM 191'!$A$11:$F$4062,4,0)) -> UN | F76: 7 | G76: 1 | H76: =IF($B76="","",VLOOKUP($C76,'BOLETIM 191'!$A$11:$G$4062,7,0)) -> 178.1 | I76: =H76*$J$6+H76 -> 222.625 | J76: =G76*I76 -> 222.625
A77: 2.5 | D77: INSTALAÇÕES ELÉTRICA | J77: =SUBTOTAL(9,J78:J89) -> 42442.3
A78: 1 | B78: CDHU | C78: 38.01.100 | D78: =IF($B78="","",VLOOKUP($C78,'BOLETIM 191'!$A$11:$H$4062,3,0)) -> Eletroduto de PVC rígido roscável de 1 1/2´ - com acessórios | E78: =IF($B78="","",VLOOKUP($C78,'BOLETIM 191'!$A$11:$F$4062,4,0)) -> M | F78: 0 | G78: 193 | H78: =IF($B78="","",VLOOKUP($C78,'BOLETIM 191'!$A$11:$G$4062,7,0)) -> 48.84 | I78: =H78*$J$6+H78 -> 61.05 | J78: =G78*I78 -> 11782.65
A79: 2 | B79: CDHU | C79: 40.02.020 | D79: =IF($B79="","",VLOOKUP($C79,'BOLETIM 191'!$A$11:$H$4062,3,0)) -> Caixa de passagem em chapa, com tampa parafusada, 100 x 100 x 80 mm | E79: =IF($B79="","",VLOOKUP($C79,'BOLETIM 191'!$A$11:$F$4062,4,0)) -> UN | F79: 1 | G79: 41 | H79: =IF($B79="","",VLOOKUP($C79,'BOLETIM 191'!$A$11:$G$4062,7,0)) -> 25.09 | I79: =H79*$J$6+H79 -> 31.3625 | J79: =G79*I79 -> 1285.8625
A80: 3 | B80: CDHU | C80: 40.02.040 | D80: =IF($B80="","",VLOOKUP($C80,'BOLETIM 191'!$A$11:$H$4062,3,0)) -> Caixa de passagem em chapa, com tampa parafusada, 150 x 150 x 80 mm | E80: =IF($B80="","",VLOOKUP($C80,'BOLETIM 191'!$A$11:$F$4062,4,0)) -> UN | F80: 2 | G80: 3 | H80: =IF($B80="","",VLOOKUP($C80,'BOLETIM 191'!$A$11:$G$4062,7,0)) -> 29.13 | I80: =H80*$J$6+H80 -> 36.4125 | J80: =G80*I80 -> 109.2375
A81: 4 | B81: CDHU | C81: 39.29.112 | D81: =IF($B81="","",VLOOKUP($C81,'BOLETIM 191'!$A$11:$H$4062,3,0)) -> Cabo de cobre flexível de 4 mm², isolamento 750 V - isolação LSHF/A 70°C - baixa emissão de fumaça e gases | E81: =IF($B81="","",VLOOKUP($C81,'BOLETIM 191'!$A$11:$F$4062,4,0)) -> M | F81: 2 | G81: 2800 | H81: =IF($B81="","",VLOOKUP($C81,'BOLETIM 191'!$A$11:$G$4062,7,0)) -> 5.85 | I81: =H81*$J$6+H81 -> 7.3125 | J81: =G81*I81 -> 20475
A82: 5 | B82: CDHU | C82: 39.21.060 | D82: =IF($B82="","",VLOOKUP($C82,'BOLETIM 191'!$A$11:$H$4062,3,0)) -> Cabo de cobre flexível de 16 mm², isolamento 0,6/1kV - isolação HEPR 90°C | E82: =IF($B82="","",VLOOKUP($C82,'BOLETIM 191'!$A$11:$F$4062,4,0)) -> M | F82: 2 | G82: 300 | H82: =IF($B82="","",VLOOKUP($C82,'BOLETIM 191'!$A$11:$G$4062,7,0)) -> 15.62 | I82: =H82*$J$6+H82 -> 19.525 | J82: =G82*I82 -> 5857.5
A83: 6 | B83: CDHU | C83: 39.29.111 | D83: =IF($B83="","",VLOOKUP($C83,'BOLETIM 191'!$A$11:$H$4062,3,0)) -> Cabo de cobre flexível de 2,5 mm², isolamento 750 V - isolação LSHF/A 70°C - baixa emissão de fumaça e gases | E83: =IF($B83="","",VLOOKUP($C83,'BOLETIM 191'!$A$11:$F$4062,4,0)) -> M | F83: 3 | G83: 400 | H83: =IF($B83="","",VLOOKUP($C83,'BOLETIM 191'!$A$11:$G$4062,7,0)) -> 4.16 | I83: =H83*$J$6+H83 -> 5.2 | J83: =G83*I83 -> 2080
A84: 7 | B84: CDHU | C84: 38.01.040 | D84: =IF($B84="","",VLOOKUP($C84,'BOLETIM 191'!$A$11:$H$4062,3,0)) -> Eletroduto de PVC rígido roscável de 3/4´ - com acessórios | E84: =IF($B84="","",VLOOKUP($C84,'BOLETIM 191'!$A$11:$F$4062,4,0)) -> M | F84: 3 | G84: 6 | H84: =IF($B84="","",VLOOKUP($C84,'BOLETIM 191'!$A$11:$G$4062,7,0)) -> 28.31 | I84: =H84*$J$6+H84 -> 35.3875 | J84: =G84*I84 -> 212.325
A85: 8 | B85: CDHU | C85: 40.06.040 | D85: =IF($B85="","",VLOOKUP($C85,'BOLETIM 191'!$A$11:$H$4062,3,0)) -> Condulete metálico de 3/4´ | E85: =IF($B85="","",VLOOKUP($C85,'BOLETIM 191'!$A$11:$F$4062,4,0)) -> CJ | F85: 3 | G85: 3 | H85: =IF($B85="","",VLOOKUP($C85,'BOLETIM 191'!$A$11:$G$4062,7,0)) -> 35.42 | I85: =H85*$J$6+H85 -> 44.275 | J85: =G85*I85 -> 132.825
A86: 9 | B86: CDHU | C86: 39.02.010 | D86: =IF($B86="","",VLOOKUP($C86,'BOLETIM 191'!$A$11:$H$4062,3,0)) -> Cabo de cobre de 1,5 mm², isolamento 750 V - isolação em PVC 70°C | E86: =IF($B86="","",VLOOKUP($C86,'BOLETIM 191'!$A$11:$F$4062,4,0)) -> M | F86: 3 | G86: 20 | H86: =IF($B86="","",VLOOKUP($C86,'BOLETIM 191'!$A$11:$G$4062,7,0)) -> 3.13 | I86: =H86*$J$6+H86 -> 3.9125 | J86: =G86*I86 -> 78.25
A87: 10 | B87: CDHU | C87: 41.13.040 | D87: =IF($B87="","",VLOOKUP($C87,'BOLETIM 191'!$A$11:$H$4062,3,0)) -> Luminária blindada de sobrepor ou pendente em calha fechada, para 1 lâmpada fluorescente de 32 W/36 W/40 W | E87: =IF($B87="","",VLOOKUP($C87,'BOLETIM 191'!$A$11:$F$4062,4,0)) -> UN | F87: 3 | G87: 1 | H87: =IF($B87="","",VLOOKUP($C87,'BOLETIM 191'!$A$11:$G$4062,7,0)) -> 295.44 | I87: =H87*$J$6+H87 -> 369.3 | J87: =G87*I87 -> 369.3
A88: 11 | B88: CDHU | C88: 40.04.450 | D88: =IF($B88="","",VLOOKUP($C88,'BOLETIM 191'!$A$11:$H$4062,3,0)) -> Tomada 2P+T de 10 A - 250 V, completa | E88: =IF($B88="","",VLOOKUP($C88,'BOLETIM 191'!$A$11:$F$4062,4,0)) -> CJ | F88: 3 | G88: 1 | H88: =IF($B88="","",VLOOKUP($C88,'BOLETIM 191'!$A$11:$G$4062,7,0)) -> 24.23 | I88: =H88*$J$6+H88 -> 30.2875 | J88: =G88*I88 -> 30.2875
A89: 12 | B89: CDHU | C89: 40.05.020 | D89: =IF($B89="","",VLOOKUP($C89,'BOLETIM 191'!$A$11:$H$4062,3,0)) -> Interruptor com 1 tecla simples e placa | E89: =IF($B89="","",VLOOKUP($C89,'BOLETIM 191'!$A$11:$F$4062,4,0)) -> CJ | F89: 3 | G89: 1 | H89: =IF($B89="","",VLOOKUP($C89,'BOLETIM 191'!$A$11:$G$4062,7,0)) -> 23.25 | I89: =H89*$J$6+H89 -> 29.0625 | J89: =G89*I89 -> 29.0625
A90: 2.6 | D90: REPARO DO PAV. EM MOSAICO PORTUGUES | J90: =SUBTOTAL(9,J91:J91) -> 39810
A91: 1 | B91: CDHU | C91: 54.07.040 | D91: =IF($B91="","",VLOOKUP($C91,'BOLETIM 191'!$A$11:$H$4062,3,0)) -> Passeio em mosaico português | E91: =IF($B91="","",VLOOKUP($C91,'BOLETIM 191'!$A$11:$F$4062,4,0)) -> M2 | F91: 0 | G91: 100 | H91: =IF($B91="","",VLOOKUP($C91,'BOLETIM 191'!$A$11:$G$4062,7,0)) -> 318.48 | I91: =H91*$J$6+H91 -> 398.1 | J91: =G91*I91 -> 39810
A92: 2.7 | D92: SERVIÇOS COMPLEMENTARES | J92: =SUBTOTAL(9,J93:J96) -> 6599.125
A93: 1 | B93: CDHU | C93: 55.01.020 | D93: =IF($B93="","",VLOOKUP($C93,'BOLETIM 191'!$A$11:$H$4062,3,0)) -> Limpeza final da obra | E93: =IF($B93="","",VLOOKUP($C93,'BOLETIM 191'!$A$11:$F$4062,4,0)) -> M2 | G93: 160 | H93: =IF($B93="","",VLOOKUP($C93,'BOLETIM 191'!$A$11:$G$4062,7,0)) -> 12.35 | I93: =H93*$J$6+H93 -> 15.4375 | J93: =G93*I93 -> 2470
A94: 2 | B94: CDHU | C94: 34.01.010 | D94: =IF($B94="","",VLOOKUP($C94,'BOLETIM 191'!$A$11:$H$4062,3,0)) -> Terra vegetal orgânica comum | E94: =IF($B94="","",VLOOKUP($C94,'BOLETIM 191'!$A$11:$F$4062,4,0)) -> M3 | G94: 5 | H94: =IF($B94="","",VLOOKUP($C94,'BOLETIM 191'!$A$11:$G$4062,7,0)) -> 214.58 | I94: =H94*$J$6+H94 -> 268.225 | J94: =G94*I94 -> 1341.125
A95: 3 | B95: CDHU | C95: 34.02.100 | D95: =IF($B95="","",VLOOKUP($C95,'BOLETIM 191'!$A$11:$H$4062,3,0)) -> Plantio de grama esmeralda em placas (jardins e canteiros) | E95: =IF($B95="","",VLOOKUP($C95,'BOLETIM 191'!$A$11:$F$4062,4,0)) -> M2 | G95: 60 | H95: =IF($B95="","",VLOOKUP($C95,'BOLETIM 191'!$A$11:$G$4062,7,0)) -> 17.03 | I95: =H95*$J$6+H95 -> 21.2875 | J95: =G95*I95 -> 1277.25
A96: 4 | B96: CDHU | C96: 34.03.020 | D96: =IF($B96="","",VLOOKUP($C96,'BOLETIM 191'!$A$11:$H$4062,3,0)) -> Arbusto Azaléa - h= 0,60 a 0,80 m | E96: =IF($B96="","",VLOOKUP($C96,'BOLETIM 191'!$A$11:$F$4062,4,0)) -> UN | G96: 20 | H96: =IF($B96="","",VLOOKUP($C96,'BOLETIM 191'!$A$11:$G$4062,7,0)) -> 60.43 | I96: =H96*$J$6+H96 -> 75.5375 | J96: =G96*I96 -> 1510.75
A97: 3 | D97: Montagem Eletro / Hidráulica | J97: =SUBTOTAL(9,J98) -> 190657.5
A98: 1. | B98: COTAÇÃO | C98: COTAÇÃO 01 | D98: Equipamentos: a) 16 un - Fornecimento de Bico Vulcano Articulado com 230 mm de comprimento entrada de 1 1/2" e saída de água de 5/8", fabricado em latão cromado e polipropileno, com sistema de articulação, para formação de efeito d'água em parábolas. b) 16 un - Fornecimento de Base de fixação dupla para Projetores de luz subaquático, fabricadas em aço. c) 32 un - Fornecimento de Projetores de luz subaquático tipo Led 12 volts, fabricado em aço inox e termoplástico com troca de cores e sistema de sincronismo. d) 20 un - Fornecimento de Bico tipo Borbulhante com entrada de 1.1/2" e saída de 2" fabricado em aço inox com sistema de areação para formação de efeitos espumantes. e) 20 un - Fornecimento de Base de fixação dupla para Projetores de luz subaquático, fabricadas em aço. f) 40 un - Fornecimento de Projetores de luz subaquático tipo Led 12 volts, fabricado em aço inox e termoplástico com troca de cores e sistema de sincronismo. g) 01 un. - Fornecimento de Bico Volumoso com entrada de 1.1/2" e saída de 2" fabricado em aço inox com sistema de areação. h) 01 un - Fornecimento de Base de fixação dupla para Projetores de luz subaquático, fabricadas em aço. i) 04 un - Fornecimento de Projetores de luz subaquático tipo Led 12 volts, fabricado em aço inox e termoplástico com troca de cores e sistema de sincronismo. j) 03 un - Fornecimento de Conjunto moto-bomba, composto por um motor elétrico trifásico, tensão nominal de 220/380V e uma bomba centrífuga vedada com selo mecânico, para serviço contínuo de vazão e pressão adequadas para função. k) 01 un - Fornecimento de Bomba de drenagem monocelular com impulsor semiaberto, motor síncrono e blindado monofásico, 220 V, IP 68 e classe de isolamento F. l) 01 un - Fornecimento de Filtro completo, fabricado em termoplástico, composto de: válvulas seletoras de 06 vias; moto-bomba monofásica 220/V, com pré-filtro. m) 01 un - Clorador Automático - Nautilus Dosador Cloro + 10 Pastilhas n) 08 un - Fornecimento de Grelhas de sucção protetora, fabricada em estrutura de latão e bronze cromadas, proteção dos conjuntos contra partículas sólidas de granulometria superior a 3 mm, para proteção do conjunto de moto-bomba, medindo 300x300mm, incluisive suporte em cantoneira de aço inox de 2" X 1/8". o) 01 un - Fornecimento de Dispositivo de Regulador de nível, fabricado em termoplástico com entrada de 1 1/2”, equipado com filtro e bocal. p) 01 un - Fornecimento de Dispositivo de Alimentação, fabricado em termoplástico com entrada de 1.1/2", equipado com tampa e bocal. q) 02 un - Fornecimento de Dispositivo de Retorno, fabricado em termoplástico com diâmetro de 1 1/2". r) 02 un - Fornecimento de Dispositivo de Aspiração, fabricado em termoplástico com entrada de 1.1/2". s) 01 un - Fornecimento de Painel de comando eletroeletrônico, trifásico, tensão nominal de 220 V, com grau de proteção IP43, disjuntores para proteção específica dos motores, disjuntor geral com dispositivo de segurança para bloqueio da porta, contatoras e relés térmicos, relé de segurança, para rearme do comando, botão de emergência e impulso, instalado em gabinete metálico apropriado, pintado com tinta anticorrosiva, contendo todas as chaves gerais e seccionais, botoeiras, sinalizadores luminosos tipo "leds", para proteção dos conj. moto-bombas, filtros, projetores de luz subaquáticos, contendo duas chaves seletoras: Manual / Automático (liga e desliga em horários programados). | E98: UN | G98: 1 | H98: 152526 | I98: =H98*$J$6+H98 -> 190657.5 | J98: =G98*I98 -> 190657.5
H102: Total | J102: =SUBTOTAL(9,J10:J98) -> 567475.67
B104: Amparo, 20 de outubro 2023.
B108: Carlos Eduard Mazzetto
B109: Eng. Civil SMDU

Sheet CRONOGRAMA FISICO FINANC
D1: =ORÇAMENTO!A5 -> Obra: Praça Mons João Baptista Lisboa – Reforma e Implantação de Equipamento
C2: =ORÇAMENTO!A6 -> Local: Praça Mons João Baptista Lisboa - Amparo SP
C3: BOLETIM REFERENCIAL DE CUSTOS – CDHU
C4: TABELA DE SERVIÇOS 191
A5: CRONOGRAMA FÍSICO FINANCEIRO
A6: ITEM | B6: SERVIÇOS DA OBRA | C6: VALORES R$ | D6: PART. | E6: MÊS 1 | G6: MÊS 2 | I6: MÊS 3 | K6: MÊS 4 | M6: MÊS 5 | O6: MÊS 6
A7: 1 | B7: =ORÇAMENTO!D10 -> PROJETOS EXECUTIVOS | C7: =ORÇAMENTO!J10 -> 9910.725 | D7: =C7/C14 -> 0.017464581 | E7: =$C$7*F7 -> 9910.725 | F7: 1
A9: 2 | B9: =ORÇAMENTO!D14 -> OBRAS CIVIS | C9: =ORÇAMENTO!J14 -> 366907.44 | D9: =C9/C14 -> 0.64656066 | E9: =C9*F9 -> 36690.744 | F9: 0.1 | G9: =$C$9*H9 -> 110072.23 | H9: 0.3 | I9: =$C$9*J9 -> 110072.23 | J9: 0.3 | K9: =$C$9*L9 -> 55036.117 | L9: 0.15 | M9: =$C$9*N9 -> 36690.744 | N9: 0.1 | O9: =$C$9*P9 -> 18345.372 | P9: 0.05
A11: 3 | B11: =ORÇAMENTO!D97 -> Montagem Eletro / Hidráulica | C11: =ORÇAMENTO!J97 -> 190657.5 | D11: =C11/C14 -> 0.33597476 | K11: =L11*C11 -> 57197.25 | L11: 0.3 | M11: =N11*C11 -> 76263 | N11: 0.4 | O11: =P11*C11 -> 57197.25 | P11: 0.3
B14: TOTAL | C14: =SUM(C7:C12) -> 567475.67 | D14: =SUM(D7:D12) -> 1 | E14: =SUM(E7:E12) -> 46601.469 | F14: =E14/C14 -> 0.082120648 | G14: =SUM(G7:G12) -> 110072.23 | H14: =G14/C14 -> 0.1939682 | I14: =SUM(I7:I12) -> 110072.23 | J14: =I14/$C14 -> 0.1939682 | K14: =SUM(K7:K12) -> 112233.37 | L14: =K14/$C14 -> 0.19777653 | M14: =SUM(M7:M12) -> 112953.74 | N14: 0.25 | O14: =SUM(O7:O12) -> 75542.622 | P14: 0.25
B15: TOTAL ACUMULADO | E15: =SUM(E7:E9) -> 46601.469 | F15: =E15/C14 -> 0.082120648 | G15: =E15+G14 -> 156673.7 | H15: =G15/$C$14 -> 0.27608885 | I15: =G15+I14 -> 266745.94 | J15: =I15/$C$14 -> 0.47005704 | K15: =K14+I15 -> 378979.3 | L15: =K15/$C$14 -> 0.66783357 | M15: =K15+M14 -> 491933.05 | N15: =M15/$C$14 -> 0.86687954 | O15: =M15+O14 -> 567475.67 | P15: =O15/$C$14 -> 1
C20: Carlos Eduardo Mazzetto
C21: Eng. Civil SMDU
C22: CREA 5060363666

Sheet bdi
A2: ANEXO 17
A8: DEMONSTRATIVO DE COMPOSIÇÃO DO BDI (acórdão 2622/2013-TCU-Plenário)
A10: Prefeitura do Municipio de Amparo
A11: Processo n.º
A12: Data da Elaboração: 22/11/2021
A13: Obra: Praça Mons João Baptista Lisboa – Reforma e Implantação de Equipamento
A17: COMPOSIÇÃO DO BDI (acórdão 2622/2013-TCU-Plenário)
A18: ITENS | B18: DESCRIÇÃO | C18: %
A19: AC | B19: Administraçao Central | C19: 0.0352
A20: S | B20: Seguros | C20: 0.0032
A21: R | B21: Riscos | C21: 0.0025
A22: G | B22: Garantias | C22: 0.0025
A23: DF | B23: Despesas Financeiras | C23: 0.0102
A24: L | B24: Lucro/Remuneração | C24: 0.03
A25: l | B25: Impostos/tributos | C25: =C26+C27+C28+C29 -> 0.1315
B26: PIS | C26: 0.0065
B27: COFINS | C27: 0.03
B28: ISS | C28: 0.05
B29: Contribuição Previdenciaria | C29: 0.045
A30: Taxa do BDI (%) | C30: =(((1+C19+C20+C21+C22)*(1+C23)*(1+C24))/(1-C25))-1 -> 0.25004486
A32: Declaramos sob pena da Lei que a alternativa adotada pela Prefeitura do Municipio de Amparo é COM Desoneração e que esta é a mais vantajosa para a Administração Pública.
A36: Assinatura do Responsável Técnico | C36: Assinatura do Gestor Contábil
A37: Carlos Eduardo Mazzetto
A38: eng. civil smdu
A39: crea 5060363666

Sheet COMPOSIÇÃO
A4: Estância Hidromineral
A5: COMPOSIÇÕES
A6: Objeto: Praça Av. José Guiseppe, Bairro Santa Maria do Amparo
A7: Endereço: Av. José Giuseppe
A8: DATA DA ELABORAÇÃO: janeiro/2020
A9: FONTE: CPOS 177
A10: 1 | D10: Caixa de inspeção em alvenaria 30x30x30cm em bloco de concreto com tampa
A11: 1.1 | B11: CPOS | C11: 06.01.020 | D11: =IF($B11="","",VLOOKUP($C11,'BOLETIM 190'!$A$11:$H$4062,3,0)) -> Escavação manual em solo de 1ª e 2ª categoria em campo aberto | E11: =IF($B11="","",VLOOKUP($C11,'BOLETIM 190'!$A$11:$F$4062,4,0)) -> M3 | F11: 0.14 | G11: =IF($B11="","",VLOOKUP($C11,'BOLETIM 190'!$A$11:$G$4062,7,0)) -> 44.1 | H11: =F11*G11 -> 6.174
A12: 1.1 | B12: CPOS | C12: 14.01.060 | D12: =IF($B12="","",VLOOKUP($C12,'BOLETIM 190'!$A$11:$H$4062,3,0)) -> Alvenaria de embasamento em bloco de concreto de 19 x 19 x 39 cm - classe A | E12: =IF($B12="","",VLOOKUP($C12,'BOLETIM 190'!$A$11:$F$4062,4,0)) -> M2 | F12: 0.36 | G12: =IF($B12="","",VLOOKUP($C12,'BOLETIM 190'!$A$11:$G$4062,7,0)) -> 110.96 | H12: =F12*G12 -> 39.9456
A13: 1.1 | B13: CPOS | C13: 11.04.020 | D13: =IF($B13="","",VLOOKUP($C13,'BOLETIM 190'!$A$11:$H$4062,3,0)) -> Concreto não estrutural executado no local, mínimo 150 kg cimento / m³ | E13: =IF($B13="","",VLOOKUP($C13,'BOLETIM 190'!$A$11:$F$4062,4,0)) -> M3 | F13: 0.02 | G13: =IF($B13="","",VLOOKUP($C13,'BOLETIM 190'!$A$11:$G$4062,7,0)) -> 345.45 | H13: =F13*G13 -> 6.909
A14: 1.1 | B14: CPOS | C14: 06.11.040 | D14: =IF($B14="","",VLOOKUP($C14,'BOLETIM 190'!$A$11:$H$4062,3,0)) -> Reaterro manual apiloado sem controle de compactação | E14: =IF($B14="","",VLOOKUP($C14,'BOLETIM 190'!$A$11:$F$4062,4,0)) -> M3 | F14: 0.12 | G14: =IF($B14="","",VLOOKUP($C14,'BOLETIM 190'!$A$11:$G$4062,7,0)) -> 16.46 | H14: =F14*G14 -> 1.9752
A15: 1.1 | B15: CPOS | C15: 17.02.140 | D15: =IF($B15="","",VLOOKUP($C15,'BOLETIM 190'!$A$11:$H$4062,3,0)) -> Emboço desempenado com espuma de poliéster | E15: =IF($B15="","",VLOOKUP($C15,'BOLETIM 190'!$A$11:$F$4062,4,0)) -> M2 | F15: 0.36 | G15: =IF($B15="","",VLOOKUP($C15,'BOLETIM 190'!$A$11:$G$4062,7,0)) -> 25.04 | H15: =F15*G15 -> 9.0144
A16: 1.1 | B16: CPOS | C16: 09.01.030 | D16: =IF($B16="","",VLOOKUP($C16,'BOLETIM 190'!$A$11:$H$4062,3,0)) -> Forma em madeira comum para estrutura | E16: =IF($B16="","",VLOOKUP($C16,'BOLETIM 190'!$A$11:$F$4062,4,0)) -> M2 | F16: 0.02 | G16: =IF($B16="","",VLOOKUP($C16,'BOLETIM 190'!$A$11:$G$4062,7,0)) -> 237.76 | H16: =F16*G16 -> 4.7552
A17: 1.1 | B17: CPOS | C17: 11.03.090 | D17: =IF($B17="","",VLOOKUP($C17,'BOLETIM 190'!$A$11:$H$4062,3,0)) -> Concreto preparado no local, fck = 20 MPa | E17: =IF($B17="","",VLOOKUP($C17,'BOLETIM 190'!$A$11:$F$4062,4,0)) -> M3 | F17: 0.01 | G17: =IF($B17="","",VLOOKUP($C17,'BOLETIM 190'!$A$11:$G$4062,7,0)) -> 478.66 | H17: =F17*G17 -> 4.7866
A18: 1.0 | B18: CPOS | C18: 11.16.060 | D18: =IF($B18="","",VLOOKUP($C18,'BOLETIM 190'!$A$11:$H$4062,3,0)) -> Lançamento e adensamento de concreto ou massa em estrutura | E18: =IF($B18="","",VLOOKUP($C18,'BOLETIM 190'!$A$11:$F$4062,4,0)) -> M3 | F18: 0.01 | G18: =IF($B18="","",VLOOKUP($C18,'BOLETIM 190'!$A$11:$G$4062,7,0)) -> 102.78 | H18: =F18*G18 -> 1.0278
A19: 1.1 | B19: CPOS | C19: 08.05.100 | D19: =IF($B19="","",VLOOKUP($C19,'BOLETIM 190'!$A$11:$H$4062,3,0)) -> Dreno com pedra britada | E19: =IF($B19="","",VLOOKUP($C19,'BOLETIM 190'!$A$11:$F$4062,4,0)) -> M3 | F19: =0.01 -> 0.01 | G19: =IF($B19="","",VLOOKUP($C19,'BOLETIM 190'!$A$11:$G$4062,7,0)) -> 147.06 | H19: =F19*G19 -> 1.4706
D20: Total | H20: =SUM(H11:H19) -> 76.0584
A22: Item | B22: Fonte dos Serviços | C22: Código dos Serviços | D22: Composição unitária | E22: unid | F22: Qde. | G22: Pr. Unit. | H22: Pr. Total
A23: 0 | D23: Caixa de inspeção em alvenaria 40x40x40cm em bloco de concreto com tampa
A24: 1.1 | B24: CPOS | C24: 06.01.020 | D24: =IF($B24="","",VLOOKUP($C24,'BOLETIM 190'!$A$11:$H$4062,3,0)) -> Escavação manual em solo de 1ª e 2ª categoria em campo aberto | E24: =IF($B24="","",VLOOKUP($C24,'BOLETIM 190'!$A$11:$F$4062,4,0)) -> M3 | F24: 0.14 | G24: =IF($B24="","",VLOOKUP($C24,'BOLETIM 190'!$A$11:$G$4062,7,0)) -> 44.1 | H24: =F24*G24 -> 6.174
A25: 1.2 | B25: CPOS | C25: 14.01.060 | D25: =IF($B25="","",VLOOKUP($C25,'BOLETIM 190'!$A$11:$H$4062,3,0)) -> Alvenaria de embasamento em bloco de concreto de 19 x 19 x 39 cm - classe A | E25: =IF($B25="","",VLOOKUP($C25,'BOLETIM 190'!$A$11:$F$4062,4,0)) -> M2 | F25: 0.64 | G25: =IF($B25="","",VLOOKUP($C25,'BOLETIM 190'!$A$11:$G$4062,7,0)) -> 110.96 | H25: =F25*G25 -> 71.0144
A26: 1.3 | B26: CPOS | C26: 11.04.020 | D26: =IF($B26="","",VLOOKUP($C26,'BOLETIM 190'!$A$11:$H$4062,3,0)) -> Concreto não estrutural executado no local, mínimo 150 kg cimento / m³ | E26: =IF($B26="","",VLOOKUP($C26,'BOLETIM 190'!$A$11:$F$4062,4,0)) -> M3 | F26: 0.02 | G26: =IF($B26="","",VLOOKUP($C26,'BOLETIM 190'!$A$11:$G$4062,7,0)) -> 345.45 | H26: =F26*G26 -> 6.909
A27: 1.4 | B27: CPOS | C27: 06.11.040 | D27: =IF($B27="","",VLOOKUP($C27,'BOLETIM 190'!$A$11:$H$4062,3,0)) -> Reaterro manual apiloado sem controle de compactação | E27: =IF($B27="","",VLOOKUP($C27,'BOLETIM 190'!$A$11:$F$4062,4,0)) -> M3 | F27: 0.08 | G27: =IF($B27="","",VLOOKUP($C27,'BOLETIM 190'!$A$11:$G$4062,7,0)) -> 16.46 | H27: =F27*G27 -> 1.3168
A28: 1.5 | B28: CPOS | C28: 17.02.140 | D28: =IF($B28="","",VLOOKUP($C28,'BOLETIM 190'!$A$11:$H$4062,3,0)) -> Emboço desempenado com espuma de poliéster | E28: =IF($B28="","",VLOOKUP($C28,'BOLETIM 190'!$A$11:$F$4062,4,0)) -> M2 | F28: 0.64 | G28: =IF($B28="","",VLOOKUP($C28,'BOLETIM 190'!$A$11:$G$4062,7,0)) -> 25.04 | H28: =F28*G28 -> 16.0256
A29: 1.6 | B29: CPOS | C29: 09.01.030 | D29: =IF($B29="","",VLOOKUP($C29,'BOLETIM 190'!$A$11:$H$4062,3,0)) -> Forma em madeira comum para estrutura | E29: =IF($B29="","",VLOOKUP($C29,'BOLETIM 190'!$A$11:$F$4062,4,0)) -> M2 | F29: 0.03 | G29: =IF($B29="","",VLOOKUP($C29,'BOLETIM 190'!$A$11:$G$4062,7,0)) -> 237.76 | H29: =F29*G29 -> 7.1328
A30: 1.7 | B30: CPOS | C30: 11.03.090 | D30: =IF($B30="","",VLOOKUP($C30,'BOLETIM 190'!$A$11:$H$4062,3,0)) -> Concreto preparado no local, fck = 20 MPa | E30: =IF($B30="","",VLOOKUP($C30,'BOLETIM 190'!$A$11:$F$4062,4,0)) -> M3 | F30: 0.02 | G30: =IF($B30="","",VLOOKUP($C30,'BOLETIM 190'!$A$11:$G$4062,7,0)) -> 478.66 | H30: =F30*G30 -> 9.5732
A31: 1.8 | B31: CPOS | C31: 11.16.060 | D31: =IF($B31="","",VLOOKUP($C31,'BOLETIM 190'!$A$11:$H$4062,3,0)) -> Lançamento e adensamento de concreto ou massa em estrutura | E31: =IF($B31="","",VLOOKUP($C31,'BOLETIM 190'!$A$11:$F$4062,4,0)) -> M3 | F31: 0.02 | G31: =IF($B31="","",VLOOKUP($C31,'BOLETIM 190'!$A$11:$G$4062,7,0)) -> 102.78 | H31: =F31*G31 -> 2.0556
A32: 1.9 | B32: CPOS | C32: 08.05.100 | D32: =IF($B32="","",VLOOKUP($C32,'BOLETIM 190'!$A$11:$H$4062,3,0)) -> Dreno com pedra britada | E32: =IF($B32="","",VLOOKUP($C32,'BOLETIM 190'!$A$11:$F$4062,4,0)) -> M3 | F32: 0.02 | G32: =IF($B32="","",VLOOKUP($C32,'BOLETIM 190'!$A$11:$G$4062,7,0)) -> 147.06 | H32: =F32*G32 -> 2.9412
D33: Total | H33: =SUM(H24:H32) -> 123.1426
A35: 1 | D35: Caixa de inspeção em alvenaria 60x60x60cm em bloco de concreto com tampa
A36: 1.1 | B36: CPOS | C36: 06.01.020 | D36: =IF($B36="","",VLOOKUP($C36,'BOLETIM 190'!$A$11:$H$4062,3,0)) -> Escavação manual em solo de 1ª e 2ª categoria em campo aberto | E36: =IF($B36="","",VLOOKUP($C36,'BOLETIM 190'!$A$11:$F$4062,4,0)) -> M3 | F36: =0.14*2 -> 0.28 | G36: =IF($B36="","",VLOOKUP($C36,'BOLETIM 190'!$A$11:$G$4062,7,0)) -> 44.1 | H36: =F36*G36 -> 12.348
A37: 1.2 | B37: CPOS | C37: 14.01.060 | D37: =IF($B37="","",VLOOKUP($C37,'BOLETIM 190'!$A$11:$H$4062,3,0)) -> Alvenaria de embasamento em bloco de concreto de 19 x 19 x 39 cm - classe A | E37: =IF($B37="","",VLOOKUP($C37,'BOLETIM 190'!$A$11:$F$4062,4,0)) -> M2 | F37: =0.36*2 -> 0.72 | G37: =IF($B37="","",VLOOKUP($C37,'BOLETIM 190'!$A$11:$G$4062,7,0)) -> 110.96 | H37: =F37*G37 -> 79.8912
A38: 1.3 | B38: CPOS | C38: 11.04.020 | D38: =IF($B38="","",VLOOKUP($C38,'BOLETIM 190'!$A$11:$H$4062,3,0)) -> Concreto não estrutural executado no local, mínimo 150 kg cimento / m³ | E38: =IF($B38="","",VLOOKUP($C38,'BOLETIM 190'!$A$11:$F$4062,4,0)) -> M3 | F38: =0.02*2 -> 0.04 | G38: =IF($B38="","",VLOOKUP($C38,'BOLETIM 190'!$A$11:$G$4062,7,0)) -> 345.45 | H38: =F38*G38 -> 13.818
A39: 1.4 | B39: CPOS | C39: 06.11.040 | D39: =IF($B39="","",VLOOKUP($C39,'BOLETIM 190'!$A$11:$H$4062,3,0)) -> Reaterro manual apiloado sem controle de compactação | E39: =IF($B39="","",VLOOKUP($C39,'BOLETIM 190'!$A$11:$F$4062,4,0)) -> M3 | F39: =0.12*2 -> 0.24 | G39: =IF($B39="","",VLOOKUP($C39,'BOLETIM 190'!$A$11:$G$4062,7,0)) -> 16.46 | H39: =F39*G39 -> 3.9504
A40: 1.5 | B40: CPOS | C40: 17.02.140 | D40: =IF($B40="","",VLOOKUP($C40,'BOLETIM 190'!$A$11:$H$4062,3,0)) -> Emboço desempenado com espuma de poliéster | E40: =IF($B40="","",VLOOKUP($C40,'BOLETIM 190'!$A$11:$F$4062,4,0)) -> M2 | F40: =0.36*2 -> 0.72 | G40: =IF($B40="","",VLOOKUP($C40,'BOLETIM 190'!$A$11:$G$4062,7,0)) -> 25.04 | H40: =F40*G40 -> 18.0288
A41: 1.6 | B41: CPOS | C41: 09.01.030 | D41: =IF($B41="","",VLOOKUP($C41,'BOLETIM 190'!$A$11:$H$4062,3,0)) -> Forma em madeira comum para estrutura | E41: =IF($B41="","",VLOOKUP($C41,'BOLETIM 190'!$A$11:$F$4062,4,0)) -> M2 | F41: =0.02*2 -> 0.04 | G41: =IF($B41="","",VLOOKUP($C41,'BOLETIM 190'!$A$11:$G$4062,7,0)) -> 237.76 | H41: =F41*G41 -> 9.5104
A42: 1.7 | B42: CPOS | C42: 11.03.090 | D42: =IF($B42="","",VLOOKUP($C42,'BOLETIM 190'!$A$11:$H$4062,3,0)) -> Concreto preparado no local, fck = 20 MPa | E42: =IF($B42="","",VLOOKUP($C42,'BOLETIM 190'!$A$11:$F$4062,4,0)) -> M3 | F42: =0.01*2 -> 0.02 | G42: =IF($B42="","",VLOOKUP($C42,'BOLETIM 190'!$A$11:$G$4062,7,0)) -> 478.66 | H42: =F42*G42 -> 9.5732
A43: 1.8 | B43: CPOS | C43: 11.16.060 | D43: =IF($B43="","",VLOOKUP($C43,'BOLETIM 190'!$A$11:$H$4062,3,0)) -> Lançamento e adensamento de concreto ou massa em estrutura | E43: =IF($B43="","",VLOOKUP($C43,'BOLETIM 190'!$A$11:$F$4062,4,0)) -> M3 | F43: =0.01*2 -> 0.02 | G43: =IF($B43="","",VLOOKUP($C43,'BOLETIM 190'!$A$11:$G$4062,7,0)) -> 102.78 | H43: =F43*G43 -> 2.0556
A44: 1.9 | B44: CPOS | C44: 08.05.100 | D44: =IF($B44="","",VLOOKUP($C44,'BOLETIM 190'!$A$11:$H$4062,3,0)) -> Dreno com pedra britada | E44: =IF($B44="","",VLOOKUP($C44,'BOLETIM 190'!$A$11:$F$4062,4,0)) -> M3 | F44: =0.01*2 -> 0.02 | G44: =IF($B44="","",VLOOKUP($C44,'BOLETIM 190'!$A$11:$G$4062,7,0)) -> 147.06 | H44: =F44*G44 -> 2.9412
D45: Total | H45: =SUM(H36:H44) -> 152.1168
D48: __________________________
D49: Renata Rossi Tavella
D50: Arquiteta e Urbanista
D51: Prefeitura do Município de Amparo
D52: CAU A51567-0

Sheet COTAÇÃO
A4: Estância Hidromineral
A5: COTAÇÕES
A6: Objeto: Drenagem na Quadra de Areia do Parque Linear
A7: Endereço: Av. Dr. Carlos Burgos
A8: DATA DA ELABORAÇÃO:fevereiro 2020
A9: FONTE: CPOS 177
A10: MacPipe (ou similar) - Tubo Dreno 100 mm
A11: Maccaferri | B11: MacPipe® - Tubo Dreno 100 mm | C11: m | D11: 150 | E11: 3.99 | F11: =D11*E11 -> 598.5
A12: Diprotec | B12: TUBO FLEX. PEAD DN 100MM 4 POL CANODRENO | C12: m | D12: 150 | E12: 5.97 | F12: =D12*E12 -> 895.5
A13: x | C13: m | D13: 150 | F13: =D13*E13 -> 0
A14: Valor Mediana | F14: =MEDIAN(F11:F13) -> 598.5
A16: MacDrain (ou similar) - TD 20.2 (0,6X20)
A17: Maccaferri | B17: MacDrain® - TD 20.2 (0,6X20) | C17: m² | D17: 108 | E17: 19.99 | F17: =D17*E17 -> 2158.92
A18: Diprotec | B18: GEOCOMPOSTO ROMADRAIN TD 0,60M X 30M | C18: m² | D18: 108 | E18: 28.51 | F18: =D18*E18 -> 3079.08
A19: x | C19: m² | D19: 108 | F19: =D19*E19 -> 0
A20: Valor Mediana | F20: =MEDIAN(F17:F19) -> 2158.92
A22: MacDrain ( ou similar) - FP 2L 20.2 (2X30)
A23: Maccaferri | B23: MacDrain® - FP 2L 20.2 (2X30) | C23: m² | D23: 2640 | E23: 19.5 | F23: =D23*E23 -> 51480
A24: Diprotec | B24: GEOCOMPOSTO ROMADRAIN GTF 2M X 30M | C24: m² | D24: 2640 | E24: 25.95 | F24: =D24*E24 -> 68508
A25: x | C25: m² | D25: 2640 | F25: =D25*E25 -> 0
A26: Valor Mediana | F26: =MEDIAN(F23:F25) -> 51480
B28: Renata Rossi Tavella
B29: Arquiteta e Urbanista
B30: Prefeitura do Município de Amparo
B31: CAU A51567-0

Sheet COTAÇÃO F
B1: COTAÇÕES | K1: Mediana
K2: Média
K3: 1
B6: =OFFSET('COTAÇÃO F'!$A$1,MATCH(COUNTIF($H$1:$H6,"Cotações"),'COTAÇÃO F'!$J:$J,0)-1,COLUMN([1]Banco!B$6)-1) -> COTAÇÃO | C6: =OFFSET('COTAÇÃO F'!$A$1,MATCH(COUNTIF($H$1:$H6,"Cotações"),'COTAÇÃO F'!$J:$J,0)-1,COLUMN([1]Banco!C$6)-1) -> 200.01.01 | D6: =IF(COUNTIF(OFFSET([1]Banco!$A$6,1+NCOMPOSICOES,0,NCOTACOES),$A6)>1,"CÓDIGO REPETIDO",OFFSET('COTAÇÃO F'!$A$1,MATCH(COUNTIF($H$1:$H6,"Cotações"),'COTAÇÃO F'!$J:$J,0)-1,COLUMN([1]Banco!D$6)-1)) -> #VALUE! | E6: =OFFSET('COTAÇÃO F'!$A$1,MATCH(COUNTIF($H$1:$H6,"Cotações"),'COTAÇÃO F'!$J:$J,0)-1,COLUMN([1]Banco!E$6)-1) -> un. | F6: =OFFSET('COTAÇÃO F'!$A$1,MATCH(COUNTIF($H$1:$H6,"Cotações"),'COTAÇÃO F'!$J:$J,0)-1,COLUMN([1]Banco!F$6)-1) -> 707.02 | G6: =OFFSET('COTAÇÃO F'!$A$1,MATCH(COUNTIF($H$1:$H6,"Cotações"),'COTAÇÃO F'!$J:$J,0)-1,COLUMN([1]Banco!F$6)-1) -> 707.02 | H6: Cotações
B8: I001 | I8: =F8/H8 -> #DIV/0! | J8: I | L8: =IF(ISNUMBER(I8),IF(I8<>0,"F",""),"")
B10: E001 | J10: E | L10: =IF(COUNTA(C10:I10)>0,"F","")
B12: FONTE | C12: CÓDIGO | D12: DESCRIÇÃO | E12: UNIDADE | F12: =CHOOSE($K$3,"MEDIANA","MÉDIA")&IF(H13="",""," RETROAGIDA") -> MEDIANA | H12: ÍNDICE RETROAÇÃO | L12: =IF(AND(ISNUMBER(F13),M13="Sim"),"F","")
A13: =CONCATENAR -> COTAÇÃO | B13: COTAÇÃO | F13: =CHOOSE($K$3,MEDIAN(OFFSET(F14,1,0,ROW(C16)-ROW(C14)-1)),AVERAGE(OFFSET(F14,1,0,ROW(C16)-ROW(C14)-1)))*IF(H13="",1,VLOOKUP(H13,INDICES,8)) -> #NUM! | J13: =COUNTA($A$1:$A13)-1 -> 0 | K13: =ROW(C16)-ROW(C14)-1 -> 1 | L13: =IF(AND(ISNUMBER(F13),M13="Sim"),"F","") | M13: Sim
C14: EMPRESA | D14: NOME DA EMPRESA | F14: COTAÇÕES | H14: DATA COTAÇÃO | J14: C | L14: =IF(AND(ISNUMBER(F13),M13="Sim"),"F","")
D15: =IF(C15<>"",VLOOKUP(C15,EMPRESAS,3,FALSE()),"") | J15: C | L15: =IF(AND(ISNUMBER(OFFSET($F$1,MATCH(MAX($J$1:$J15),$J$1:$J15,0)-1,0)),ISNUMBER(F15),INDEX($M$1:$M15,MATCH("ZZZZ",$M$1:$M15))="Sim"),"F","")
C16: OBSERVAÇÕES: | L16: =IF(AND(ISNUMBER(F13),M13="Sim"),"F","")
L17: =IF(AND(ISNUMBER(F13),M13="Sim"),"F","")
L18: FILTRO | M18: IMPRIMIR
B19: ÍNDICES DE RETROAÇÃO: | L19: =IF(NINDICES>0,"F","") -> F
B20: ÍNDICE | C20: NOME DO ÍNDICE | D20: DESCRIÇÃO | E20: DATA BASE | F20: ÍNDICE DT BASE | G20: DT COTAÇÃO | H20: ÍNDICE DT COT. | I20: COEFICIENTE | J20: I | L20: =IF(NINDICES>0,"F","") -> F
B21: I001 | I21: =F21/H21 -> #DIV/0! | J21: I | L21: =IF(ISNUMBER(I21),IF(I21<>0,"F",""),"")
B22: I002 | I22: =F22/H22 -> #DIV/0! | J22: I | L22: =IF(ISNUMBER(I22),IF(I22<>0,"F",""),"")
B23: I003 | I23: =F23/H23 -> #DIV/0! | J23: I | L23: =IF(ISNUMBER(I23),IF(I23<>0,"F",""),"")
B24: EMPRESAS FORNECEDORAS: | L24: =IF(NEMPRESAS>0,"F","") -> F
B25: EMPRESAS | C25: CNPJ | D25: NOME | F25: FONE | H25: CONTATO | J25: E | L25: =IF(NEMPRESAS>0,"F","") -> F
B26: E001 | C26: 07.416.686/0001-45 | D26: Petro Fontes | F26: 11 3877 1100 | H26: Sérgio Salama | J26: E | L26: =IF(COUNTA(C26:I26)>0,"F","") -> F
B27: E002 | C27: 22.903.569/0001-08 | D27: Tecsus engenharia | F27: 11 2771 3333 | H27: Orlando Gonsalves | J27: E | L27: =IF(COUNTA(C27:I27)>0,"F","") -> F
B28: E003 | C28: 13.002.809/0001-02 | D28: Acqua Chafarizes | F28: 11 3673 9999 | J28: E | L28: =IF(COUNTA(C28:I28)>0,"F","") -> F
B29: E004 | J29: E | L29: =IF(COUNTA(C29:I29)>0,"F","")
B30: COTAÇÕES: | L30: =IF(NCOTACOES>0,"F","") -> F
B31: FONTE | C31: CÓDIGO | D31: DESCRIÇÃO | E31: UNIDADE | F31: =CHOOSE($K$3,"MEDIANA","MÉDIA")&IF(H32="",""," RETROAGIDA") -> MEDIANA | H31: ÍNDICE RETROAÇÃO | L31: =IF(AND(ISNUMBER(F32),M32="Sim"),"F","") -> F
A32: =CONCATENAR -> COTAÇÃO 200.01.01 | B32: COTAÇÃO | C32: 200.01.01 | D32: FornecimentoeInstalaçãodeBicotipoBorbulhantecomentradade1.1/2"esaídade2,5"fabricadoemaçoinoxcomsistemadeareaçãoparaformaçãodeefeitosespumantes.(Atingindoalturade1,20metros). | E32: un. | F32: =CHOOSE($K$3,MEDIAN(OFFSET(F33,1,0,ROW(C39)-ROW(C33)-1)),AVERAGE(OFFSET(F33,1,0,ROW(C39)-ROW(C33)-1)))*IF(H32="",1,VLOOKUP(H32,INDICES,8)) -> 707.02 | J32: =COUNTA($A$1:$A32)-1 -> 1 | K32: =ROW(C39)-ROW(C33)-1 -> 5 | L32: =IF(AND(ISNUMBER(F32),M32="Sim"),"F","") -> F | M32: Sim
C33: EMPRESA | D33: NOME DA EMPRESA | F33: COTAÇÕES | H33: DATA COTAÇÃO | J33: C | L33: =IF(AND(ISNUMBER(F32),M32="Sim"),"F","") -> F
C34: E001 | D34: =IF(C34<>"",VLOOKUP(C34,EMPRESAS,3,FALSE()),"") -> Petro Fontes | F34: 667 | H34: 15-06-2020 | J34: C | L34: =IF(AND(ISNUMBER(OFFSET($F$1,MATCH(MAX($J$1:$J34),$J$1:$J34,0)-1,0)),ISNUMBER(F34),INDEX($M$1:$M34,MATCH("ZZZZ",$M$1:$M34))="Sim"),"F","") -> F
C35: E002 | D35: =IF(C35<>"",VLOOKUP(C35,EMPRESAS,3,FALSE()),"") -> Tecsus engenharia | F35: 740.37 | H35: 17-06-2020 | J35: C | L35: =IF(AND(ISNUMBER(OFFSET($F$1,MATCH(MAX($J$1:$J35),$J$1:$J35,0)-1,0)),ISNUMBER(F35),INDEX($M$1:$M35,MATCH("ZZZZ",$M$1:$M35))="Sim"),"F","") -> F
C36: E003 | D36: =IF(C36<>"",VLOOKUP(C36,EMPRESAS,3,FALSE()),"") -> Acqua Chafarizes | F36: 707.02 | H36: 16-06-2020 | J36: C | L36: =IF(AND(ISNUMBER(OFFSET($F$1,MATCH(MAX($J$1:$J36),$J$1:$J36,0)-1,0)),ISNUMBER(F36),INDEX($M$1:$M36,MATCH("ZZZZ",$M$1:$M36))="Sim"),"F","") -> F
D37: =IF(C37<>"",VLOOKUP(C37,EMPRESAS,3,FALSE()),"") | J37: C | L37: =IF(AND(ISNUMBER(OFFSET($F$1,MATCH(MAX($J$1:$J37),$J$1:$J37,0)-1,0)),ISNUMBER(F37),INDEX($M$1:$M37,MATCH("ZZZZ",$M$1:$M37))="Sim"),"F","")
D38: =IF(C38<>"",VLOOKUP(C38,EMPRESAS,3,FALSE()),"") | J38: C | L38: =IF(AND(ISNUMBER(OFFSET($F$1,MATCH(MAX($J$1:$J38),$J$1:$J38,0)-1,0)),ISNUMBER(F38),INDEX($M$1:$M38,MATCH("ZZZZ",$M$1:$M38))="Sim"),"F","")
C39: OBSERVAÇÕES: | L39: =IF(AND(ISNUMBER(F32),M32="Sim"),"F","") -> F
L40: =IF(AND(ISNUMBER(F32),M32="Sim"),"F","") -> F
B41: FONTE | C41: CÓDIGO | D41: DESCRIÇÃO | E41: UNIDADE | F41: =CHOOSE($K$3,"MEDIANA","MÉDIA")&IF(H42="",""," RETROAGIDA") -> MEDIANA | H41: ÍNDICE RETROAÇÃO | L41: =IF(AND(ISNUMBER(F42),M42="Sim"),"F","") -> F
A42: =CONCATENAR -> COTAÇÃO 200.01.02 | B42: COTAÇÃO | C42: 200.01.02 | D42: FornecimentoeInstalaçãodeProjetoresdeluzSubaquáticostipoLed,parailuminaçãodosEfeitosdeágua, fabricado em aço inox e termoplástico com troca de cores e sistema de sincronismo. | E42: un. | F42: =CHOOSE($K$3,MEDIAN(OFFSET(F43,1,0,ROW(C49)-ROW(C43)-1)),AVERAGE(OFFSET(F43,1,0,ROW(C49)-ROW(C43)-1)))*IF(H42="",1,VLOOKUP(H42,INDICES,8)) -> 931.74 | J42: =COUNTA($A$1:$A42)-1 -> 2 | K42: =ROW(C49)-ROW(C43)-1 -> 5 | L42: =IF(AND(ISNUMBER(F42),M42="Sim"),"F","") -> F | M42: Sim
C43: EMPRESA | D43: NOME DA EMPRESA | F43: COTAÇÕES | H43: DATA COTAÇÃO | J43: C | L43: =IF(AND(ISNUMBER(F42),M42="Sim"),"F","") -> F
C44: E001 | D44: =IF(C44<>"",VLOOKUP(C44,EMPRESAS,3,FALSE()),"") -> Petro Fontes | F44: 879 | H44: 15-06-2020 | J44: C | L44: =IF(AND(ISNUMBER(OFFSET($F$1,MATCH(MAX($J$1:$J44),$J$1:$J44,0)-1,0)),ISNUMBER(F44),INDEX($M$1:$M44,MATCH("ZZZZ",$M$1:$M44))="Sim"),"F","") -> F
C45: E002 | D45: =IF(C45<>"",VLOOKUP(C45,EMPRESAS,3,FALSE()),"") -> Tecsus engenharia | F45: 975.69 | H45: 17-06-2020 | J45: C | L45: =IF(AND(ISNUMBER(OFFSET($F$1,MATCH(MAX($J$1:$J45),$J$1:$J45,0)-1,0)),ISNUMBER(F45),INDEX($M$1:$M45,MATCH("ZZZZ",$M$1:$M45))="Sim"),"F","") -> F
C46: E003 | D46: =IF(C46<>"",VLOOKUP(C46,EMPRESAS,3,FALSE()),"") -> Acqua Chafarizes | F46: 931.74 | H46: 16-06-2020 | J46: C | L46: =IF(AND(ISNUMBER(OFFSET($F$1,MATCH(MAX($J$1:$J46),$J$1:$J46,0)-1,0)),ISNUMBER(F46),INDEX($M$1:$M46,MATCH("ZZZZ",$M$1:$M46))="Sim"),"F","") -> F
D47: =IF(C47<>"",VLOOKUP(C47,EMPRESAS,3,FALSE()),"") | J47: C | L47: =IF(AND(ISNUMBER(OFFSET($F$1,MATCH(MAX($J$1:$J47),$J$1:$J47,0)-1,0)),ISNUMBER(F47),INDEX($M$1:$M47,MATCH("ZZZZ",$M$1:$M47))="Sim"),"F","")
D48: =IF(C48<>"",VLOOKUP(C48,EMPRESAS,3,FALSE()),"") | J48: C | L48: =IF(AND(ISNUMBER(OFFSET($F$1,MATCH(MAX($J$1:$J48),$J$1:$J48,0)-1,0)),ISNUMBER(F48),INDEX($M$1:$M48,MATCH("ZZZZ",$M$1:$M48))="Sim"),"F","")
C49: OBSERVAÇÕES: | L49: =IF(AND(ISNUMBER(F42),M42="Sim"),"F","") -> F
L50: =IF(AND(ISNUMBER(F42),M42="Sim"),"F","") -> F
B51: FONTE | C51: CÓDIGO | D51: DESCRIÇÃO | E51: UNIDADE | F51: =CHOOSE($K$3,"MEDIANA","MÉDIA")&IF(H52="",""," RETROAGIDA") -> MEDIANA | H51: ÍNDICE RETROAÇÃO | L51: =IF(AND(ISNUMBER(F52),M52="Sim"),"F","") -> F
A52: =CONCATENAR -> COTAÇÃO 200.01.03 | B52: COTAÇÃO | C52: 200.01.03 | D52: FornecimentoeInstalaçãodeBicoVulcanoArticuladocom230mmdecomprimentoentradade11/2"esaídadeáguade5/8",fabricadoemlatãocromadoepolipropileno,comsistemadearticulação,paraformação de efeito d'água em vertical. (Atingindo altura de 4,00 metros). | E52: un. | F52: =CHOOSE($K$3,MEDIAN(OFFSET(F53,1,0,ROW(C59)-ROW(C53)-1)),AVERAGE(OFFSET(F53,1,0,ROW(C59)-ROW(C53)-1)))*IF(H52="",1,VLOOKUP(H52,INDICES,8)) -> 834.22 | J52: =COUNTA($A$1:$A52)-1 -> 3 | K52: =ROW(C59)-ROW(C53)-1 -> 5 | L52: =IF(AND(ISNUMBER(F52),M52="Sim"),"F","") -> F | M52: Sim
C53: EMPRESA | D53: NOME DA EMPRESA | F53: COTAÇÕES | H53: DATA COTAÇÃO | J53: C | L53: =IF(AND(ISNUMBER(F52),M52="Sim"),"F","") -> F
C54: E001 | D54: =IF(C54<>"",VLOOKUP(C54,EMPRESAS,3,FALSE()),"") -> Petro Fontes | F54: 787 | H54: 15-06-2020 | J54: C | L54: =IF(AND(ISNUMBER(OFFSET($F$1,MATCH(MAX($J$1:$J54),$J$1:$J54,0)-1,0)),ISNUMBER(F54),INDEX($M$1:$M54,MATCH("ZZZZ",$M$1:$M54))="Sim"),"F","") -> F
C55: E002 | D55: =IF(C55<>"",VLOOKUP(C55,EMPRESAS,3,FALSE()),"") -> Tecsus engenharia | F55: 873.57 | H55: 17-06-2020 | J55: C | L55: =IF(AND(ISNUMBER(OFFSET($F$1,MATCH(MAX($J$1:$J55),$J$1:$J55,0)-1,0)),ISNUMBER(F55),INDEX($M$1:$M55,MATCH("ZZZZ",$M$1:$M55))="Sim"),"F","") -> F
C56: E003 | D56: =IF(C56<>"",VLOOKUP(C56,EMPRESAS,3,FALSE()),"") -> Acqua Chafarizes | F56: 834.22 | H56: 16-06-2020 | J56: C | L56: =IF(AND(ISNUMBER(OFFSET($F$1,MATCH(MAX($J$1:$J56),$J$1:$J56,0)-1,0)),ISNUMBER(F56),INDEX($M$1:$M56,MATCH("ZZZZ",$M$1:$M56))="Sim"),"F","") -> F
D57: =IF(C57<>"",VLOOKUP(C57,EMPRESAS,3,FALSE()),"") | J57: C | L57: =IF(AND(ISNUMBER(OFFSET($F$1,MATCH(MAX($J$1:$J57),$J$1:$J57,0)-1,0)),ISNUMBER(F57),INDEX($M$1:$M57,MATCH("ZZZZ",$M$1:$M57))="Sim"),"F","")
D58: =IF(C58<>"",VLOOKUP(C58,EMPRESAS,3,FALSE()),"") | J58: C | L58: =IF(AND(ISNUMBER(OFFSET($F$1,MATCH(MAX($J$1:$J58),$J$1:$J58,0)-1,0)),ISNUMBER(F58),INDEX($M$1:$M58,MATCH("ZZZZ",$M$1:$M58))="Sim"),"F","")
C59: OBSERVAÇÕES: | L59: =IF(AND(ISNUMBER(F52),M52="Sim"),"F","") -> F
L60: =IF(AND(ISNUMBER(F52),M52="Sim"),"F","") -> F
B61: FONTE | C61: CÓDIGO | D61: DESCRIÇÃO | E61: UNIDADE | F61: =CHOOSE($K$3,"MEDIANA","MÉDIA")&IF(H62="",""," RETROAGIDA") -> MEDIANA | H61: ÍNDICE RETROAÇÃO | L61: =IF(AND(ISNUMBER(F62),M62="Sim"),"F","") -> F
A62: =CONCATENAR -> COTAÇÃO 200.01.04 | B62: COTAÇÃO | C62: 200.01.04 | D62: FornecimentoeInstalaçãodeProjetoresdeluzSubaquáticostipoLed,parailuminaçãodosEfeitosdeágua, fabricado em aço inox e termoplástico com troca de cores e sistema de sincronismo. | E62: un. | F62: =CHOOSE($K$3,MEDIAN(OFFSET(F63,1,0,ROW(C69)-ROW(C63)-1)),AVERAGE(OFFSET(F63,1,0,ROW(C69)-ROW(C63)-1)))*IF(H62="",1,VLOOKUP(H62,INDICES,8)) -> 931.74 | J62: =COUNTA($A$1:$A62)-1 -> 4 | K62: =ROW(C69)-ROW(C63)-1 -> 5 | L62: =IF(AND(ISNUMBER(F62),M62="Sim"),"F","") -> F | M62: Sim
C63: EMPRESA | D63: NOME DA EMPRESA | F63: COTAÇÕES | H63: DATA COTAÇÃO | J63: C | L63: =IF(AND(ISNUMBER(F62),M62="Sim"),"F","") -> F
C64: E001 | D64: =IF(C64<>"",VLOOKUP(C64,EMPRESAS,3,FALSE()),"") -> Petro Fontes | F64: 879 | H64: 15-06-2020 | J64: C | L64: =IF(AND(ISNUMBER(OFFSET($F$1,MATCH(MAX($J$1:$J64),$J$1:$J64,0)-1,0)),ISNUMBER(F64),INDEX($M$1:$M64,MATCH("ZZZZ",$M$1:$M64))="Sim"),"F","") -> F
C65: E002 | D65: =IF(C65<>"",VLOOKUP(C65,EMPRESAS,3,FALSE()),"") -> Tecsus engenharia | F65: 975.69 | H65: 17-06-2020 | J65: C | L65: =IF(AND(ISNUMBER(OFFSET($F$1,MATCH(MAX($J$1:$J65),$J$1:$J65,0)-1,0)),ISNUMBER(F65),INDEX($M$1:$M65,MATCH("ZZZZ",$M$1:$M65))="Sim"),"F","") -> F
C66: E003 | D66: =IF(C66<>"",VLOOKUP(C66,EMPRESAS,3,FALSE()),"") -> Acqua Chafarizes | F66: 931.74 | H66: 16-06-2020 | J66: C | L66: =IF(AND(ISNUMBER(OFFSET($F$1,MATCH(MAX($J$1:$J66),$J$1:$J66,0)-1,0)),ISNUMBER(F66),INDEX($M$1:$M66,MATCH("ZZZZ",$M$1:$M66))="Sim"),"F","") -> F
D67: =IF(C67<>"",VLOOKUP(C67,EMPRESAS,3,FALSE()),"") | J67: C | L67: =IF(AND(ISNUMBER(OFFSET($F$1,MATCH(MAX($J$1:$J67),$J$1:$J67,0)-1,0)),ISNUMBER(F67),INDEX($M$1:$M67,MATCH("ZZZZ",$M$1:$M67))="Sim"),"F","")
D68: =IF(C68<>"",VLOOKUP(C68,EMPRESAS,3,FALSE()),"") | J68: C | L68: =IF(AND(ISNUMBER(OFFSET($F$1,MATCH(MAX($J$1:$J68),$J$1:$J68,0)-1,0)),ISNUMBER(F68),INDEX($M$1:$M68,MATCH("ZZZZ",$M$1:$M68))="Sim"),"F","")
C69: OBSERVAÇÕES: | L69: =IF(AND(ISNUMBER(F62),M62="Sim"),"F","") -> F
L70: =IF(AND(ISNUMBER(F62),M62="Sim"),"F","") -> F
B71: FONTE | C71: CÓDIGO | D71: DESCRIÇÃO | E71: UNIDADE | F71: =CHOOSE($K$3,"MEDIANA","MÉDIA")&IF(H72="",""," RETROAGIDA") -> MEDIANA | H71: ÍNDICE RETROAÇÃO | L71: =IF(AND(ISNUMBER(F72),M72="Sim"),"F","") -> F
A72: =CONCATENAR -> COTAÇÃO 200.01.05 | B72: COTAÇÃO | C72: 200.01.05 | D72: FornecimentoeInstalaçãodeBicotipoDistribuidordeÁgua,paraefeitod'água,fabricadoemlatãocromado, com sistema de distribuição, para formação de efeito cascata. | E72: un. | F72: =CHOOSE($K$3,MEDIAN(OFFSET(F73,1,0,ROW(C79)-ROW(C73)-1)),AVERAGE(OFFSET(F73,1,0,ROW(C79)-ROW(C73)-1)))*IF(H72="",1,VLOOKUP(H72,INDICES,8)) -> 507.74 | J72: =COUNTA($A$1:$A72)-1 -> 5 | K72: =ROW(C79)-ROW(C73)-1 -> 5 | L72: =IF(AND(ISNUMBER(F72),M72="Sim"),"F","") -> F | M72: Sim
C73: EMPRESA | D73: NOME DA EMPRESA | F73: COTAÇÕES | H73: DATA COTAÇÃO | J73: C | L73: =IF(AND(ISNUMBER(F72),M72="Sim"),"F","") -> F
C74: E001 | D74: =IF(C74<>"",VLOOKUP(C74,EMPRESAS,3,FALSE()),"") -> Petro Fontes | F74: 479 | H74: 15-06-2020 | J74: C | L74: =IF(AND(ISNUMBER(OFFSET($F$1,MATCH(MAX($J$1:$J74),$J$1:$J74,0)-1,0)),ISNUMBER(F74),INDEX($M$1:$M74,MATCH("ZZZZ",$M$1:$M74))="Sim"),"F","") -> F
C75: E002 | D75: =IF(C75<>"",VLOOKUP(C75,EMPRESAS,3,FALSE()),"") -> Tecsus engenharia | F75: 531.69 | H75: 17-06-2020 | J75: C | L75: =IF(AND(ISNUMBER(OFFSET($F$1,MATCH(MAX($J$1:$J75),$J$1:$J75,0)-1,0)),ISNUMBER(F75),INDEX($M$1:$M75,MATCH("ZZZZ",$M$1:$M75))="Sim"),"F","") -> F
C76: E003 | D76: =IF(C76<>"",VLOOKUP(C76,EMPRESAS,3,FALSE()),"") -> Acqua Chafarizes | F76: 507.74 | H76: 16-06-2020 | J76: C | L76: =IF(AND(ISNUMBER(OFFSET($F$1,MATCH(MAX($J$1:$J76),$J$1:$J76,0)-1,0)),ISNUMBER(F76),INDEX($M$1:$M76,MATCH("ZZZZ",$M$1:$M76))="Sim"),"F","") -> F
D77: =IF(C77<>"",VLOOKUP(C77,EMPRESAS,3,FALSE()),"") | J77: C | L77: =IF(AND(ISNUMBER(OFFSET($F$1,MATCH(MAX($J$1:$J77),$J$1:$J77,0)-1,0)),ISNUMBER(F77),INDEX($M$1:$M77,MATCH("ZZZZ",$M$1:$M77))="Sim"),"F","")
D78: =IF(C78<>"",VLOOKUP(C78,EMPRESAS,3,FALSE()),"") | J78: C | L78: =IF(AND(ISNUMBER(OFFSET($F$1,MATCH(MAX($J$1:$J78),$J$1:$J78,0)-1,0)),ISNUMBER(F78),INDEX($M$1:$M78,MATCH("ZZZZ",$M$1:$M78))="Sim"),"F","")
C79: OBSERVAÇÕES: | L79: =IF(AND(ISNUMBER(F72),M72="Sim"),"F","") -> F
L80: =IF(AND(ISNUMBER(F72),M72="Sim"),"F","") -> F
B81: FONTE | C81: CÓDIGO | D81: DESCRIÇÃO | E81: UNIDADE | F81: =CHOOSE($K$3,"MEDIANA","MÉDIA")&IF(H82="",""," RETROAGIDA") -> MEDIANA | H81: ÍNDICE RETROAÇÃO | L81: =IF(AND(ISNUMBER(F82),M82="Sim"),"F","") -> F
A82: =CONCATENAR -> COTAÇÃO 200.01.06 | B82: COTAÇÃO | C82: 200.01.06 | D82: FornecimentoeInstalaçãodeProjetoresdeluzSubaquáticostipoLed,parailuminaçãodosEfeitosdeágua, fabricado em aço inox e termoplástico com troca de cores e sistema de sincronismo. | E82: un. | F82: =CHOOSE($K$3,MEDIAN(OFFSET(F83,1,0,ROW(C89)-ROW(C83)-1)),AVERAGE(OFFSET(F83,1,0,ROW(C89)-ROW(C83)-1)))*IF(H82="",1,VLOOKUP(H82,INDICES,8)) -> 931.74 | J82: =COUNTA($A$1:$A82)-1 -> 6 | K82: =ROW(C89)-ROW(C83)-1 -> 5 | L82: =IF(AND(ISNUMBER(F82),M82="Sim"),"F","") -> F | M82: Sim
C83: EMPRESA | D83: NOME DA EMPRESA | F83: COTAÇÕES | H83: DATA COTAÇÃO | J83: C | L83: =IF(AND(ISNUMBER(F82),M82="Sim"),"F","") -> F
C84: E001 | D84: =IF(C84<>"",VLOOKUP(C84,EMPRESAS,3,FALSE()),"") -> Petro Fontes | F84: 879 | H84: 15-06-2020 | J84: C | L84: =IF(AND(ISNUMBER(OFFSET($F$1,MATCH(MAX($J$1:$J84),$J$1:$J84,0)-1,0)),ISNUMBER(F84),INDEX($M$1:$M84,MATCH("ZZZZ",$M$1:$M84))="Sim"),"F","") -> F
C85: E002 | D85: =IF(C85<>"",VLOOKUP(C85,EMPRESAS,3,FALSE()),"") -> Tecsus engenharia | F85: 975.69 | H85: 17-06-2020 | J85: C | L85: =IF(AND(ISNUMBER(OFFSET($F$1,MATCH(MAX($J$1:$J85),$J$1:$J85,0)-1,0)),ISNUMBER(F85),INDEX($M$1:$M85,MATCH("ZZZZ",$M$1:$M85))="Sim"),"F","") -> F
C86: E003 | D86: =IF(C86<>"",VLOOKUP(C86,EMPRESAS,3,FALSE()),"") -> Acqua Chafarizes | F86: 931.74 | H86: 16-06-2020 | J86: C | L86: =IF(AND(ISNUMBER(OFFSET($F$1,MATCH(MAX($J$1:$J86),$J$1:$J86,0)-1,0)),ISNUMBER(F86),INDEX($M$1:$M86,MATCH("ZZZZ",$M$1:$M86))="Sim"),"F","") -> F
D87: =IF(C87<>"",VLOOKUP(C87,EMPRESAS,3,FALSE()),"") | J87: C | L87: =IF(AND(ISNUMBER(OFFSET($F$1,MATCH(MAX($J$1:$J87),$J$1:$J87,0)-1,0)),ISNUMBER(F87),INDEX($M$1:$M87,MATCH("ZZZZ",$M$1:$M87))="Sim"),"F","")
D88: =IF(C88<>"",VLOOKUP(C88,EMPRESAS,3,FALSE()),"") | J88: C | L88: =IF(AND(ISNUMBER(OFFSET($F$1,MATCH(MAX($J$1:$J88),$J$1:$J88,0)-1,0)),ISNUMBER(F88),INDEX($M$1:$M88,MATCH("ZZZZ",$M$1:$M88))="Sim"),"F","")
C89: OBSERVAÇÕES: | L89: =IF(AND(ISNUMBER(F82),M82="Sim"),"F","") -> F
L90: =IF(AND(ISNUMBER(F82),M82="Sim"),"F","") -> F
B91: FONTE | C91: CÓDIGO | D91: DESCRIÇÃO | E91: UNIDADE | F91: =CHOOSE($K$3,"MEDIANA","MÉDIA")&IF(H92="",""," RETROAGIDA") -> MEDIANA | H91: ÍNDICE RETROAÇÃO | L91: =IF(AND(ISNUMBER(F92),M92="Sim"),"F","") -> F
A92: =CONCATENAR -> COTAÇÃO 200.01.07 | B92: COTAÇÃO | C92: 200.01.07 | D92: FornecimentoeInstalaçãodeConjuntomoto-bomba,compostoporummotorelétricotrifásico,tensãonominalde220/380Veumabombacentrífugavedadacomselomecânico,paraserviçocontínuodevazão e pressão adequadas para função. | E92: un. | F92: =CHOOSE($K$3,MEDIAN(OFFSET(F93,1,0,ROW(C99)-ROW(C93)-1)),AVERAGE(OFFSET(F93,1,0,ROW(C99)-ROW(C93)-1)))*IF(H92="",1,VLOOKUP(H92,INDICES,8)) -> 5777 | J92: =COUNTA($A$1:$A92)-1 -> 7 | K92: =ROW(C99)-ROW(C93)-1 -> 5 | L92: =IF(AND(ISNUMBER(F92),M92="Sim"),"F","") -> F | M92: Sim
C93: EMPRESA | D93: NOME DA EMPRESA | F93: COTAÇÕES | H93: DATA COTAÇÃO | J93: C | L93: =IF(AND(ISNUMBER(F92),M92="Sim"),"F","") -> F
C94: E001 | D94: =IF(C94<>"",VLOOKUP(C94,EMPRESAS,3,FALSE()),"") -> Petro Fontes | F94: 5450 | H94: 15-06-2020 | J94: C | L94: =IF(AND(ISNUMBER(OFFSET($F$1,MATCH(MAX($J$1:$J94),$J$1:$J94,0)-1,0)),ISNUMBER(F94),INDEX($M$1:$M94,MATCH("ZZZZ",$M$1:$M94))="Sim"),"F","") -> F
C95: E002 | D95: =IF(C95<>"",VLOOKUP(C95,EMPRESAS,3,FALSE()),"") -> Tecsus engenharia | F95: 6049.5 | H95: 17-06-2020 | J95: C | L95: =IF(AND(ISNUMBER(OFFSET($F$1,MATCH(MAX($J$1:$J95),$J$1:$J95,0)-1,0)),ISNUMBER(F95),INDEX($M$1:$M95,MATCH("ZZZZ",$M$1:$M95))="Sim"),"F","") -> F
C96: E003 | D96: =IF(C96<>"",VLOOKUP(C96,EMPRESAS,3,FALSE()),"") -> Acqua Chafarizes | F96: 5777 | H96: 16-06-2020 | J96: C | L96: =IF(AND(ISNUMBER(OFFSET($F$1,MATCH(MAX($J$1:$J96),$J$1:$J96,0)-1,0)),ISNUMBER(F96),INDEX($M$1:$M96,MATCH("ZZZZ",$M$1:$M96))="Sim"),"F","") -> F
D97: =IF(C97<>"",VLOOKUP(C97,EMPRESAS,3,FALSE()),"") | J97: C | L97: =IF(AND(ISNUMBER(OFFSET($F$1,MATCH(MAX($J$1:$J97),$J$1:$J97,0)-1,0)),ISNUMBER(F97),INDEX($M$1:$M97,MATCH("ZZZZ",$M$1:$M97))="Sim"),"F","")
D98: =IF(C98<>"",VLOOKUP(C98,EMPRESAS,3,FALSE()),"") | J98: C | L98: =IF(AND(ISNUMBER(OFFSET($F$1,MATCH(MAX($J$1:$J98),$J$1:$J98,0)-1,0)),ISNUMBER(F98),INDEX($M$1:$M98,MATCH("ZZZZ",$M$1:$M98))="Sim"),"F","")
C99: OBSERVAÇÕES: | L99: =IF(AND(ISNUMBER(F92),M92="Sim"),"F","") -> F
L100: =IF(AND(ISNUMBER(F92),M92="Sim"),"F","") -> F
B101: FONTE | C101: CÓDIGO | D101: DESCRIÇÃO | E101: UNIDADE | F101: =CHOOSE($K$3,"MEDIANA","MÉDIA")&IF(H102="",""," RETROAGIDA") -> MEDIANA | H101: ÍNDICE RETROAÇÃO | L101: =IF(AND(ISNUMBER(F102),M102="Sim"),"F","") -> F
A102: =CONCATENAR -> COTAÇÃO 200.02.01 | B102: COTAÇÃO | C102: 200.02.01 | D102: FornecimentoeInstalaçãodeBicoVulcanoArticuladocom230mmdecomprimentoentradade11/2"esaídadeáguade5/8",fabricadoemlatãocromadoepolipropileno,comsistemadearticulação,paraformação de efeito d'água em vertical. (Atingindo altura de 1,50 a 2,50 metros). | E102: un. | F102: =CHOOSE($K$3,MEDIAN(OFFSET(F103,1,0,ROW(C109)-ROW(C103)-1)),AVERAGE(OFFSET(F103,1,0,ROW(C109)-ROW(C103)-1)))*IF(H102="",1,VLOOKUP(H102,INDICES,8)) -> 834.22 | J102: =COUNTA($A$1:$A102)-1 -> 8 | K102: =ROW(C109)-ROW(C103)-1 -> 5 | L102: =IF(AND(ISNUMBER(F102),M102="Sim"),"F","") -> F | M102: Sim
C103: EMPRESA | D103: NOME DA EMPRESA | F103: COTAÇÕES | H103: DATA COTAÇÃO | J103: C | L103: =IF(AND(ISNUMBER(F102),M102="Sim"),"F","") -> F
C104: E001 | D104: =IF(C104<>"",VLOOKUP(C104,EMPRESAS,3,FALSE()),"") -> Petro Fontes | F104: 787 | H104: 15-06-2020 | J104: C | L104: =IF(AND(ISNUMBER(OFFSET($F$1,MATCH(MAX($J$1:$J104),$J$1:$J104,0)-1,0)),ISNUMBER(F104),INDEX($M$1:$M104,MATCH("ZZZZ",$M$1:$M104))="Sim"),"F","") -> F
C105: E002 | D105: =IF(C105<>"",VLOOKUP(C105,EMPRESAS,3,FALSE()),"") -> Tecsus engenharia | F105: 873.57 | H105: 17-06-2020 | J105: C | L105: =IF(AND(ISNUMBER(OFFSET($F$1,MATCH(MAX($J$1:$J105),$J$1:$J105,0)-1,0)),ISNUMBER(F105),INDEX($M$1:$M105,MATCH("ZZZZ",$M$1:$M105))="Sim"),"F","") -> F
...

Sheet COMP CAIXA
B1: COMPOSIÇÕES
I4: CUSTO UNIT | J4: CUSTO UNIT
B5: =OFFSET('COMP CAIXA'!$A$1,MATCH(COUNTIF($H$1:$H5,"Composições"),'COMP CAIXA'!$K:$K,0)-1,COLUMN([1]Banco!B$6)-1) -> COMPOSIÇÃO | C5: =OFFSET('COMP CAIXA'!$A$1,MATCH(COUNTIF($H$1:$H5,"Composições"),'COMP CAIXA'!$K:$K,0)-1,COLUMN([1]Banco!C$6)-1) -> comp 1 | D5: =IF(COUNTIF(OFFSET([1]Banco!$A$6,1,0,NCOMPOSICOES),$A5)>1,"CÓDIGO REPETIDO",OFFSET('COMP CAIXA'!$A$1,MATCH(COUNTIF($H$1:$H5,"Composições"),'COMP CAIXA'!$K:$K,0)-1,COLUMN([1]Banco!D$6)-1)) -> #VALUE! | E5: =OFFSET('COMP CAIXA'!$A$1,MATCH(COUNTIF($H$1:$H5,"Composições"),'COMP CAIXA'!$K:$K,0)-1,COLUMN([1]Banco!E$6)-1) -> un. | F5: =OFFSET('COMP CAIXA'!$A$1,MATCH(COUNTIF($H$1:$H5,"Composições"),'COMP CAIXA'!$K:$K,0)-1,COLUMN([1]Banco!F$6)-1) -> #VALUE! | G5: =OFFSET('COMP CAIXA'!$A$1,MATCH(COUNTIF($H$1:$H5,"Composições"),'COMP CAIXA'!$K:$K,0)-1,COLUMN([1]Banco!G$6)-1) -> #VALUE! | H5: Composições
A7: =CONCATENAR | F7: =IF($L7>0,SUM(OFFSET(F7,1,0,$L7),0)) -> 0 | G7: =IF($L7>0,SUM(OFFSET(G7,1,0,$L7),0)) -> 0 | I7: =IF(ISERROR(F7),0,F7) -> 0 | J7: =IF(ISERROR(G7),0,G7) -> 0 | K7: =COUNTA($A$1:$A7)-1 -> 0 | L7: =IF(MAX(K:K)=K7,MATCH(9999999,$K:$K)+1,MATCH(K7+1,K:K,0))-ROW(L7)-2 -> 2 | M7: =IF(AND(OR(I7<>0,J7<>0),N7="Sim"),"F","") | N7: Sim
D8: =IF(ISNUMBER($L8),OFFSET([1]Banco!$A$1,'COMP CAIXA'!$L8-1,COLUMN('COMP CAIXA'!D8)-1),"") | E8: =IF(ISNUMBER($L8),OFFSET([1]Banco!$A$1,'COMP CAIXA'!$L8-1,COLUMN('COMP CAIXA'!E8)-1),"") | F8: =TRUNC($H8*ROUND(I8,2),2) -> 0 | G8: =TRUNC($H8*ROUND(J8,2),2) -> 0 | I8: =IF(ISNUMBER($L8),VALUE(OFFSET([1]Banco!$A$1,'COMP CAIXA'!$L8-1,COLUMN('COMP CAIXA'!I8)-4)),0) -> 0 | J8: =IF(ISNUMBER($L8),VALUE(OFFSET([1]Banco!$A$1,'COMP CAIXA'!$L8-1,COLUMN('COMP CAIXA'!J8)-4)),0) -> 0 | K8: =COUNTA($A$1:$A8)-1 -> 0 | L8: =MATCH(CONCATENAR,[1]Banco!$A:$A,0) -> #N/A | M8: =IF(OR(ISERROR(L8),H8="",H8=0),"",OFFSET($M$1,MATCH(K8,$K$1:$K8,0)-1,0))
K9: =COUNTA($A$1:$A9)-1 -> 0 | M9: =IF(OFFSET($M$1,MATCH(OFFSET(K9,-1,0),$K$1:$K9,0)-1,0)="F","F","")
B10: FONTE | C10: CÓDIGO | D10: DESCRIÇÃO | E10: UNIDADE | H10: COEFIC. | I10: DESONERADO | J10: NÃO DESONER. | M10: FILTRO | N10: IMPRIMIR
A11: =CONCATENAR -> COMPOSIÇÃO comp 1 | B11: COMPOSIÇÃO | C11: comp 1 | D11: Guia rebaixada modelo 1 | E11: un. | F11: =IF($L11>0,SUM(OFFSET(F11,1,0,$L11),0)) -> #VALUE! | G11: =IF($L11>0,SUM(OFFSET(G11,1,0,$L11),0)) -> #VALUE! | I11: =IF(ISERROR(F11),0,F11) -> 0 | J11: =IF(ISERROR(G11),0,G11) -> 0 | K11: =COUNTA($A$1:$A11)-1 -> 1 | L11: =IF(MAX(K:K)=K11,MATCH(9999999,$K:$K)+1,MATCH(K11+1,K:K,0))-ROW(L11)-2 -> 10 | M11: =IF(AND(OR(I11<>0,J11<>0),N11="Sim"),"F","") | N11: Sim
B12: CPOS-176D | C12: 11.20.050 | D12: =IF(ISNUMBER($L12),OFFSET([1]Banco!$A$1,'COMP CAIXA'!$L12-1,COLUMN('COMP CAIXA'!D12)-1),"") -> #VALUE! | E12: =IF(ISNUMBER($L12),OFFSET([1]Banco!$A$1,'COMP CAIXA'!$L12-1,COLUMN('COMP CAIXA'!E12)-1),"") -> #VALUE! | F12: =TRUNC($H12*ROUND(I12,2),2) -> #VALUE! | G12: =TRUNC($H12*ROUND(J12,2),2) -> #VALUE! | H12: 4 | I12: =IF(ISNUMBER($L12),VALUE(OFFSET([1]Banco!$A$1,'COMP CAIXA'!$L12-1,COLUMN('COMP CAIXA'!I12)-4)),0) -> #VALUE! | J12: =IF(ISNUMBER($L12),VALUE(OFFSET([1]Banco!$A$1,'COMP CAIXA'!$L12-1,COLUMN('COMP CAIXA'!J12)-4)),0) -> #VALUE! | K12: =COUNTA($A$1:$A12)-1 -> 1 | L12: =MATCH(CONCATENAR,[1]Banco!$A:$A,0) -> 12960 | M12: =IF(OR(ISERROR($L12),$H12="",$H12=0),"",OFFSET(M$1,MATCH($K12,$K$1:$K12,0)-1,0))
B13: CPOS-176D | C13: 03.01.020 | D13: =IF(ISNUMBER($L13),OFFSET([1]Banco!$A$1,'COMP CAIXA'!$L13-1,COLUMN('COMP CAIXA'!D13)-1),"") -> #VALUE! | E13: =IF(ISNUMBER($L13),OFFSET([1]Banco!$A$1,'COMP CAIXA'!$L13-1,COLUMN('COMP CAIXA'!E13)-1),"") -> #VALUE! | F13: =TRUNC($H13*ROUND(I13,2),2) -> #VALUE! | G13: =TRUNC($H13*ROUND(J13,2),2) -> #VALUE! | H13: =16.45*0.1 -> 1.645 | I13: =IF(ISNUMBER($L13),VALUE(OFFSET([1]Banco!$A$1,'COMP CAIXA'!$L13-1,COLUMN('COMP CAIXA'!I13)-4)),0) -> #VALUE! | J13: =IF(ISNUMBER($L13),VALUE(OFFSET([1]Banco!$A$1,'COMP CAIXA'!$L13-1,COLUMN('COMP CAIXA'!J13)-4)),0) -> #VALUE! | K13: =COUNTA($A$1:$A13)-1 -> 1 | L13: =MATCH(CONCATENAR,[1]Banco!$A:$A,0) -> 12525 | M13: =IF(OR(ISERROR($L13),$H13="",$H13=0),"",OFFSET(M$1,MATCH($K13,$K$1:$K13,0)-1,0))
B14: SINAPI | C14: 72897 | D14: =IF(ISNUMBER($L14),OFFSET([1]Banco!$A$1,'COMP CAIXA'!$L14-1,COLUMN('COMP CAIXA'!D14)-1),"") -> #VALUE! | E14: =IF(ISNUMBER($L14),OFFSET([1]Banco!$A$1,'COMP CAIXA'!$L14-1,COLUMN('COMP CAIXA'!E14)-1),"") -> #VALUE! | F14: =TRUNC($H14*ROUND(I14,2),2) -> #VALUE! | G14: =TRUNC($H14*ROUND(J14,2),2) -> #VALUE! | H14: 1.645 | I14: =IF(ISNUMBER($L14),VALUE(OFFSET([1]Banco!$A$1,'COMP CAIXA'!$L14-1,COLUMN('COMP CAIXA'!I14)-4)),0) -> #VALUE! | J14: =IF(ISNUMBER($L14),VALUE(OFFSET([1]Banco!$A$1,'COMP CAIXA'!$L14-1,COLUMN('COMP CAIXA'!J14)-4)),0) -> #VALUE! | K14: =COUNTA($A$1:$A14)-1 -> 1 | L14: =MATCH(CONCATENAR,[1]Banco!$A:$A,0) -> 4970 | M14: =IF(OR(ISERROR($L14),$H14="",$H14=0),"",OFFSET(M$1,MATCH($K14,$K$1:$K14,0)-1,0))
B15: SINAPI | C15: 95156 | D15: =IF(ISNUMBER($L15),OFFSET([1]Banco!$A$1,'COMP CAIXA'!$L15-1,COLUMN('COMP CAIXA'!D15)-1),"") -> #VALUE! | E15: =IF(ISNUMBER($L15),OFFSET([1]Banco!$A$1,'COMP CAIXA'!$L15-1,COLUMN('COMP CAIXA'!E15)-1),"") -> #VALUE! | F15: =TRUNC($H15*ROUND(I15,2),2) -> #VALUE! | G15: =TRUNC($H15*ROUND(J15,2),2) -> #VALUE! | H15: 7.6 | I15: =IF(ISNUMBER($L15),VALUE(OFFSET([1]Banco!$A$1,'COMP CAIXA'!$L15-1,COLUMN('COMP CAIXA'!I15)-4)),0) -> #VALUE! | J15: =IF(ISNUMBER($L15),VALUE(OFFSET([1]Banco!$A$1,'COMP CAIXA'!$L15-1,COLUMN('COMP CAIXA'!J15)-4)),0) -> #VALUE! | K15: =COUNTA($A$1:$A15)-1 -> 1 | L15: =MATCH(CONCATENAR,[1]Banco!$A:$A,0) -> 6534 | M15: =IF(OR(ISERROR($L15),$H15="",$H15=0),"",OFFSET(M$1,MATCH($K15,$K$1:$K15,0)-1,0))
B16: SINAPI | C16: 94992 | D16: =IF(ISNUMBER($L16),OFFSET([1]Banco!$A$1,'COMP CAIXA'!$L16-1,COLUMN('COMP CAIXA'!D16)-1),"") -> #VALUE! | E16: =IF(ISNUMBER($L16),OFFSET([1]Banco!$A$1,'COMP CAIXA'!$L16-1,COLUMN('COMP CAIXA'!E16)-1),"") -> #VALUE! | F16: =TRUNC($H16*ROUND(I16,2),2) -> #VALUE! | G16: =TRUNC($H16*ROUND(J16,2),2) -> #VALUE! | H16: 16.45 | I16: =IF(ISNUMBER($L16),VALUE(OFFSET([1]Banco!$A$1,'COMP CAIXA'!$L16-1,COLUMN('COMP CAIXA'!I16)-4)),0) -> #VALUE! | J16: =IF(ISNUMBER($L16),VALUE(OFFSET([1]Banco!$A$1,'COMP CAIXA'!$L16-1,COLUMN('COMP CAIXA'!J16)-4)),0) -> #VALUE! | K16: =COUNTA($A$1:$A16)-1 -> 1 | L16: =MATCH(CONCATENAR,[1]Banco!$A:$A,0) -> 5472 | M16: =IF(OR(ISERROR($L16),$H16="",$H16=0),"",OFFSET(M$1,MATCH($K16,$K$1:$K16,0)-1,0))
B17: SINAPI | C17: 99358 | D17: =IF(ISNUMBER($L17),OFFSET([1]Banco!$A$1,'COMP CAIXA'!$L17-1,COLUMN('COMP CAIXA'!D17)-1),"") -> #VALUE! | E17: =IF(ISNUMBER($L17),OFFSET([1]Banco!$A$1,'COMP CAIXA'!$L17-1,COLUMN('COMP CAIXA'!E17)-1),"") -> #VALUE! | F17: =TRUNC($H17*ROUND(I17,2),2) -> #VALUE! | G17: =TRUNC($H17*ROUND(J17,2),2) -> #VALUE! | H17: 1.38 | I17: =IF(ISNUMBER($L17),VALUE(OFFSET([1]Banco!$A$1,'COMP CAIXA'!$L17-1,COLUMN('COMP CAIXA'!I17)-4)),0) -> #VALUE! | J17: =IF(ISNUMBER($L17),VALUE(OFFSET([1]Banco!$A$1,'COMP CAIXA'!$L17-1,COLUMN('COMP CAIXA'!J17)-4)),0) -> #VALUE! | K17: =COUNTA($A$1:$A17)-1 -> 1 | L17: =MATCH(CONCATENAR,[1]Banco!$A:$A,0) -> 6729 | M17: =IF(OR(ISERROR($L17),$H17="",$H17=0),"",OFFSET(M$1,MATCH($K17,$K$1:$K17,0)-1,0))
D18: =IF(ISNUMBER($L18),OFFSET([1]Banco!$A$1,'COMP CAIXA'!$L18-1,COLUMN('COMP CAIXA'!D18)-1),"") | E18: =IF(ISNUMBER($L18),OFFSET([1]Banco!$A$1,'COMP CAIXA'!$L18-1,COLUMN('COMP CAIXA'!E18)-1),"") | F18: =TRUNC($H18*ROUND(I18,2),2) -> 0 | G18: =TRUNC($H18*ROUND(J18,2),2) -> 0 | H18: 0 | I18: =IF(ISNUMBER($L18),VALUE(OFFSET([1]Banco!$A$1,'COMP CAIXA'!$L18-1,COLUMN('COMP CAIXA'!I18)-4)),0) -> 0 | J18: =IF(ISNUMBER($L18),VALUE(OFFSET([1]Banco!$A$1,'COMP CAIXA'!$L18-1,COLUMN('COMP CAIXA'!J18)-4)),0) -> 0 | K18: =COUNTA($A$1:$A18)-1 -> 1 | L18: =MATCH(CONCATENAR,[1]Banco!$A:$A,0) -> #N/A | M18: =IF(OR(ISERROR($L18),$H18="",$H18=0),"",OFFSET(M$1,MATCH($K18,$K$1:$K18,0)-1,0))
D19: =IF(ISNUMBER($L19),OFFSET([1]Banco!$A$1,'COMP CAIXA'!$L19-1,COLUMN('COMP CAIXA'!D19)-1),"") | E19: =IF(ISNUMBER($L19),OFFSET([1]Banco!$A$1,'COMP CAIXA'!$L19-1,COLUMN('COMP CAIXA'!E19)-1),"") | F19: =TRUNC($H19*ROUND(I19,2),2) -> 0 | G19: =TRUNC($H19*ROUND(J19,2),2) -> 0 | H19: 0 | I19: =IF(ISNUMBER($L19),VALUE(OFFSET([1]Banco!$A$1,'COMP CAIXA'!$L19-1,COLUMN('COMP CAIXA'!I19)-4)),0) -> 0 | J19: =IF(ISNUMBER($L19),VALUE(OFFSET([1]Banco!$A$1,'COMP CAIXA'!$L19-1,COLUMN('COMP CAIXA'!J19)-4)),0) -> 0 | K19: =COUNTA($A$1:$A19)-1 -> 1 | L19: =MATCH(CONCATENAR,[1]Banco!$A:$A,0) -> #N/A | M19: =IF(OR(ISERROR($L19),$H19="",$H19=0),"",OFFSET(M$1,MATCH($K19,$K$1:$K19,0)-1,0))
D20: =IF(ISNUMBER($L20),OFFSET([1]Banco!$A$1,'COMP CAIXA'!$L20-1,COLUMN('COMP CAIXA'!D20)-1),"") | E20: =IF(ISNUMBER($L20),OFFSET([1]Banco!$A$1,'COMP CAIXA'!$L20-1,COLUMN('COMP CAIXA'!E20)-1),"") | F20: =TRUNC($H20*ROUND(I20,2),2) -> 0 | G20: =TRUNC($H20*ROUND(J20,2),2) -> 0 | H20: 0 | I20: =IF(ISNUMBER($L20),VALUE(OFFSET([1]Banco!$A$1,'COMP CAIXA'!$L20-1,COLUMN('COMP CAIXA'!I20)-4)),0) -> 0 | J20: =IF(ISNUMBER($L20),VALUE(OFFSET([1]Banco!$A$1,'COMP CAIXA'!$L20-1,COLUMN('COMP CAIXA'!J20)-4)),0) -> 0 | K20: =COUNTA($A$1:$A20)-1 -> 1 | L20: =MATCH(CONCATENAR,[1]Banco!$A:$A,0) -> #N/A | M20: =IF(OR(ISERROR($L20),$H20="",$H20=0),"",OFFSET(M$1,MATCH($K20,$K$1:$K20,0)-1,0))
D21: =IF(ISNUMBER($L21),OFFSET([1]Banco!$A$1,'COMP CAIXA'!$L21-1,COLUMN('COMP CAIXA'!D21)-1),"") | E21: =IF(ISNUMBER($L21),OFFSET([1]Banco!$A$1,'COMP CAIXA'!$L21-1,COLUMN('COMP CAIXA'!E21)-1),"") | F21: =TRUNC($H21*ROUND(I21,2),2) -> 0 | G21: =TRUNC($H21*ROUND(J21,2),2) -> 0 | H21: 0 | I21: =IF(ISNUMBER($L21),VALUE(OFFSET([1]Banco!$A$1,'COMP CAIXA'!$L21-1,COLUMN('COMP CAIXA'!I21)-4)),0) -> 0 | J21: =IF(ISNUMBER($L21),VALUE(OFFSET([1]Banco!$A$1,'COMP CAIXA'!$L21-1,COLUMN('COMP CAIXA'!J21)-4)),0) -> 0 | K21: =COUNTA($A$1:$A21)-1 -> 1 | L21: =MATCH(CONCATENAR,[1]Banco!$A:$A,0) -> #N/A | M21: =IF(OR(ISERROR($L21),$H21="",$H21=0),"",OFFSET(M$1,MATCH($K21,$K$1:$K21,0)-1,0))
K22: =COUNTA($A$1:$A22)-1 -> 1 | M22: =IF(OFFSET($M$1,MATCH(OFFSET(K22,-1,0),$K$1:$K22,0)-1,0)="F","F","")
A23: =CONCATENAR -> COMPOSIÇÃO comp 2 | B23: COMPOSIÇÃO | C23: comp 2 | D23: Guia rebaixada modelo 2 | E23: un. | F23: =IF($L23>0,SUM(OFFSET(F23,1,0,$L23),0)) -> #VALUE! | G23: =IF($L23>0,SUM(OFFSET(G23,1,0,$L23),0)) -> #VALUE! | I23: =IF(ISERROR(F23),0,F23) -> 0 | J23: =IF(ISERROR(G23),0,G23) -> 0 | K23: =COUNTA($A$1:$A23)-1 -> 2 | L23: =IF(MAX(K:K)=K23,MATCH(9999999,$K:$K)+1,MATCH(K23+1,K:K,0))-ROW(L23)-2 -> 10 | M23: =IF(AND(OR(I23<>0,J23<>0),N23="Sim"),"F","") | N23: Sim
B24: SINAPI | C24: 95156 | D24: =IF(ISNUMBER($L24),OFFSET([1]Banco!$A$1,'COMP CAIXA'!$L24-1,COLUMN('COMP CAIXA'!D24)-1),"") -> #VALUE! | E24: =IF(ISNUMBER($L24),OFFSET([1]Banco!$A$1,'COMP CAIXA'!$L24-1,COLUMN('COMP CAIXA'!E24)-1),"") -> #VALUE! | F24: =TRUNC($H24*ROUND(I24,2),2) -> #VALUE! | G24: =TRUNC($H24*ROUND(J24,2),2) -> #VALUE! | H24: 3.8 | I24: =IF(ISNUMBER($L24),VALUE(OFFSET([1]Banco!$A$1,'COMP CAIXA'!$L24-1,COLUMN('COMP CAIXA'!I24)-4)),0) -> #VALUE! | J24: =IF(ISNUMBER($L24),VALUE(OFFSET([1]Banco!$A$1,'COMP CAIXA'!$L24-1,COLUMN('COMP CAIXA'!J24)-4)),0) -> #VALUE! | K24: =COUNTA($A$1:$A24)-1 -> 2 | L24: =MATCH(CONCATENAR,[1]Banco!$A:$A,0) -> 6534 | M24: =IF(OR(ISERROR($L24),$H24="",$H24=0),"",OFFSET(M$1,MATCH($K24,$K$1:$K24,0)-1,0))
B25: SINAPI | C25: 94992 | D25: =IF(ISNUMBER($L25),OFFSET([1]Banco!$A$1,'COMP CAIXA'!$L25-1,COLUMN('COMP CAIXA'!D25)-1),"") -> #VALUE! | E25: =IF(ISNUMBER($L25),OFFSET([1]Banco!$A$1,'COMP CAIXA'!$L25-1,COLUMN('COMP CAIXA'!E25)-1),"") -> #VALUE! | F25: =TRUNC($H25*ROUND(I25,2),2) -> #VALUE! | G25: =TRUNC($H25*ROUND(J25,2),2) -> #VALUE! | H25: 5.13 | I25: =IF(ISNUMBER($L25),VALUE(OFFSET([1]Banco!$A$1,'COMP CAIXA'!$L25-1,COLUMN('COMP CAIXA'!I25)-4)),0) -> #VALUE! | J25: =IF(ISNUMBER($L25),VALUE(OFFSET([1]Banco!$A$1,'COMP CAIXA'!$L25-1,COLUMN('COMP CAIXA'!J25)-4)),0) -> #VALUE! | K25: =COUNTA($A$1:$A25)-1 -> 2 | L25: =MATCH(CONCATENAR,[1]Banco!$A:$A,0) -> 5472 | M25: =IF(OR(ISERROR($L25),$H25="",$H25=0),"",OFFSET(M$1,MATCH($K25,$K$1:$K25,0)-1,0))
B26: SINAPI | C26: 99358 | D26: =IF(ISNUMBER($L26),OFFSET([1]Banco!$A$1,'COMP CAIXA'!$L26-1,COLUMN('COMP CAIXA'!D26)-1),"") -> #VALUE! | E26: =IF(ISNUMBER($L26),OFFSET([1]Banco!$A$1,'COMP CAIXA'!$L26-1,COLUMN('COMP CAIXA'!E26)-1),"") -> #VALUE! | F26: =TRUNC($H26*ROUND(I26,2),2) -> #VALUE! | G26: =TRUNC($H26*ROUND(J26,2),2) -> #VALUE! | H26: =1.5*0.2 -> 0.3 | I26: =IF(ISNUMBER($L26),VALUE(OFFSET([1]Banco!$A$1,'COMP CAIXA'!$L26-1,COLUMN('COMP CAIXA'!I26)-4)),0) -> #VALUE! | J26: =IF(ISNUMBER($L26),VALUE(OFFSET([1]Banco!$A$1,'COMP CAIXA'!$L26-1,COLUMN('COMP CAIXA'!J26)-4)),0) -> #VALUE! | K26: =COUNTA($A$1:$A26)-1 -> 2 | L26: =MATCH(CONCATENAR,[1]Banco!$A:$A,0) -> 6729 | M26: =IF(OR(ISERROR($L26),$H26="",$H26=0),"",OFFSET(M$1,MATCH($K26,$K$1:$K26,0)-1,0))
D27: =IF(ISNUMBER($L27),OFFSET([1]Banco!$A$1,'COMP CAIXA'!$L27-1,COLUMN('COMP CAIXA'!D27)-1),"") | E27: =IF(ISNUMBER($L27),OFFSET([1]Banco!$A$1,'COMP CAIXA'!$L27-1,COLUMN('COMP CAIXA'!E27)-1),"") | F27: =TRUNC($H27*ROUND(I27,2),2) -> 0 | G27: =TRUNC($H27*ROUND(J27,2),2) -> 0 | H27: 0 | I27: =IF(ISNUMBER($L27),VALUE(OFFSET([1]Banco!$A$1,'COMP CAIXA'!$L27-1,COLUMN('COMP CAIXA'!I27)-4)),0) -> 0 | J27: =IF(ISNUMBER($L27),VALUE(OFFSET([1]Banco!$A$1,'COMP CAIXA'!$L27-1,COLUMN('COMP CAIXA'!J27)-4)),0) -> 0 | K27: =COUNTA($A$1:$A27)-1 -> 2 | L27: =MATCH(CONCATENAR,[1]Banco!$A:$A,0) -> #N/A | M27: =IF(OR(ISERROR($L27),$H27="",$H27=0),"",OFFSET(M$1,MATCH($K27,$K$1:$K27,0)-1,0))
D28: =IF(ISNUMBER($L28),OFFSET([1]Banco!$A$1,'COMP CAIXA'!$L28-1,COLUMN('COMP CAIXA'!D28)-1),"") | E28: =IF(ISNUMBER($L28),OFFSET([1]Banco!$A$1,'COMP CAIXA'!$L28-1,COLUMN('COMP CAIXA'!E28)-1),"") | F28: =TRUNC($H28*ROUND(I28,2),2) -> 0 | G28: =TRUNC($H28*ROUND(J28,2),2) -> 0 | H28: 0 | I28: =IF(ISNUMBER($L28),VALUE(OFFSET([1]Banco!$A$1,'COMP CAIXA'!$L28-1,COLUMN('COMP CAIXA'!I28)-4)),0) -> 0 | J28: =IF(ISNUMBER($L28),VALUE(OFFSET([1]Banco!$A$1,'COMP CAIXA'!$L28-1,COLUMN('COMP CAIXA'!J28)-4)),0) -> 0 | K28: =COUNTA($A$1:$A28)-1 -> 2 | L28: =MATCH(CONCATENAR,[1]Banco!$A:$A,0) -> #N/A | M28: =IF(OR(ISERROR($L28),$H28="",$H28=0),"",OFFSET(M$1,MATCH($K28,$K$1:$K28,0)-1,0))
D29: =IF(ISNUMBER($L29),OFFSET([1]Banco!$A$1,'COMP CAIXA'!$L29-1,COLUMN('COMP CAIXA'!D29)-1),"") | E29: =IF(ISNUMBER($L29),OFFSET([1]Banco!$A$1,'COMP CAIXA'!$L29-1,COLUMN('COMP CAIXA'!E29)-1),"") | F29: =TRUNC($H29*ROUND(I29,2),2) -> 0 | G29: =TRUNC($H29*ROUND(J29,2),2) -> 0 | H29: 0 | I29: =IF(ISNUMBER($L29),VALUE(OFFSET([1]Banco!$A$1,'COMP CAIXA'!$L29-1,COLUMN('COMP CAIXA'!I29)-4)),0) -> 0 | J29: =IF(ISNUMBER($L29),VALUE(OFFSET([1]Banco!$A$1,'COMP CAIXA'!$L29-1,COLUMN('COMP CAIXA'!J29)-4)),0) -> 0 | K29: =COUNTA($A$1:$A29)-1 -> 2 | L29: =MATCH(CONCATENAR,[1]Banco!$A:$A,0) -> #N/A | M29: =IF(OR(ISERROR($L29),$H29="",$H29=0),"",OFFSET(M$1,MATCH($K29,$K$1:$K29,0)-1,0))
D30: =IF(ISNUMBER($L30),OFFSET([1]Banco!$A$1,'COMP CAIXA'!$L30-1,COLUMN('COMP CAIXA'!D30)-1),"") | E30: =IF(ISNUMBER($L30),OFFSET([1]Banco!$A$1,'COMP CAIXA'!$L30-1,COLUMN('COMP CAIXA'!E30)-1),"") | F30: =TRUNC($H30*ROUND(I30,2),2) -> 0 | G30: =TRUNC($H30*ROUND(J30,2),2) -> 0 | H30: 0 | I30: =IF(ISNUMBER($L30),VALUE(OFFSET([1]Banco!$A$1,'COMP CAIXA'!$L30-1,COLUMN('COMP CAIXA'!I30)-4)),0) -> 0 | J30: =IF(ISNUMBER($L30),VALUE(OFFSET([1]Banco!$A$1,'COMP CAIXA'!$L30-1,COLUMN('COMP CAIXA'!J30)-4)),0) -> 0 | K30: =COUNTA($A$1:$A30)-1 -> 2 | L30: =MATCH(CONCATENAR,[1]Banco!$A:$A,0) -> #N/A | M30: =IF(OR(ISERROR($L30),$H30="",$H30=0),"",OFFSET(M$1,MATCH($K30,$K$1:$K30,0)-1,0))
D31: =IF(ISNUMBER($L31),OFFSET([1]Banco!$A$1,'COMP CAIXA'!$L31-1,COLUMN('COMP CAIXA'!D31)-1),"") | E31: =IF(ISNUMBER($L31),OFFSET([1]Banco!$A$1,'COMP CAIXA'!$L31-1,COLUMN('COMP CAIXA'!E31)-1),"") | F31: =TRUNC($H31*ROUND(I31,2),2) -> 0 | G31: =TRUNC($H31*ROUND(J31,2),2) -> 0 | H31: 0 | I31: =IF(ISNUMBER($L31),VALUE(OFFSET([1]Banco!$A$1,'COMP CAIXA'!$L31-1,COLUMN('COMP CAIXA'!I31)-4)),0) -> 0 | J31: =IF(ISNUMBER($L31),VALUE(OFFSET([1]Banco!$A$1,'COMP CAIXA'!$L31-1,COLUMN('COMP CAIXA'!J31)-4)),0) -> 0 | K31: =COUNTA($A$1:$A31)-1 -> 2 | L31: =MATCH(CONCATENAR,[1]Banco!$A:$A,0) -> #N/A | M31: =IF(OR(ISERROR($L31),$H31="",$H31=0),"",OFFSET(M$1,MATCH($K31,$K$1:$K31,0)-1,0))
D32: =IF(ISNUMBER($L32),OFFSET([1]Banco!$A$1,'COMP CAIXA'!$L32-1,COLUMN('COMP CAIXA'!D32)-1),"") | E32: =IF(ISNUMBER($L32),OFFSET([1]Banco!$A$1,'COMP CAIXA'!$L32-1,COLUMN('COMP CAIXA'!E32)-1),"") | F32: =TRUNC($H32*ROUND(I32,2),2) -> 0 | G32: =TRUNC($H32*ROUND(J32,2),2) -> 0 | H32: 0 | I32: =IF(ISNUMBER($L32),VALUE(OFFSET([1]Banco!$A$1,'COMP CAIXA'!$L32-1,COLUMN('COMP CAIXA'!I32)-4)),0) -> 0 | J32: =IF(ISNUMBER($L32),VALUE(OFFSET([1]Banco!$A$1,'COMP CAIXA'!$L32-1,COLUMN('COMP CAIXA'!J32)-4)),0) -> 0 | K32: =COUNTA($A$1:$A32)-1 -> 2 | L32: =MATCH(CONCATENAR,[1]Banco!$A:$A,0) -> #N/A | M32: =IF(OR(ISERROR($L32),$H32="",$H32=0),"",OFFSET(M$1,MATCH($K32,$K$1:$K32,0)-1,0))
D33: =IF(ISNUMBER($L33),OFFSET([1]Banco!$A$1,'COMP CAIXA'!$L33-1,COLUMN('COMP CAIXA'!D33)-1),"") | E33: =IF(ISNUMBER($L33),OFFSET([1]Banco!$A$1,'COMP CAIXA'!$L33-1,COLUMN('COMP CAIXA'!E33)-1),"") | F33: =TRUNC($H33*ROUND(I33,2),2) -> 0 | G33: =TRUNC($H33*ROUND(J33,2),2) -> 0 | H33: 0 | I33: =IF(ISNUMBER($L33),VALUE(OFFSET([1]Banco!$A$1,'COMP CAIXA'!$L33-1,COLUMN('COMP CAIXA'!I33)-4)),0) -> 0 | J33: =IF(ISNUMBER($L33),VALUE(OFFSET([1]Banco!$A$1,'COMP CAIXA'!$L33-1,COLUMN('COMP CAIXA'!J33)-4)),0) -> 0 | K33: =COUNTA($A$1:$A33)-1 -> 2 | L33: =MATCH(CONCATENAR,[1]Banco!$A:$A,0) -> #N/A | M33: =IF(OR(ISERROR($L33),$H33="",$H33=0),"",OFFSET(M$1,MATCH($K33,$K$1:$K33,0)-1,0))
K34: =COUNTA($A$1:$A34)-1 -> 2 | M34: =IF(OFFSET($M$1,MATCH(OFFSET(K34,-1,0),$K$1:$K34,0)-1,0)="F","F","")
A35: =CONCATENAR -> COMPOSIÇÃO comp 03 | B35: COMPOSIÇÃO | C35: comp 03 | D35: Retirada e replantio de palmeiras com abertura das valas, tratamento do solo, escoramento e transporte dentro da propria praça. | E35: un. | F35: =IF($L35>0,SUM(OFFSET(F35,1,0,$L35),0)) -> #VALUE! | G35: =IF($L35>0,SUM(OFFSET(G35,1,0,$L35),0)) -> #VALUE! | I35: =IF(ISERROR(F35),0,F35) -> 0 | J35: =IF(ISERROR(G35),0,G35) -> 0 | K35: =COUNTA($A$1:$A35)-1 -> 3 | L35: =IF(MAX(K:K)=K35,MATCH(9999999,$K:$K)+1,MATCH(K35+1,K:K,0))-ROW(L35)-2 -> 10 | M35: =IF(AND(OR(I35<>0,J35<>0),N35="Sim"),"F","") | N35: Sim
B36: SINAPI | C36: 5679 | D36: =IF(ISNUMBER($L36),OFFSET([1]Banco!$A$1,'COMP CAIXA'!$L36-1,COLUMN('COMP CAIXA'!D36)-1),"") -> #VALUE! | E36: =IF(ISNUMBER($L36),OFFSET([1]Banco!$A$1,'COMP CAIXA'!$L36-1,COLUMN('COMP CAIXA'!E36)-1),"") -> #VALUE! | F36: =TRUNC($H36*ROUND(I36,2),2) -> #VALUE! | G36: =TRUNC($H36*ROUND(J36,2),2) -> #VALUE! | H36: 5.33 | I36: =IF(ISNUMBER($L36),VALUE(OFFSET([1]Banco!$A$1,'COMP CAIXA'!$L36-1,COLUMN('COMP CAIXA'!I36)-4)),0) -> #VALUE! | J36: =IF(ISNUMBER($L36),VALUE(OFFSET([1]Banco!$A$1,'COMP CAIXA'!$L36-1,COLUMN('COMP CAIXA'!J36)-4)),0) -> #VALUE! | K36: =COUNTA($A$1:$A36)-1 -> 3 | L36: =MATCH(CONCATENAR,[1]Banco!$A:$A,0) -> 477 | M36: =IF(OR(ISERROR($L36),$H36="",$H36=0),"",OFFSET(M$1,MATCH($K36,$K$1:$K36,0)-1,0))
B37: SINAPI | C37: 91467 | D37: =IF(ISNUMBER($L37),OFFSET([1]Banco!$A$1,'COMP CAIXA'!$L37-1,COLUMN('COMP CAIXA'!D37)-1),"") -> #VALUE! | E37: =IF(ISNUMBER($L37),OFFSET([1]Banco!$A$1,'COMP CAIXA'!$L37-1,COLUMN('COMP CAIXA'!E37)-1),"") -> #VALUE! | F37: =TRUNC($H37*ROUND(I37,2),2) -> #VALUE! | G37: =TRUNC($H37*ROUND(J37,2),2) -> #VALUE! | H37: 5.33 | I37: =IF(ISNUMBER($L37),VALUE(OFFSET([1]Banco!$A$1,'COMP CAIXA'!$L37-1,COLUMN('COMP CAIXA'!I37)-4)),0) -> #VALUE! | J37: =IF(ISNUMBER($L37),VALUE(OFFSET([1]Banco!$A$1,'COMP CAIXA'!$L37-1,COLUMN('COMP CAIXA'!J37)-4)),0) -> #VALUE! | K37: =COUNTA($A$1:$A37)-1 -> 3 | L37: =MATCH(CONCATENAR,[1]Banco!$A:$A,0) -> 966 | M37: =IF(OR(ISERROR($L37),$H37="",$H37=0),"",OFFSET(M$1,MATCH($K37,$K$1:$K37,0)-1,0))
B38: SINAPI | C38: 88316 | D38: =IF(ISNUMBER($L38),OFFSET([1]Banco!$A$1,'COMP CAIXA'!$L38-1,COLUMN('COMP CAIXA'!D38)-1),"") -> #VALUE! | E38: =IF(ISNUMBER($L38),OFFSET([1]Banco!$A$1,'COMP CAIXA'!$L38-1,COLUMN('COMP CAIXA'!E38)-1),"") -> #VALUE! | F38: =TRUNC($H38*ROUND(I38,2),2) -> #VALUE! | G38: =TRUNC($H38*ROUND(J38,2),2) -> #VALUE! | H38: 16 | I38: =IF(ISNUMBER($L38),VALUE(OFFSET([1]Banco!$A$1,'COMP CAIXA'!$L38-1,COLUMN('COMP CAIXA'!I38)-4)),0) -> #VALUE! | J38: =IF(ISNUMBER($L38),VALUE(OFFSET([1]Banco!$A$1,'COMP CAIXA'!$L38-1,COLUMN('COMP CAIXA'!J38)-4)),0) -> #VALUE! | K38: =COUNTA($A$1:$A38)-1 -> 3 | L38: =MATCH(CONCATENAR,[1]Banco!$A:$A,0) -> 6283 | M38: =IF(OR(ISERROR($L38),$H38="",$H38=0),"",OFFSET(M$1,MATCH($K38,$K$1:$K38,0)-1,0))
B39: SINAPI | C39: 95610 | D39: =IF(ISNUMBER($L39),OFFSET([1]Banco!$A$1,'COMP CAIXA'!$L39-1,COLUMN('COMP CAIXA'!D39)-1),"") -> #VALUE! | E39: =IF(ISNUMBER($L39),OFFSET([1]Banco!$A$1,'COMP CAIXA'!$L39-1,COLUMN('COMP CAIXA'!E39)-1),"") -> #VALUE! | F39: =TRUNC($H39*ROUND(I39,2),2) -> #VALUE! | G39: =TRUNC($H39*ROUND(J39,2),2) -> #VALUE! | H39: 2 | I39: =IF(ISNUMBER($L39),VALUE(OFFSET([1]Banco!$A$1,'COMP CAIXA'!$L39-1,COLUMN('COMP CAIXA'!I39)-4)),0) -> #VALUE! | J39: =IF(ISNUMBER($L39),VALUE(OFFSET([1]Banco!$A$1,'COMP CAIXA'!$L39-1,COLUMN('COMP CAIXA'!J39)-4)),0) -> #VALUE! | K39: =COUNTA($A$1:$A39)-1 -> 3 | L39: =MATCH(CONCATENAR,[1]Banco!$A:$A,0) -> 6537 | M39: =IF(OR(ISERROR($L39),$H39="",$H39=0),"",OFFSET(M$1,MATCH($K39,$K$1:$K39,0)-1,0))
D40: =IF(ISNUMBER($L40),OFFSET([1]Banco!$A$1,'COMP CAIXA'!$L40-1,COLUMN('COMP CAIXA'!D40)-1),"") | E40: =IF(ISNUMBER($L40),OFFSET([1]Banco!$A$1,'COMP CAIXA'!$L40-1,COLUMN('COMP CAIXA'!E40)-1),"") | F40: =TRUNC($H40*ROUND(I40,2),2) -> 0 | G40: =TRUNC($H40*ROUND(J40,2),2) -> 0 | H40: 0 | I40: =IF(ISNUMBER($L40),VALUE(OFFSET([1]Banco!$A$1,'COMP CAIXA'!$L40-1,COLUMN('COMP CAIXA'!I40)-4)),0) -> 0 | J40: =IF(ISNUMBER($L40),VALUE(OFFSET([1]Banco!$A$1,'COMP CAIXA'!$L40-1,COLUMN('COMP CAIXA'!J40)-4)),0) -> 0 | K40: =COUNTA($A$1:$A40)-1 -> 3 | L40: =MATCH(CONCATENAR,[1]Banco!$A:$A,0) -> #N/A | M40: =IF(OR(ISERROR($L40),$H40="",$H40=0),"",OFFSET(M$1,MATCH($K40,$K$1:$K40,0)-1,0))
D41: =IF(ISNUMBER($L41),OFFSET([1]Banco!$A$1,'COMP CAIXA'!$L41-1,COLUMN('COMP CAIXA'!D41)-1),"") | E41: =IF(ISNUMBER($L41),OFFSET([1]Banco!$A$1,'COMP CAIXA'!$L41-1,COLUMN('COMP CAIXA'!E41)-1),"") | F41: =TRUNC($H41*ROUND(I41,2),2) -> 0 | G41: =TRUNC($H41*ROUND(J41,2),2) -> 0 | H41: 0 | I41: =IF(ISNUMBER($L41),VALUE(OFFSET([1]Banco!$A$1,'COMP CAIXA'!$L41-1,COLUMN('COMP CAIXA'!I41)-4)),0) -> 0 | J41: =IF(ISNUMBER($L41),VALUE(OFFSET([1]Banco!$A$1,'COMP CAIXA'!$L41-1,COLUMN('COMP CAIXA'!J41)-4)),0) -> 0 | K41: =COUNTA($A$1:$A41)-1 -> 3 | L41: =MATCH(CONCATENAR,[1]Banco!$A:$A,0) -> #N/A | M41: =IF(OR(ISERROR($L41),$H41="",$H41=0),"",OFFSET(M$1,MATCH($K41,$K$1:$K41,0)-1,0))
D42: =IF(ISNUMBER($L42),OFFSET([1]Banco!$A$1,'COMP CAIXA'!$L42-1,COLUMN('COMP CAIXA'!D42)-1),"") | E42: =IF(ISNUMBER($L42),OFFSET([1]Banco!$A$1,'COMP CAIXA'!$L42-1,COLUMN('COMP CAIXA'!E42)-1),"") | F42: =TRUNC($H42*ROUND(I42,2),2) -> 0 | G42: =TRUNC($H42*ROUND(J42,2),2) -> 0 | H42: 0 | I42: =IF(ISNUMBER($L42),VALUE(OFFSET([1]Banco!$A$1,'COMP CAIXA'!$L42-1,COLUMN('COMP CAIXA'!I42)-4)),0) -> 0 | J42: =IF(ISNUMBER($L42),VALUE(OFFSET([1]Banco!$A$1,'COMP CAIXA'!$L42-1,COLUMN('COMP CAIXA'!J42)-4)),0) -> 0 | K42: =COUNTA($A$1:$A42)-1 -> 3 | L42: =MATCH(CONCATENAR,[1]Banco!$A:$A,0) -> #N/A | M42: =IF(OR(ISERROR($L42),$H42="",$H42=0),"",OFFSET(M$1,MATCH($K42,$K$1:$K42,0)-1,0))
D43: =IF(ISNUMBER($L43),OFFSET([1]Banco!$A$1,'COMP CAIXA'!$L43-1,COLUMN('COMP CAIXA'!D43)-1),"") | E43: =IF(ISNUMBER($L43),OFFSET([1]Banco!$A$1,'COMP CAIXA'!$L43-1,COLUMN('COMP CAIXA'!E43)-1),"") | F43: =TRUNC($H43*ROUND(I43,2),2) -> 0 | G43: =TRUNC($H43*ROUND(J43,2),2) -> 0 | H43: 0 | I43: =IF(ISNUMBER($L43),VALUE(OFFSET([1]Banco!$A$1,'COMP CAIXA'!$L43-1,COLUMN('COMP CAIXA'!I43)-4)),0) -> 0 | J43: =IF(ISNUMBER($L43),VALUE(OFFSET([1]Banco!$A$1,'COMP CAIXA'!$L43-1,COLUMN('COMP CAIXA'!J43)-4)),0) -> 0 | K43: =COUNTA($A$1:$A43)-1 -> 3 | L43: =MATCH(CONCATENAR,[1]Banco!$A:$A,0) -> #N/A | M43: =IF(OR(ISERROR($L43),$H43="",$H43=0),"",OFFSET(M$1,MATCH($K43,$K$1:$K43,0)-1,0))
D44: =IF(ISNUMBER($L44),OFFSET([1]Banco!$A$1,'COMP CAIXA'!$L44-1,COLUMN('COMP CAIXA'!D44)-1),"") | E44: =IF(ISNUMBER($L44),OFFSET([1]Banco!$A$1,'COMP CAIXA'!$L44-1,COLUMN('COMP CAIXA'!E44)-1),"") | F44: =TRUNC($H44*ROUND(I44,2),2) -> 0 | G44: =TRUNC($H44*ROUND(J44,2),2) -> 0 | H44: 0 | I44: =IF(ISNUMBER($L44),VALUE(OFFSET([1]Banco!$A$1,'COMP CAIXA'!$L44-1,COLUMN('COMP CAIXA'!I44)-4)),0) -> 0 | J44: =IF(ISNUMBER($L44),VALUE(OFFSET([1]Banco!$A$1,'COMP CAIXA'!$L44-1,COLUMN('COMP CAIXA'!J44)-4)),0) -> 0 | K44: =COUNTA($A$1:$A44)-1 -> 3 | L44: =MATCH(CONCATENAR,[1]Banco!$A:$A,0) -> #N/A | M44: =IF(OR(ISERROR($L44),$H44="",$H44=0),"",OFFSET(M$1,MATCH($K44,$K$1:$K44,0)-1,0))
D45: =IF(ISNUMBER($L45),OFFSET([1]Banco!$A$1,'COMP CAIXA'!$L45-1,COLUMN('COMP CAIXA'!D45)-1),"") | E45: =IF(ISNUMBER($L45),OFFSET([1]Banco!$A$1,'COMP CAIXA'!$L45-1,COLUMN('COMP CAIXA'!E45)-1),"") | F45: =TRUNC($H45*ROUND(I45,2),2) -> 0 | G45: =TRUNC($H45*ROUND(J45,2),2) -> 0 | H45: 0 | I45: =IF(ISNUMBER($L45),VALUE(OFFSET([1]Banco!$A$1,'COMP CAIXA'!$L45-1,COLUMN('COMP CAIXA'!I45)-4)),0) -> 0 | J45: =IF(ISNUMBER($L45),VALUE(OFFSET([1]Banco!$A$1,'COMP CAIXA'!$L45-1,COLUMN('COMP CAIXA'!J45)-4)),0) -> 0 | K45: =COUNTA($A$1:$A45)-1 -> 3 | L45: =MATCH(CONCATENAR,[1]Banco!$A:$A,0) -> #N/A | M45: =IF(OR(ISERROR($L45),$H45="",$H45=0),"",OFFSET(M$1,MATCH($K45,$K$1:$K45,0)-1,0))
K46: =COUNTA($A$1:$A46)-1 -> 3 | M46: =IF(OFFSET($M$1,MATCH(OFFSET(K46,-1,0),$K$1:$K46,0)-1,0)="F","F","")
A47: =CONCATENAR | F47: =IF($L47>0,SUM(OFFSET(F47,1,0,$L47),0)) -> 0 | G47: =IF($L47>0,SUM(OFFSET(G47,1,0,$L47),0)) -> 0 | I47: =IF(ISERROR(F47),0,F47) -> 0 | J47: =IF(ISERROR(G47),0,G47) -> 0 | K47: =COUNTA($A$1:$A47)-1 -> 4 | L47: =IF(MAX(K:K)=K47,MATCH(9999999,$K:$K)+1,MATCH(K47+1,K:K,0))-ROW(L47)-2 -> 10 | M47: =IF(AND(OR(I47<>0,J47<>0),N47="Sim"),"F","") | N47: Sim
D48: =IF(ISNUMBER($L48),OFFSET([1]Banco!$A$1,'COMP CAIXA'!$L48-1,COLUMN('COMP CAIXA'!D48)-1),"") | E48: =IF(ISNUMBER($L48),OFFSET([1]Banco!$A$1,'COMP CAIXA'!$L48-1,COLUMN('COMP CAIXA'!E48)-1),"") | F48: =TRUNC($H48*ROUND(I48,2),2) -> 0 | G48: =TRUNC($H48*ROUND(J48,2),2) -> 0 | H48: 0 | I48: =IF(ISNUMBER($L48),VALUE(OFFSET([1]Banco!$A$1,'COMP CAIXA'!$L48-1,COLUMN('COMP CAIXA'!I48)-4)),0) -> 0 | J48: =IF(ISNUMBER($L48),VALUE(OFFSET([1]Banco!$A$1,'COMP CAIXA'!$L48-1,COLUMN('COMP CAIXA'!J48)-4)),0) -> 0 | K48: =COUNTA($A$1:$A48)-1 -> 4 | L48: =MATCH(CONCATENAR,[1]Banco!$A:$A,0) -> #N/A | M48: =IF(OR(ISERROR($L48),$H48="",$H48=0),"",OFFSET(M$1,MATCH($K48,$K$1:$K48,0)-1,0))
D49: =IF(ISNUMBER($L49),OFFSET([1]Banco!$A$1,'COMP CAIXA'!$L49-1,COLUMN('COMP CAIXA'!D49)-1),"") | E49: =IF(ISNUMBER($L49),OFFSET([1]Banco!$A$1,'COMP CAIXA'!$L49-1,COLUMN('COMP CAIXA'!E49)-1),"") | F49: =TRUNC($H49*ROUND(I49,2),2) -> 0 | G49: =TRUNC($H49*ROUND(J49,2),2) -> 0 | H49: 0 | I49: =IF(ISNUMBER($L49),VALUE(OFFSET([1]Banco!$A$1,'COMP CAIXA'!$L49-1,COLUMN('COMP CAIXA'!I49)-4)),0) -> 0 | J49: =IF(ISNUMBER($L49),VALUE(OFFSET([1]Banco!$A$1,'COMP CAIXA'!$L49-1,COLUMN('COMP CAIXA'!J49)-4)),0) -> 0 | K49: =COUNTA($A$1:$A49)-1 -> 4 | L49: =MATCH(CONCATENAR,[1]Banco!$A:$A,0) -> #N/A | M49: =IF(OR(ISERROR($L49),$H49="",$H49=0),"",OFFSET(M$1,MATCH($K49,$K$1:$K49,0)-1,0))
D50: =IF(ISNUMBER($L50),OFFSET([1]Banco!$A$1,'COMP CAIXA'!$L50-1,COLUMN('COMP CAIXA'!D50)-1),"") | E50: =IF(ISNUMBER($L50),OFFSET([1]Banco!$A$1,'COMP CAIXA'!$L50-1,COLUMN('COMP CAIXA'!E50)-1),"") | F50: =TRUNC($H50*ROUND(I50,2),2) -> 0 | G50: =TRUNC($H50*ROUND(J50,2),2) -> 0 | H50: 0 | I50: =IF(ISNUMBER($L50),VALUE(OFFSET([1]Banco!$A$1,'COMP CAIXA'!$L50-1,COLUMN('COMP CAIXA'!I50)-4)),0) -> 0 | J50: =IF(ISNUMBER($L50),VALUE(OFFSET([1]Banco!$A$1,'COMP CAIXA'!$L50-1,COLUMN('COMP CAIXA'!J50)-4)),0) -> 0 | K50: =COUNTA($A$1:$A50)-1 -> 4 | L50: =MATCH(CONCATENAR,[1]Banco!$A:$A,0) -> #N/A | M50: =IF(OR(ISERROR($L50),$H50="",$H50=0),"",OFFSET(M$1,MATCH($K50,$K$1:$K50,0)-1,0))
D51: =IF(ISNUMBER($L51),OFFSET([1]Banco!$A$1,'COMP CAIXA'!$L51-1,COLUMN('COMP CAIXA'!D51)-1),"") | E51: =IF(ISNUMBER($L51),OFFSET([1]Banco!$A$1,'COMP CAIXA'!$L51-1,COLUMN('COMP CAIXA'!E51)-1),"") | F51: =TRUNC($H51*ROUND(I51,2),2) -> 0 | G51: =TRUNC($H51*ROUND(J51,2),2) -> 0 | H51: 0 | I51: =IF(ISNUMBER($L51),VALUE(OFFSET([1]Banco!$A$1,'COMP CAIXA'!$L51-1,COLUMN('COMP CAIXA'!I51)-4)),0) -> 0 | J51: =IF(ISNUMBER($L51),VALUE(OFFSET([1]Banco!$A$1,'COMP CAIXA'!$L51-1,COLUMN('COMP CAIXA'!J51)-4)),0) -> 0 | K51: =COUNTA($A$1:$A51)-1 -> 4 | L51: =MATCH(CONCATENAR,[1]Banco!$A:$A,0) -> #N/A | M51: =IF(OR(ISERROR($L51),$H51="",$H51=0),"",OFFSET(M$1,MATCH($K51,$K$1:$K51,0)-1,0))
D52: =IF(ISNUMBER($L52),OFFSET([1]Banco!$A$1,'COMP CAIXA'!$L52-1,COLUMN('COMP CAIXA'!D52)-1),"") | E52: =IF(ISNUMBER($L52),OFFSET([1]Banco!$A$1,'COMP CAIXA'!$L52-1,COLUMN('COMP CAIXA'!E52)-1),"") | F52: =TRUNC($H52*ROUND(I52,2),2) -> 0 | G52: =TRUNC($H52*ROUND(J52,2),2) -> 0 | H52: 0 | I52: =IF(ISNUMBER($L52),VALUE(OFFSET([1]Banco!$A$1,'COMP CAIXA'!$L52-1,COLUMN('COMP CAIXA'!I52)-4)),0) -> 0 | J52: =IF(ISNUMBER($L52),VALUE(OFFSET([1]Banco!$A$1,'COMP CAIXA'!$L52-1,COLUMN('COMP CAIXA'!J52)-4)),0) -> 0 | K52: =COUNTA($A$1:$A52)-1 -> 4 | L52: =MATCH(CONCATENAR,[1]Banco!$A:$A,0) -> #N/A | M52: =IF(OR(ISERROR($L52),$H52="",$H52=0),"",OFFSET(M$1,MATCH($K52,$K$1:$K52,0)-1,0))
D53: =IF(ISNUMBER($L53),OFFSET([1]Banco!$A$1,'COMP CAIXA'!$L53-1,COLUMN('COMP CAIXA'!D53)-1),"") | E53: =IF(ISNUMBER($L53),OFFSET([1]Banco!$A$1,'COMP CAIXA'!$L53-1,COLUMN('COMP CAIXA'!E53)-1),"") | F53: =TRUNC($H53*ROUND(I53,2),2) -> 0 | G53: =TRUNC($H53*ROUND(J53,2),2) -> 0 | H53: 0 | I53: =IF(ISNUMBER($L53),VALUE(OFFSET([1]Banco!$A$1,'COMP CAIXA'!$L53-1,COLUMN('COMP CAIXA'!I53)-4)),0) -> 0 | J53: =IF(ISNUMBER($L53),VALUE(OFFSET([1]Banco!$A$1,'COMP CAIXA'!$L53-1,COLUMN('COMP CAIXA'!J53)-4)),0) -> 0 | K53: =COUNTA($A$1:$A53)-1 -> 4 | L53: =MATCH(CONCATENAR,[1]Banco!$A:$A,0) -> #N/A | M53: =IF(OR(ISERROR($L53),$H53="",$H53=0),"",OFFSET(M$1,MATCH($K53,$K$1:$K53,0)-1,0))
D54: =IF(ISNUMBER($L54),OFFSET([1]Banco!$A$1,'COMP CAIXA'!$L54-1,COLUMN('COMP CAIXA'!D54)-1),"") | E54: =IF(ISNUMBER($L54),OFFSET([1]Banco!$A$1,'COMP CAIXA'!$L54-1,COLUMN('COMP CAIXA'!E54)-1),"") | F54: =TRUNC($H54*ROUND(I54,2),2) -> 0 | G54: =TRUNC($H54*ROUND(J54,2),2) -> 0 | H54: 0 | I54: =IF(ISNUMBER($L54),VALUE(OFFSET([1]Banco!$A$1,'COMP CAIXA'!$L54-1,COLUMN('COMP CAIXA'!I54)-4)),0) -> 0 | J54: =IF(ISNUMBER($L54),VALUE(OFFSET([1]Banco!$A$1,'COMP CAIXA'!$L54-1,COLUMN('COMP CAIXA'!J54)-4)),0) -> 0 | K54: =COUNTA($A$1:$A54)-1 -> 4 | L54: =MATCH(CONCATENAR,[1]Banco!$A:$A,0) -> #N/A | M54: =IF(OR(ISERROR($L54),$H54="",$H54=0),"",OFFSET(M$1,MATCH($K54,$K$1:$K54,0)-1,0))
D55: =IF(ISNUMBER($L55),OFFSET([1]Banco!$A$1,'COMP CAIXA'!$L55-1,COLUMN('COMP CAIXA'!D55)-1),"") | E55: =IF(ISNUMBER($L55),OFFSET([1]Banco!$A$1,'COMP CAIXA'!$L55-1,COLUMN('COMP CAIXA'!E55)-1),"") | F55: =TRUNC($H55*ROUND(I55,2),2) -> 0 | G55: =TRUNC($H55*ROUND(J55,2),2) -> 0 | H55: 0 | I55: =IF(ISNUMBER($L55),VALUE(OFFSET([1]Banco!$A$1,'COMP CAIXA'!$L55-1,COLUMN('COMP CAIXA'!I55)-4)),0) -> 0 | J55: =IF(ISNUMBER($L55),VALUE(OFFSET([1]Banco!$A$1,'COMP CAIXA'!$L55-1,COLUMN('COMP CAIXA'!J55)-4)),0) -> 0 | K55: =COUNTA($A$1:$A55)-1 -> 4 | L55: =MATCH(CONCATENAR,[1]Banco!$A:$A,0) -> #N/A | M55: =IF(OR(ISERROR($L55),$H55="",$H55=0),"",OFFSET(M$1,MATCH($K55,$K$1:$K55,0)-1,0))
D56: =IF(ISNUMBER($L56),OFFSET([1]Banco!$A$1,'COMP CAIXA'!$L56-1,COLUMN('COMP CAIXA'!D56)-1),"") | E56: =IF(ISNUMBER($L56),OFFSET([1]Banco!$A$1,'COMP CAIXA'!$L56-1,COLUMN('COMP CAIXA'!E56)-1),"") | F56: =TRUNC($H56*ROUND(I56,2),2) -> 0 | G56: =TRUNC($H56*ROUND(J56,2),2) -> 0 | H56: 0 | I56: =IF(ISNUMBER($L56),VALUE(OFFSET([1]Banco!$A$1,'COMP CAIXA'!$L56-1,COLUMN('COMP CAIXA'!I56)-4)),0) -> 0 | J56: =IF(ISNUMBER($L56),VALUE(OFFSET([1]Banco!$A$1,'COMP CAIXA'!$L56-1,COLUMN('COMP CAIXA'!J56)-4)),0) -> 0 | K56: =COUNTA($A$1:$A56)-1 -> 4 | L56: =MATCH(CONCATENAR,[1]Banco!$A:$A,0) -> #N/A | M56: =IF(OR(ISERROR($L56),$H56="",$H56=0),"",OFFSET(M$1,MATCH($K56,$K$1:$K56,0)-1,0))
D57: =IF(ISNUMBER($L57),OFFSET([1]Banco!$A$1,'COMP CAIXA'!$L57-1,COLUMN('COMP CAIXA'!D57)-1),"") | E57: =IF(ISNUMBER($L57),OFFSET([1]Banco!$A$1,'COMP CAIXA'!$L57-1,COLUMN('COMP CAIXA'!E57)-1),"") | F57: =TRUNC($H57*ROUND(I57,2),2) -> 0 | G57: =TRUNC($H57*ROUND(J57,2),2) -> 0 | H57: 0 | I57: =IF(ISNUMBER($L57),VALUE(OFFSET([1]Banco!$A$1,'COMP CAIXA'!$L57-1,COLUMN('COMP CAIXA'!I57)-4)),0) -> 0 | J57: =IF(ISNUMBER($L57),VALUE(OFFSET([1]Banco!$A$1,'COMP CAIXA'!$L57-1,COLUMN('COMP CAIXA'!J57)-4)),0) -> 0 | K57: =COUNTA($A$1:$A57)-1 -> 4 | L57: =MATCH(CONCATENAR,[1]Banco!$A:$A,0) -> #N/A | M57: =IF(OR(ISERROR($L57),$H57="",$H57=0),"",OFFSET(M$1,MATCH($K57,$K$1:$K57,0)-1,0))
K58: =COUNTA($A$1:$A58)-1 -> 4 | M58: =IF(OFFSET($M$1,MATCH(OFFSET(K58,-1,0),$K$1:$K58,0)-1,0)="F","F","")
A59: =CONCATENAR | F59: =IF($L59>0,SUM(OFFSET(F59,1,0,$L59),0)) -> 0 | G59: =IF($L59>0,SUM(OFFSET(G59,1,0,$L59),0)) -> 0 | I59: =IF(ISERROR(F59),0,F59) -> 0 | J59: =IF(ISERROR(G59),0,G59) -> 0 | K59: =COUNTA($A$1:$A59)-1 -> 5 | L59: =IF(MAX(K:K)=K59,MATCH(9999999,$K:$K)+1,MATCH(K59+1,K:K,0))-ROW(L59)-2 -> 10 | M59: =IF(AND(OR(I59<>0,J59<>0),N59="Sim"),"F","") | N59: Sim
D60: =IF(ISNUMBER($L60),OFFSET([1]Banco!$A$1,'COMP CAIXA'!$L60-1,COLUMN('COMP CAIXA'!D60)-1),"") | E60: =IF(ISNUMBER($L60),OFFSET([1]Banco!$A$1,'COMP CAIXA'!$L60-1,COLUMN('COMP CAIXA'!E60)-1),"") | F60: =TRUNC($H60*ROUND(I60,2),2) -> 0 | G60: =TRUNC($H60*ROUND(J60,2),2) -> 0 | H60: 0 | I60: =IF(ISNUMBER($L60),VALUE(OFFSET([1]Banco!$A$1,'COMP CAIXA'!$L60-1,COLUMN('COMP CAIXA'!I60)-4)),0) -> 0 | J60: =IF(ISNUMBER($L60),VALUE(OFFSET([1]Banco!$A$1,'COMP CAIXA'!$L60-1,COLUMN('COMP CAIXA'!J60)-4)),0) -> 0 | K60: =COUNTA($A$1:$A60)-1 -> 5 | L60: =MATCH(CONCATENAR,[1]Banco!$A:$A,0) -> #N/A | M60: =IF(OR(ISERROR($L60),$H60="",$H60=0),"",OFFSET(M$1,MATCH($K60,$K$1:$K60,0)-1,0))
D61: =IF(ISNUMBER($L61),OFFSET([1]Banco!$A$1,'COMP CAIXA'!$L61-1,COLUMN('COMP CAIXA'!D61)-1),"") | E61: =IF(ISNUMBER($L61),OFFSET([1]Banco!$A$1,'COMP CAIXA'!$L61-1,COLUMN('COMP CAIXA'!E61)-1),"") | F61: =TRUNC($H61*ROUND(I61,2),2) -> 0 | G61: =TRUNC($H61*ROUND(J61,2),2) -> 0 | H61: 0 | I61: =IF(ISNUMBER($L61),VALUE(OFFSET([1]Banco!$A$1,'COMP CAIXA'!$L61-1,COLUMN('COMP CAIXA'!I61)-4)),0) -> 0 | J61: =IF(ISNUMBER($L61),VALUE(OFFSET([1]Banco!$A$1,'COMP CAIXA'!$L61-1,COLUMN('COMP CAIXA'!J61)-4)),0) -> 0 | K61: =COUNTA($A$1:$A61)-1 -> 5 | L61: =MATCH(CONCATENAR,[1]Banco!$A:$A,0) -> #N/A | M61: =IF(OR(ISERROR($L61),$H61="",$H61=0),"",OFFSET(M$1,MATCH($K61,$K$1:$K61,0)-1,0))
D62: =IF(ISNUMBER($L62),OFFSET([1]Banco!$A$1,'COMP CAIXA'!$L62-1,COLUMN('COMP CAIXA'!D62)-1),"") | E62: =IF(ISNUMBER($L62),OFFSET([1]Banco!$A$1,'COMP CAIXA'!$L62-1,COLUMN('COMP CAIXA'!E62)-1),"") | F62: =TRUNC($H62*ROUND(I62,2),2) -> 0 | G62: =TRUNC($H62*ROUND(J62,2),2) -> 0 | H62: 0 | I62: =IF(ISNUMBER($L62),VALUE(OFFSET([1]Banco!$A$1,'COMP CAIXA'!$L62-1,COLUMN('COMP CAIXA'!I62)-4)),0) -> 0 | J62: =IF(ISNUMBER($L62),VALUE(OFFSET([1]Banco!$A$1,'COMP CAIXA'!$L62-1,COLUMN('COMP CAIXA'!J62)-4)),0) -> 0 | K62: =COUNTA($A$1:$A62)-1 -> 5 | L62: =MATCH(CONCATENAR,[1]Banco!$A:$A,0) -> #N/A | M62: =IF(OR(ISERROR($L62),$H62="",$H62=0),"",OFFSET(M$1,MATCH($K62,$K$1:$K62,0)-1,0))
D63: =IF(ISNUMBER($L63),OFFSET([1]Banco!$A$1,'COMP CAIXA'!$L63-1,COLUMN('COMP CAIXA'!D63)-1),"") | E63: =IF(ISNUMBER($L63),OFFSET([1]Banco!$A$1,'COMP CAIXA'!$L63-1,COLUMN('COMP CAIXA'!E63)-1),"") | F63: =TRUNC($H63*ROUND(I63,2),2) -> 0 | G63: =TRUNC($H63*ROUND(J63,2),2) -> 0 | H63: 0 | I63: =IF(ISNUMBER($L63),VALUE(OFFSET([1]Banco!$A$1,'COMP CAIXA'!$L63-1,COLUMN('COMP CAIXA'!I63)-4)),0) -> 0 | J63: =IF(ISNUMBER($L63),VALUE(OFFSET([1]Banco!$A$1,'COMP CAIXA'!$L63-1,COLUMN('COMP CAIXA'!J63)-4)),0) -> 0 | K63: =COUNTA($A$1:$A63)-1 -> 5 | L63: =MATCH(CONCATENAR,[1]Banco!$A:$A,0) -> #N/A | M63: =IF(OR(ISERROR($L63),$H63="",$H63=0),"",OFFSET(M$1,MATCH($K63,$K$1:$K63,0)-1,0))
D64: =IF(ISNUMBER($L64),OFFSET([1]Banco!$A$1,'COMP CAIXA'!$L64-1,COLUMN('COMP CAIXA'!D64)-1),"") | E64: =IF(ISNUMBER($L64),OFFSET([1]Banco!$A$1,'COMP CAIXA'!$L64-1,COLUMN('COMP CAIXA'!E64)-1),"") | F64: =TRUNC($H64*ROUND(I64,2),2) -> 0 | G64: =TRUNC($H64*ROUND(J64,2),2) -> 0 | H64: 0 | I64: =IF(ISNUMBER($L64),VALUE(OFFSET([1]Banco!$A$1,'COMP CAIXA'!$L64-1,COLUMN('COMP CAIXA'!I64)-4)),0) -> 0 | J64: =IF(ISNUMBER($L64),VALUE(OFFSET([1]Banco!$A$1,'COMP CAIXA'!$L64-1,COLUMN('COMP CAIXA'!J64)-4)),0) -> 0 | K64: =COUNTA($A$1:$A64)-1 -> 5 | L64: =MATCH(CONCATENAR,[1]Banco!$A:$A,0) -> #N/A | M64: =IF(OR(ISERROR($L64),$H64="",$H64=0),"",OFFSET(M$1,MATCH($K64,$K$1:$K64,0)-1,0))
D65: =IF(ISNUMBER($L65),OFFSET([1]Banco!$A$1,'COMP CAIXA'!$L65-1,COLUMN('COMP CAIXA'!D65)-1),"") | E65: =IF(ISNUMBER($L65),OFFSET([1]Banco!$A$1,'COMP CAIXA'!$L65-1,COLUMN('COMP CAIXA'!E65)-1),"") | F65: =TRUNC($H65*ROUND(I65,2),2) -> 0 | G65: =TRUNC($H65*ROUND(J65,2),2) -> 0 | H65: 0 | I65: =IF(ISNUMBER($L65),VALUE(OFFSET([1]Banco!$A$1,'COMP CAIXA'!$L65-1,COLUMN('COMP CAIXA'!I65)-4)),0) -> 0 | J65: =IF(ISNUMBER($L65),VALUE(OFFSET([1]Banco!$A$1,'COMP CAIXA'!$L65-1,COLUMN('COMP CAIXA'!J65)-4)),0) -> 0 | K65: =COUNTA($A$1:$A65)-1 -> 5 | L65: =MATCH(CONCATENAR,[1]Banco!$A:$A,0) -> #N/A | M65: =IF(OR(ISERROR($L65),$H65="",$H65=0),"",OFFSET(M$1,MATCH($K65,$K$1:$K65,0)-1,0))
D66: =IF(ISNUMBER($L66),OFFSET([1]Banco!$A$1,'COMP CAIXA'!$L66-1,COLUMN('COMP CAIXA'!D66)-1),"") | E66: =IF(ISNUMBER($L66),OFFSET([1]Banco!$A$1,'COMP CAIXA'!$L66-1,COLUMN('COMP CAIXA'!E66)-1),"") | F66: =TRUNC($H66*ROUND(I66,2),2) -> 0 | G66: =TRUNC($H66*ROUND(J66,2),2) -> 0 | H66: 0 | I66: =IF(ISNUMBER($L66),VALUE(OFFSET([1]Banco!$A$1,'COMP CAIXA'!$L66-1,COLUMN('COMP CAIXA'!I66)-4)),0) -> 0 | J66: =IF(ISNUMBER($L66),VALUE(OFFSET([1]Banco!$A$1,'COMP CAIXA'!$L66-1,COLUMN('COMP CAIXA'!J66)-4)),0) -> 0 | K66: =COUNTA($A$1:$A66)-1 -> 5 | L66: =MATCH(CONCATENAR,[1]Banco!$A:$A,0) -> #N/A | M66: =IF(OR(ISERROR($L66),$H66="",$H66=0),"",OFFSET(M$1,MATCH($K66,$K$1:$K66,0)-1,0))
D67: =IF(ISNUMBER($L67),OFFSET([1]Banco!$A$1,'COMP CAIXA'!$L67-1,COLUMN('COMP CAIXA'!D67)-1),"") | E67: =IF(ISNUMBER($L67),OFFSET([1]Banco!$A$1,'COMP CAIXA'!$L67-1,COLUMN('COMP CAIXA'!E67)-1),"") | F67: =TRUNC($H67*ROUND(I67,2),2) -> 0 | G67: =TRUNC($H67*ROUND(J67,2),2) -> 0 | H67: 0 | I67: =IF(ISNUMBER($L67),VALUE(OFFSET([1]Banco!$A$1,'COMP CAIXA'!$L67-1,COLUMN('COMP CAIXA'!I67)-4)),0) -> 0 | J67: =IF(ISNUMBER($L67),VALUE(OFFSET([1]Banco!$A$1,'COMP CAIXA'!$L67-1,COLUMN('COMP CAIXA'!J67)-4)),0) -> 0 | K67: =COUNTA($A$1:$A67)-1 -> 5 | L67: =MATCH(CONCATENAR,[1]Banco!$A:$A,0) -> #N/A | M67: =IF(OR(ISERROR($L67),$H67="",$H67=0),"",OFFSET(M$1,MATCH($K67,$K$1:$K67,0)-1,0))
D68: =IF(ISNUMBER($L68),OFFSET([1]Banco!$A$1,'COMP CAIXA'!$L68-1,COLUMN('COMP CAIXA'!D68)-1),"") | E68: =IF(ISNUMBER($L68),OFFSET([1]Banco!$A$1,'COMP CAIXA'!$L68-1,COLUMN('COMP CAIXA'!E68)-1),"") | F68: =TRUNC($H68*ROUND(I68,2),2) -> 0 | G68: =TRUNC($H68*ROUND(J68,2),2) -> 0 | H68: 0 | I68: =IF(ISNUMBER($L68),VALUE(OFFSET([1]Banco!$A$1,'COMP CAIXA'!$L68-1,COLUMN('COMP CAIXA'!I68)-4)),0) -> 0 | J68: =IF(ISNUMBER($L68),VALUE(OFFSET([1]Banco!$A$1,'COMP CAIXA'!$L68-1,COLUMN('COMP CAIXA'!J68)-4)),0) -> 0 | K68: =COUNTA($A$1:$A68)-1 -> 5 | L68: =MATCH(CONCATENAR,[1]Banco!$A:$A,0) -> #N/A | M68: =IF(OR(ISERROR($L68),$H68="",$H68=0),"",OFFSET(M$1,MATCH($K68,$K$1:$K68,0)-1,0))
D69: =IF(ISNUMBER($L69),OFFSET([1]Banco!$A$1,'COMP CAIXA'!$L69-1,COLUMN('COMP CAIXA'!D69)-1),"") | E69: =IF(ISNUMBER($L69),OFFSET([1]Banco!$A$1,'COMP CAIXA'!$L69-1,COLUMN('COMP CAIXA'!E69)-1),"") | F69: =TRUNC($H69*ROUND(I69,2),2) -> 0 | G69: =TRUNC($H69*ROUND(J69,2),2) -> 0 | H69: 0 | I69: =IF(ISNUMBER($L69),VALUE(OFFSET([1]Banco!$A$1,'COMP CAIXA'!$L69-1,COLUMN('COMP CAIXA'!I69)-4)),0) -> 0 | J69: =IF(ISNUMBER($L69),VALUE(OFFSET([1]Banco!$A$1,'COMP CAIXA'!$L69-1,COLUMN('COMP CAIXA'!J69)-4)),0) -> 0 | K69: =COUNTA($A$1:$A69)-1 -> 5 | L69: =MATCH(CONCATENAR,[1]Banco!$A:$A,0) -> #N/A | M69: =IF(OR(ISERROR($L69),$H69="",$H69=0),"",OFFSET(M$1,MATCH($K69,$K$1:$K69,0)-1,0))
K70: =COUNTA($A$1:$A70)-1 -> 5 | M70: =IF(OFFSET($M$1,MATCH(OFFSET(K70,-1,0),$K$1:$K70,0)-1,0)="F","F","")
A71: =CONCATENAR | F71: =IF($L71>0,SUM(OFFSET(F71,1,0,$L71),0)) -> 0 | G71: =IF($L71>0,SUM(OFFSET(G71,1,0,$L71),0)) -> 0 | I71: =IF(ISERROR(F71),0,F71) -> 0 | J71: =IF(ISERROR(G71),0,G71) -> 0 | K71: =COUNTA($A$1:$A71)-1 -> 6 | L71: =IF(MAX(K:K)=K71,MATCH(9999999,$K:$K)+1,MATCH(K71+1,K:K,0))-ROW(L71)-2 -> 10 | M71: =IF(AND(OR(I71<>0,J71<>0),N71="Sim"),"F","") | N71: Sim
D72: =IF(ISNUMBER($L72),OFFSET([1]Banco!$A$1,'COMP CAIXA'!$L72-1,COLUMN('COMP CAIXA'!D72)-1),"") | E72: =IF(ISNUMBER($L72),OFFSET([1]Banco!$A$1,'COMP CAIXA'!$L72-1,COLUMN('COMP CAIXA'!E72)-1),"") | F72: =TRUNC($H72*ROUND(I72,2),2) -> 0 | G72: =TRUNC($H72*ROUND(J72,2),2) -> 0 | H72: 0 | I72: =IF(ISNUMBER($L72),VALUE(OFFSET([1]Banco!$A$1,'COMP CAIXA'!$L72-1,COLUMN('COMP CAIXA'!I72)-4)),0) -> 0 | J72: =IF(ISNUMBER($L72),VALUE(OFFSET([1]Banco!$A$1,'COMP CAIXA'!$L72-1,COLUMN('COMP CAIXA'!J72)-4)),0) -> 0 | K72: =COUNTA($A$1:$A72)-1 -> 6 | L72: =MATCH(CONCATENAR,[1]Banco!$A:$A,0) -> #N/A | M72: =IF(OR(ISERROR($L72),$H72="",$H72=0),"",OFFSET(M$1,MATCH($K72,$K$1:$K72,0)-1,0))
D73: =IF(ISNUMBER($L73),OFFSET([1]Banco!$A$1,'COMP CAIXA'!$L73-1,COLUMN('COMP CAIXA'!D73)-1),"") | E73: =IF(ISNUMBER($L73),OFFSET([1]Banco!$A$1,'COMP CAIXA'!$L73-1,COLUMN('COMP CAIXA'!E73)-1),"") | F73: =TRUNC($H73*ROUND(I73,2),2) -> 0 | G73: =TRUNC($H73*ROUND(J73,2),2) -> 0 | H73: 0 | I73: =IF(ISNUMBER($L73),VALUE(OFFSET([1]Banco!$A$1,'COMP CAIXA'!$L73-1,COLUMN('COMP CAIXA'!I73)-4)),0) -> 0 | J73: =IF(ISNUMBER($L73),VALUE(OFFSET([1]Banco!$A$1,'COMP CAIXA'!$L73-1,COLUMN('COMP CAIXA'!J73)-4)),0) -> 0 | K73: =COUNTA($A$1:$A73)-1 -> 6 | L73: =MATCH(CONCATENAR,[1]Banco!$A:$A,0) -> #N/A | M73: =IF(OR(ISERROR($L73),$H73="",$H73=0),"",OFFSET(M$1,MATCH($K73,$K$1:$K73,0)-1,0))
D74: =IF(ISNUMBER($L74),OFFSET([1]Banco!$A$1,'COMP CAIXA'!$L74-1,COLUMN('COMP CAIXA'!D74)-1),"") | E74: =IF(ISNUMBER($L74),OFFSET([1]Banco!$A$1,'COMP CAIXA'!$L74-1,COLUMN('COMP CAIXA'!E74)-1),"") | F74: =TRUNC($H74*ROUND(I74,2),2) -> 0 | G74: =TRUNC($H74*ROUND(J74,2),2) -> 0 | H74: 0 | I74: =IF(ISNUMBER($L74),VALUE(OFFSET([1]Banco!$A$1,'COMP CAIXA'!$L74-1,COLUMN('COMP CAIXA'!I74)-4)),0) -> 0 | J74: =IF(ISNUMBER($L74),VALUE(OFFSET([1]Banco!$A$1,'COMP CAIXA'!$L74-1,COLUMN('COMP CAIXA'!J74)-4)),0) -> 0 | K74: =COUNTA($A$1:$A74)-1 -> 6 | L74: =MATCH(CONCATENAR,[1]Banco!$A:$A,0) -> #N/A | M74: =IF(OR(ISERROR($L74),$H74="",$H74=0),"",OFFSET(M$1,MATCH($K74,$K$1:$K74,0)-1,0))
D75: =IF(ISNUMBER($L75),OFFSET([1]Banco!$A$1,'COMP CAIXA'!$L75-1,COLUMN('COMP CAIXA'!D75)-1),"") | E75: =IF(ISNUMBER($L75),OFFSET([1]Banco!$A$1,'COMP CAIXA'!$L75-1,COLUMN('COMP CAIXA'!E75)-1),"") | F75: =TRUNC($H75*ROUND(I75,2),2) -> 0 | G75: =TRUNC($H75*ROUND(J75,2),2) -> 0 | H75: 0 | I75: =IF(ISNUMBER($L75),VALUE(OFFSET([1]Banco!$A$1,'COMP CAIXA'!$L75-1,COLUMN('COMP CAIXA'!I75)-4)),0) -> 0 | J75: =IF(ISNUMBER($L75),VALUE(OFFSET([1]Banco!$A$1,'COMP CAIXA'!$L75-1,COLUMN('COMP CAIXA'!J75)-4)),0) -> 0 | K75: =COUNTA($A$1:$A75)-1 -> 6 | L75: =MATCH(CONCATENAR,[1]Banco!$A:$A,0) -> #N/A | M75: =IF(OR(ISERROR($L75),$H75="",$H75=0),"",OFFSET(M$1,MATCH($K75,$K$1:$K75,0)-1,0))
D76: =IF(ISNUMBER($L76),OFFSET([1]Banco!$A$1,'COMP CAIXA'!$L76-1,COLUMN('COMP CAIXA'!D76)-1),"") | E76: =IF(ISNUMBER($L76),OFFSET([1]Banco!$A$1,'COMP CAIXA'!$L76-1,COLUMN('COMP CAIXA'!E76)-1),"") | F76: =TRUNC($H76*ROUND(I76,2),2) -> 0 | G76: =TRUNC($H76*ROUND(J76,2),2) -> 0 | H76: 0 | I76: =IF(ISNUMBER($L76),VALUE(OFFSET([1]Banco!$A$1,'COMP CAIXA'!$L76-1,COLUMN('COMP CAIXA'!I76)-4)),0) -> 0 | J76: =IF(ISNUMBER($L76),VALUE(OFFSET([1]Banco!$A$1,'COMP CAIXA'!$L76-1,COLUMN('COMP CAIXA'!J76)-4)),0) -> 0 | K76: =COUNTA($A$1:$A76)-1 -> 6 | L76: =MATCH(CONCATENAR,[1]Banco!$A:$A,0) -> #N/A | M76: =IF(OR(ISERROR($L76),$H76="",$H76=0),"",OFFSET(M$1,MATCH($K76,$K$1:$K76,0)-1,0))
D77: =IF(ISNUMBER($L77),OFFSET([1]Banco!$A$1,'COMP CAIXA'!$L77-1,COLUMN('COMP CAIXA'!D77)-1),"") | E77: =IF(ISNUMBER($L77),OFFSET([1]Banco!$A$1,'COMP CAIXA'!$L77-1,COLUMN('COMP CAIXA'!E77)-1),"") | F77: =TRUNC($H77*ROUND(I77,2),2) -> 0 | G77: =TRUNC($H77*ROUND(J77,2),2) -> 0 | H77: 0 | I77: =IF(ISNUMBER($L77),VALUE(OFFSET([1]Banco!$A$1,'COMP CAIXA'!$L77-1,COLUMN('COMP CAIXA'!I77)-4)),0) -> 0 | J77: =IF(ISNUMBER($L77),VALUE(OFFSET([1]Banco!$A$1,'COMP CAIXA'!$L77-1,COLUMN('COMP CAIXA'!J77)-4)),0) -> 0 | K77: =COUNTA($A$1:$A77)-1 -> 6 | L77: =MATCH(CONCATENAR,[1]Banco!$A:$A,0) -> #N/A | M77: =IF(OR(ISERROR($L77),$H77="",$H77=0),"",OFFSET(M$1,MATCH($K77,$K$1:$K77,0)-1,0))
D78: =IF(ISNUMBER($L78),OFFSET([1]Banco!$A$1,'COMP CAIXA'!$L78-1,COLUMN('COMP CAIXA'!D78)-1),"") | E78: =IF(ISNUMBER($L78),OFFSET([1]Banco!$A$1,'COMP CAIXA'!$L78-1,COLUMN('COMP CAIXA'!E78)-1),"") | F78: =TRUNC($H78*ROUND(I78,2),2) -> 0 | G78: =TRUNC($H78*ROUND(J78,2),2) -> 0 | H78: 0 | I78: =IF(ISNUMBER($L78),VALUE(OFFSET([1]Banco!$A$1,'COMP CAIXA'!$L78-1,COLUMN('COMP CAIXA'!I78)-4)),0) -> 0 | J78: =IF(ISNUMBER($L78),VALUE(OFFSET([1]Banco!$A$1,'COMP CAIXA'!$L78-1,COLUMN('COMP CAIXA'!J78)-4)),0) -> 0 | K78: =COUNTA($A$1:$A78)-1 -> 6 | L78: =MATCH(CONCATENAR,[1]Banco!$A:$A,0) -> #N/A | M78: =IF(OR(ISERROR($L78),$H78="",$H78=0),"",OFFSET(M$1,MATCH($K78,$K$1:$K78,0)-1,0))
D79: =IF(ISNUMBER($L79),OFFSET([1]Banco!$A$1,'COMP CAIXA'!$L79-1,COLUMN('COMP CAIXA'!D79)-1),"") | E79: =IF(ISNUMBER($L79),OFFSET([1]Banco!$A$1,'COMP CAIXA'!$L79-1,COLUMN('COMP CAIXA'!E79)-1),"") | F79: =TRUNC($H79*ROUND(I79,2),2) -> 0 | G79: =TRUNC($H79*ROUND(J79,2),2) -> 0 | H79: 0 | I79: =IF(ISNUMBER($L79),VALUE(OFFSET([1]Banco!$A$1,'COMP CAIXA'!$L79-1,COLUMN('COMP CAIXA'!I79)-4)),0) -> 0 | J79: =IF(ISNUMBER($L79),VALUE(OFFSET([1]Banco!$A$1,'COMP CAIXA'!$L79-1,COLUMN('COMP CAIXA'!J79)-4)),0) -> 0 | K79: =COUNTA($A$1:$A79)-1 -> 6 | L79: =MATCH(CONCATENAR,[1]Banco!$A:$A,0) -> #N/A | M79: =IF(OR(ISERROR($L79),$H79="",$H79=0),"",OFFSET(M$1,MATCH($K79,$K$1:$K79,0)-1,0))
D80: =IF(ISNUMBER($L80),OFFSET([1]Banco!$A$1,'COMP CAIXA'!$L80-1,COLUMN('COMP CAIXA'!D80)-1),"") | E80: =IF(ISNUMBER($L80),OFFSET([1]Banco!$A$1,'COMP CAIXA'!$L80-1,COLUMN('COMP CAIXA'!E80)-1),"") | F80: =TRUNC($H80*ROUND(I80,2),2) -> 0 | G80: =TRUNC($H80*ROUND(J80,2),2) -> 0 | H80: 0 | I80: =IF(ISNUMBER($L80),VALUE(OFFSET([1]Banco!$A$1,'COMP CAIXA'!$L80-1,COLUMN('COMP CAIXA'!I80)-4)),0) -> 0 | J80: =IF(ISNUMBER($L80),VALUE(OFFSET([1]Banco!$A$1,'COMP CAIXA'!$L80-1,COLUMN('COMP CAIXA'!J80)-4)),0) -> 0 | K80: =COUNTA($A$1:$A80)-1 -> 6 | L80: =MATCH(CONCATENAR,[1]Banco!$A:$A,0) -> #N/A | M80: =IF(OR(ISERROR($L80),$H80="",$H80=0),"",OFFSET(M$1,MATCH($K80,$K$1:$K80,0)-1,0))
D81: =IF(ISNUMBER($L81),OFFSET([1]Banco!$A$1,'COMP CAIXA'!$L81-1,COLUMN('COMP CAIXA'!D81)-1),"") | E81: =IF(ISNUMBER($L81),OFFSET([1]Banco!$A$1,'COMP CAIXA'!$L81-1,COLUMN('COMP CAIXA'!E81)-1),"") | F81: =TRUNC($H81*ROUND(I81,2),2) -> 0 | G81: =TRUNC($H81*ROUND(J81,2),2) -> 0 | H81: 0 | I81: =IF(ISNUMBER($L81),VALUE(OFFSET([1]Banco!$A$1,'COMP CAIXA'!$L81-1,COLUMN('COMP CAIXA'!I81)-4)),0) -> 0 | J81: =IF(ISNUMBER($L81),VALUE(OFFSET([1]Banco!$A$1,'COMP CAIXA'!$L81-1,COLUMN('COMP CAIXA'!J81)-4)),0) -> 0 | K81: =COUNTA($A$1:$A81)-1 -> 6 | L81: =MATCH(CONCATENAR,[1]Banco!$A:$A,0) -> #N/A | M81: =IF(OR(ISERROR($L81),$H81="",$H81=0),"",OFFSET(M$1,MATCH($K81,$K$1:$K81,0)-1,0))
K82: =COUNTA($A$1:$A82)-1 -> 6 | M82: =IF(OFFSET($M$1,MATCH(OFFSET(K82,-1,0),$K$1:$K82,0)-1,0)="F","F","")
A83: =CONCATENAR | F83: =IF($L83>0,SUM(OFFSET(F83,1,0,$L83),0)) -> 0 | G83: =IF($L83>0,SUM(OFFSET(G83,1,0,$L83),0)) -> 0 | I83: =IF(ISERROR(F83),0,F83) -> 0 | J83: =IF(ISERROR(G83),0,G83) -> 0 | K83: =COUNTA($A$1:$A83)-1 -> 7 | L83: =IF(MAX(K:K)=K83,MATCH(9999999,$K:$K)+1,MATCH(K83+1,K:K,0))-ROW(L83)-2 -> 10 | M83: =IF(AND(OR(I83<>0,J83<>0),N83="Sim"),"F","") | N83: Sim
D84: =IF(ISNUMBER($L84),OFFSET([1]Banco!$A$1,'COMP CAIXA'!$L84-1,COLUMN('COMP CAIXA'!D84)-1),"") | E84: =IF(ISNUMBER($L84),OFFSET([1]Banco!$A$1,'COMP CAIXA'!$L84-1,COLUMN('COMP CAIXA'!E84)-1),"") | F84: =TRUNC($H84*ROUND(I84,2),2) -> 0 | G84: =TRUNC($H84*ROUND(J84,2),2) -> 0 | H84: 0 | I84: =IF(ISNUMBER($L84),VALUE(OFFSET([1]Banco!$A$1,'COMP CAIXA'!$L84-1,COLUMN('COMP CAIXA'!I84)-4)),0) -> 0 | J84: =IF(ISNUMBER($L84),VALUE(OFFSET([1]Banco!$A$1,'COMP CAIXA'!$L84-1,COLUMN('COMP CAIXA'!J84)-4)),0) -> 0 | K84: =COUNTA($A$1:$A84)-1 -> 7 | L84: =MATCH(CONCATENAR,[1]Banco!$A:$A,0) -> #N/A | M84: =IF(OR(ISERROR($L84),$H84="",$H84=0),"",OFFSET(M$1,MATCH($K84,$K$1:$K84,0)-1,0))
D85: =IF(ISNUMBER($L85),OFFSET([1]Banco!$A$1,'COMP CAIXA'!$L85-1,COLUMN('COMP CAIXA'!D85)-1),"") | E85: =IF(ISNUMBER($L85),OFFSET([1]Banco!$A$1,'COMP CAIXA'!$L85-1,COLUMN('COMP CAIXA'!E85)-1),"") | F85: =TRUNC($H85*ROUND(I85,2),2) -> 0 | G85: =TRUNC($H85*ROUND(J85,2),2) -> 0 | H85: 0 | I85: =IF(ISNUMBER($L85),VALUE(OFFSET([1]Banco!$A$1,'COMP CAIXA'!$L85-1,COLUMN('COMP CAIXA'!I85)-4)),0) -> 0 | J85: =IF(ISNUMBER($L85),VALUE(OFFSET([1]Banco!$A$1,'COMP CAIXA'!$L85-1,COLUMN('COMP CAIXA'!J85)-4)),0) -> 0 | K85: =COUNTA($A$1:$A85)-1 -> 7 | L85: =MATCH(CONCATENAR,[1]Banco!$A:$A,0) -> #N/A | M85: =IF(OR(ISERROR($L85),$H85="",$H85=0),"",OFFSET(M$1,MATCH($K85,$K$1:$K85,0)-1,0))
D86: =IF(ISNUMBER($L86),OFFSET([1]Banco!$A$1,'COMP CAIXA'!$L86-1,COLUMN('COMP CAIXA'!D86)-1),"") | E86: =IF(ISNUMBER($L86),OFFSET([1]Banco!$A$1,'COMP CAIXA'!$L86-1,COLUMN('COMP CAIXA'!E86)-1),"") | F86: =TRUNC($H86*ROUND(I86,2),2) -> 0 | G86: =TRUNC($H86*ROUND(J86,2),2) -> 0 | H86: 0 | I86: =IF(ISNUMBER($L86),VALUE(OFFSET([1]Banco!$A$1,'COMP CAIXA'!$L86-1,COLUMN('COMP CAIXA'!I86)-4)),0) -> 0 | J86: =IF(ISNUMBER($L86),VALUE(OFFSET([1]Banco!$A$1,'COMP CAIXA'!$L86-1,COLUMN('COMP CAIXA'!J86)-4)),0) -> 0 | K86: =COUNTA($A$1:$A86)-1 -> 7 | L86: =MATCH(CONCATENAR,[1]Banco!$A:$A,0) -> #N/A | M86: =IF(OR(ISERROR($L86),$H86="",$H86=0),"",OFFSET(M$1,MATCH($K86,$K$1:$K86,0)-1,0))
D87: =IF(ISNUMBER($L87),OFFSET([1]Banco!$A$1,'COMP CAIXA'!$L87-1,COLUMN('COMP CAIXA'!D87)-1),"") | E87: =IF(ISNUMBER($L87),OFFSET([1]Banco!$A$1,'COMP CAIXA'!$L87-1,COLUMN('COMP CAIXA'!E87)-1),"") | F87: =TRUNC($H87*ROUND(I87,2),2) -> 0 | G87: =TRUNC($H87*ROUND(J87,2),2) -> 0 | H87: 0 | I87: =IF(ISNUMBER($L87),VALUE(OFFSET([1]Banco!$A$1,'COMP CAIXA'!$L87-1,COLUMN('COMP CAIXA'!I87)-4)),0) -> 0 | J87: =IF(ISNUMBER($L87),VALUE(OFFSET([1]Banco!$A$1,'COMP CAIXA'!$L87-1,COLUMN('COMP CAIXA'!J87)-4)),0) -> 0 | K87: =COUNTA($A$1:$A87)-1 -> 7 | L87: =MATCH(CONCATENAR,[1]Banco!$A:$A,0) -> #N/A | M87: =IF(OR(ISERROR($L87),$H87="",$H87=0),"",OFFSET(M$1,MATCH($K87,$K$1:$K87,0)-1,0))
D88: =IF(ISNUMBER($L88),OFFSET([1]Banco!$A$1,'COMP CAIXA'!$L88-1,COLUMN('COMP CAIXA'!D88)-1),"") | E88: =IF(ISNUMBER($L88),OFFSET([1]Banco!$A$1,'COMP CAIXA'!$L88-1,COLUMN('COMP CAIXA'!E88)-1),"") | F88: =TRUNC($H88*ROUND(I88,2),2) -> 0 | G88: =TRUNC($H88*ROUND(J88,2),2) -> 0 | H88: 0 | I88: =IF(ISNUMBER($L88),VALUE(OFFSET([1]Banco!$A$1,'COMP CAIXA'!$L88-1,COLUMN('COMP CAIXA'!I88)-4)),0) -> 0 | J88: =IF(ISNUMBER($L88),VALUE(OFFSET([1]Banco!$A$1,'COMP CAIXA'!$L88-1,COLUMN('COMP CAIXA'!J88)-4)),0) -> 0 | K88: =COUNTA($A$1:$A88)-1 -> 7 | L88: =MATCH(CONCATENAR,[1]Banco!$A:$A,0) -> #N/A | M88: =IF(OR(ISERROR($L88),$H88="",$H88=0),"",OFFSET(M$1,MATCH($K88,$K$1:$K88,0)-1,0))
D89: =IF(ISNUMBER($L89),OFFSET([1]Banco!$A$1,'COMP CAIXA'!$L89-1,COLUMN('COMP CAIXA'!D89)-1),"") | E89: =IF(ISNUMBER($L89),OFFSET([1]Banco!$A$1,'COMP CAIXA'!$L89-1,COLUMN('COMP CAIXA'!E89)-1),"") | F89: =TRUNC($H89*ROUND(I89,2),2) -> 0 | G89: =TRUNC($H89*ROUND(J89,2),2) -> 0 | H89: 0 | I89: =IF(ISNUMBER($L89),VALUE(OFFSET([1]Banco!$A$1,'COMP CAIXA'!$L89-1,COLUMN('COMP CAIXA'!I89)-4)),0) -> 0 | J89: =IF(ISNUMBER($L89),VALUE(OFFSET([1]Banco!$A$1,'COMP CAIXA'!$L89-1,COLUMN('COMP CAIXA'!J89)-4)),0) -> 0 | K89: =COUNTA($A$1:$A89)-1 -> 7 | L89: =MATCH(CONCATENAR,[1]Banco!$A:$A,0) -> #N/A | M89: =IF(OR(ISERROR($L89),$H89="",$H89=0),"",OFFSET(M$1,MATCH($K89,$K$1:$K89,0)-1,0))
D90: =IF(ISNUMBER($L90),OFFSET([1]Banco!$A$1,'COMP CAIXA'!$L90-1,COLUMN('COMP CAIXA'!D90)-1),"") | E90: =IF(ISNUMBER($L90),OFFSET([1]Banco!$A$1,'COMP CAIXA'!$L90-1,COLUMN('COMP CAIXA'!E90)-1),"") | F90: =TRUNC($H90*ROUND(I90,2),2) -> 0 | G90: =TRUNC($H90*ROUND(J90,2),2) -> 0 | H90: 0 | I90: =IF(ISNUMBER($L90),VALUE(OFFSET([1]Banco!$A$1,'COMP CAIXA'!$L90-1,COLUMN('COMP CAIXA'!I90)-4)),0) -> 0 | J90: =IF(ISNUMBER($L90),VALUE(OFFSET([1]Banco!$A$1,'COMP CAIXA'!$L90-1,COLUMN('COMP CAIXA'!J90)-4)),0) -> 0 | K90: =COUNTA($A$1:$A90)-1 -> 7 | L90: =MATCH(CONCATENAR,[1]Banco!$A:$A,0) -> #N/A | M90: =IF(OR(ISERROR($L90),$H90="",$H90=0),"",OFFSET(M$1,MATCH($K90,$K$1:$K90,0)-1,0))
D91: =IF(ISNUMBER($L91),OFFSET([1]Banco!$A$1,'COMP CAIXA'!$L91-1,COLUMN('COMP CAIXA'!D91)-1),"") | E91: =IF(ISNUMBER($L91),OFFSET([1]Banco!$A$1,'COMP CAIXA'!$L91-1,COLUMN('COMP CAIXA'!E91)-1),"") | F91: =TRUNC($H91*ROUND(I91,2),2) -> 0 | G91: =TRUNC($H91*ROUND(J91,2),2) -> 0 | H91: 0 | I91: =IF(ISNUMBER($L91),VALUE(OFFSET([1]Banco!$A$1,'COMP CAIXA'!$L91-1,COLUMN('COMP CAIXA'!I91)-4)),0) -> 0 | J91: =IF(ISNUMBER($L91),VALUE(OFFSET([1]Banco!$A$1,'COMP CAIXA'!$L91-1,COLUMN('COMP CAIXA'!J91)-4)),0) -> 0 | K91: =COUNTA($A$1:$A91)-1 -> 7 | L91: =MATCH(CONCATENAR,[1]Banco!$A:$A,0) -> #N/A | M91: =IF(OR(ISERROR($L91),$H91="",$H91=0),"",OFFSET(M$1,MATCH($K91,$K$1:$K91,0)-1,0))
D92: =IF(ISNUMBER($L92),OFFSET([1]Banco!$A$1,'COMP CAIXA'!$L92-1,COLUMN('COMP CAIXA'!D92)-1),"") | E92: =IF(ISNUMBER($L92),OFFSET([1]Banco!$A$1,'COMP CAIXA'!$L92-1,COLUMN('COMP CAIXA'!E92)-1),"") | F92: =TRUNC($H92*ROUND(I92,2),2) -> 0 | G92: =TRUNC($H92*ROUND(J92,2),2) -> 0 | H92: 0 | I92: =IF(ISNUMBER($L92),VALUE(OFFSET([1]Banco!$A$1,'COMP CAIXA'!$L92-1,COLUMN('COMP CAIXA'!I92)-4)),0) -> 0 | J92: =IF(ISNUMBER($L92),VALUE(OFFSET([1]Banco!$A$1,'COMP CAIXA'!$L92-1,COLUMN('COMP CAIXA'!J92)-4)),0) -> 0 | K92: =COUNTA($A$1:$A92)-1 -> 7 | L92: =MATCH(CONCATENAR,[1]Banco!$A:$A,0) -> #N/A | M92: =IF(OR(ISERROR($L92),$H92="",$H92=0),"",OFFSET(M$1,MATCH($K92,$K$1:$K92,0)-1,0))
D93: =IF(ISNUMBER($L93),OFFSET([1]Banco!$A$1,'COMP CAIXA'!$L93-1,COLUMN('COMP CAIXA'!D93)-1),"") | E93: =IF(ISNUMBER($L93),OFFSET([1]Banco!$A$1,'COMP CAIXA'!$L93-1,COLUMN('COMP CAIXA'!E93)-1),"") | F93: =TRUNC($H93*ROUND(I93,2),2) -> 0 | G93: =TRUNC($H93*ROUND(J93,2),2) -> 0 | H93: 0 | I93: =IF(ISNUMBER($L93),VALUE(OFFSET([1]Banco!$A$1,'COMP CAIXA'!$L93-1,COLUMN('COMP CAIXA'!I93)-4)),0) -> 0 | J93: =IF(ISNUMBER($L93),VALUE(OFFSET([1]Banco!$A$1,'COMP CAIXA'!$L93-1,COLUMN('COMP CAIXA'!J93)-4)),0) -> 0 | K93: =COUNTA($A$1:$A93)-1 -> 7 | L93: =MATCH(CONCATENAR,[1]Banco!$A:$A,0) -> #N/A | M93: =IF(OR(ISERROR($L93),$H93="",$H93=0),"",OFFSET(M$1,MATCH($K93,$K$1:$K93,0)-1,0))
K94: =COUNTA($A$1:$A94)-1 -> 7 | M94: =IF(OFFSET($M$1,MATCH(OFFSET(K94,-1,0),$K$1:$K94,0)-1,0)="F","F","")
A95: =CONCATENAR | F95: =IF($L95>0,SUM(OFFSET(F95,1,0,$L95),0)) -> 0 | G95: =IF($L95>0,SUM(OFFSET(G95,1,0,$L95),0)) -> 0 | I95: =IF(ISERROR(F95),0,F95) -> 0 | J95: =IF(ISERROR(G95),0,G95) -> 0 | K95: =COUNTA($A$1:$A95)-1 -> 8 | L95: =IF(MAX(K:K)=K95,MATCH(9999999,$K:$K)+1,MATCH(K95+1,K:K,0))-ROW(L95)-2 -> 10 | M95: =IF(AND(OR(I95<>0,J95<>0),N95="Sim"),"F","") | N95: Sim
D96: =IF(ISNUMBER($L96),OFFSET([1]Banco!$A$1,'COMP CAIXA'!$L96-1,COLUMN('COMP CAIXA'!D96)-1),"") | E96: =IF(ISNUMBER($L96),OFFSET([1]Banco!$A$1,'COMP CAIXA'!$L96-1,COLUMN('COMP CAIXA'!E96)-1),"") | F96: =TRUNC($H96*ROUND(I96,2),2) -> 0 | G96: =TRUNC($H96*ROUND(J96,2),2) -> 0 | H96: 0 | I96: =IF(ISNUMBER($L96),VALUE(OFFSET([1]Banco!$A$1,'COMP CAIXA'!$L96-1,COLUMN('COMP CAIXA'!I96)-4)),0) -> 0 | J96: =IF(ISNUMBER($L96),VALUE(OFFSET([1]Banco!$A$1,'COMP CAIXA'!$L96-1,COLUMN('COMP CAIXA'!J96)-4)),0) -> 0 | K96: =COUNTA($A$1:$A96)-1 -> 8 | L96: =MATCH(CONCATENAR,[1]Banco!$A:$A,0) -> #N/A | M96: =IF(OR(ISERROR($L96),$H96="",$H96=0),"",OFFSET(M$1,MATCH($K96,$K$1:$K96,0)-1,0))
D97: =IF(ISNUMBER($L97),OFFSET([1]Banco!$A$1,'COMP CAIXA'!$L97-1,COLUMN('COMP CAIXA'!D97)-1),"") | E97: =IF(ISNUMBER($L97),OFFSET([1]Banco!$A$1,'COMP CAIXA'!$L97-1,COLUMN('COMP CAIXA'!E97)-1),"") | F97: =TRUNC($H97*ROUND(I97,2),2) -> 0 | G97: =TRUNC($H97*ROUND(J97,2),2) -> 0 | H97: 0 | I97: =IF(ISNUMBER($L97),VALUE(OFFSET([1]Banco!$A$1,'COMP CAIXA'!$L97-1,COLUMN('COMP CAIXA'!I97)-4)),0) -> 0 | J97: =IF(ISNUMBER($L97),VALUE(OFFSET([1]Banco!$A$1,'COMP CAIXA'!$L97-1,COLUMN('COMP CAIXA'!J97)-4)),0) -> 0 | K97: =COUNTA($A$1:$A97)-1 -> 8 | L97: =MATCH(CONCATENAR,[1]Banco!$A:$A,0) -> #N/A | M97: =IF(OR(ISERROR($L97),$H97="",$H97=0),"",OFFSET(M$1,MATCH($K97,$K$1:$K97,0)-1,0))
D98: =IF(ISNUMBER($L98),OFFSET([1]Banco!$A$1,'COMP CAIXA'!$L98-1,COLUMN('COMP CAIXA'!D98)-1),"") | E98: =IF(ISNUMBER($L98),OFFSET([1]Banco!$A$1,'COMP CAIXA'!$L98-1,COLUMN('COMP CAIXA'!E98)-1),"") | F98: =TRUNC($H98*ROUND(I98,2),2) -> 0 | G98: =TRUNC($H98*ROUND(J98,2),2) -> 0 | H98: 0 | I98: =IF(ISNUMBER($L98),VALUE(OFFSET([1]Banco!$A$1,'COMP CAIXA'!$L98-1,COLUMN('COMP CAIXA'!I98)-4)),0) -> 0 | J98: =IF(ISNUMBER($L98),VALUE(OFFSET([1]Banco!$A$1,'COMP CAIXA'!$L98-1,COLUMN('COMP CAIXA'!J98)-4)),0) -> 0 | K98: =COUNTA($A$1:$A98)-1 -> 8 | L98: =MATCH(CONCATENAR,[1]Banco!$A:$A,0) -> #N/A | M98: =IF(OR(ISERROR($L98),$H98="",$H98=0),"",OFFSET(M$1,MATCH($K98,$K$1:$K98,0)-1,0))
D99: =IF(ISNUMBER($L99),OFFSET([1]Banco!$A$1,'COMP CAIXA'!$L99-1,COLUMN('COMP CAIXA'!D99)-1),"") | E99: =IF(ISNUMBER($L99),OFFSET([1]Banco!$A$1,'COMP CAIXA'!$L99-1,COLUMN('COMP CAIXA'!E99)-1),"") | F99: =TRUNC($H99*ROUND(I99,2),2) -> 0 | G99: =TRUNC($H99*ROUND(J99,2),2) -> 0 | H99: 0 | I99: =IF(ISNUMBER($L99),VALUE(OFFSET([1]Banco!$A$1,'COMP CAIXA'!$L99-1,COLUMN('COMP CAIXA'!I99)-4)),0) -> 0 | J99: =IF(ISNUMBER($L99),VALUE(OFFSET([1]Banco!$A$1,'COMP CAIXA'!$L99-1,COLUMN('COMP CAIXA'!J99)-4)),0) -> 0 | K99: =COUNTA($A$1:$A99)-1 -> 8 | L99: =MATCH(CONCATENAR,[1]Banco!$A:$A,0) -> #N/A | M99: =IF(OR(ISERROR($L99),$H99="",$H99=0),"",OFFSET(M$1,MATCH($K99,$K$1:$K99,0)-1,0))
D100: =IF(ISNUMBER($L100),OFFSET([1]Banco!$A$1,'COMP CAIXA'!$L100-1,COLUMN('COMP CAIXA'!D100)-1),"") | E100: =IF(ISNUMBER($L100),OFFSET([1]Banco!$A$1,'COMP CAIXA'!$L100-1,COLUMN('COMP CAIXA'!E100)-1),"") | F100: =TRUNC($H100*ROUND(I100,2),2) -> 0 | G100: =TRUNC($H100*ROUND(J100,2),2) -> 0 | H100: 0 | I100: =IF(ISNUMBER($L100),VALUE(OFFSET([1]Banco!$A$1,'COMP CAIXA'!$L100-1,COLUMN('COMP CAIXA'!I100)-4)),0) -> 0 | J100: =IF(ISNUMBER($L100),VALUE(OFFSET([1]Banco!$A$1,'COMP CAIXA'!$L100-1,COLUMN('COMP CAIXA'!J100)-4)),0) -> 0 | K100: =COUNTA($A$1:$A100)-1 -> 8 | L100: =MATCH(CONCATENAR,[1]Banco!$A:$A,0) -> #N/A | M100: =IF(OR(ISERROR($L100),$H100="",$H100=0),"",OFFSET(M$1,MATCH($K100,$K$1:$K100,0)-1,0))
D101: =IF(ISNUMBER($L101),OFFSET([1]Banco!$A$1,'COMP CAIXA'!$L101-1,COLUMN('COMP CAIXA'!D101)-1),"") | E101: =IF(ISNUMBER($L101),OFFSET([1]Banco!$A$1,'COMP CAIXA'!$L101-1,COLUMN('COMP CAIXA'!E101)-1),"") | F101: =TRUNC($H101*ROUND(I101,2),2) -> 0 | G101: =TRUNC($H101*ROUND(J101,2),2) -> 0 | H101: 0 | I101: =IF(ISNUMBER($L101),VALUE(OFFSET([1]Banco!$A$1,'COMP CAIXA'!$L101-1,COLUMN('COMP CAIXA'!I101)-4)),0) -> 0 | J101: =IF(ISNUMBER($L101),VALUE(OFFSET([1]Banco!$A$1,'COMP CAIXA'!$L101-1,COLUMN('COMP CAIXA'!J101)-4)),0) -> 0 | K101: =COUNTA($A$1:$A101)-1 -> 8 | L101: =MATCH(CONCATENAR,[1]Banco!$A:$A,0) -> #N/A | M101: =IF(OR(ISERROR($L101),$H101="",$H101=0),"",OFFSET(M$1,MATCH($K101,$K$1:$K101,0)-1,0))
D102: =IF(ISNUMBER($L102),OFFSET([1]Banco!$A$1,'COMP CAIXA'!$L102-1,COLUMN('COMP CAIXA'!D102)-1),"") | E102: =IF(ISNUMBER($L102),OFFSET([1]Banco!$A$1,'COMP CAIXA'!$L102-1,COLUMN('COMP CAIXA'!E102)-1),"") | F102: =TRUNC($H102*ROUND(I102,2),2) -> 0 | G102: =TRUNC($H102*ROUND(J102,2),2) -> 0 | H102: 0 | I102: =IF(ISNUMBER($L102),VALUE(OFFSET([1]Banco!$A$1,'COMP CAIXA'!$L102-1,COLUMN('COMP CAIXA'!I102)-4)),0) -> 0 | J102: =IF(ISNUMBER($L102),VALUE(OFFSET([1]Banco!$A$1,'COMP CAIXA'!$L102-1,COLUMN('COMP CAIXA'!J102)-4)),0) -> 0 | K102: =COUNTA($A$1:$A102)-1 -> 8 | L102: =MATCH(CONCATENAR,[1]Banco!$A:$A,0) -> #N/A | M102: =IF(OR(ISERROR($L102),$H102="",$H102=0),"",OFFSET(M$1,MATCH($K102,$K$1:$K102,0)-1,0))
D103: =IF(ISNUMBER($L103),OFFSET([1]Banco!$A$1,'COMP CAIXA'!$L103-1,COLUMN('COMP CAIXA'!D103)-1),"") | E103: =IF(ISNUMBER($L103),OFFSET([1]Banco!$A$1,'COMP CAIXA'!$L103-1,COLUMN('COMP CAIXA'!E103)-1),"") | F103: =TRUNC($H103*ROUND(I103,2),2) -> 0 | G103: =TRUNC($H103*ROUND(J103,2),2) -> 0 | H103: 0 | I103: =IF(ISNUMBER($L103),VALUE(OFFSET([1]Banco!$A$1,'COMP CAIXA'!$L103-1,COLUMN('COMP CAIXA'!I103)-4)),0) -> 0 | J103: =IF(ISNUMBER($L103),VALUE(OFFSET([1]Banco!$A$1,'COMP CAIXA'!$L103-1,COLUMN('COMP CAIXA'!J103)-4)),0) -> 0 | K103: =COUNTA($A$1:$A103)-1 -> 8 | L103: =MATCH(CONCATENAR,[1]Banco!$A:$A,0) -> #N/A | M103: =IF(OR(ISERROR($L103),$H103="",$H103=0),"",OFFSET(M$1,MATCH($K103,$K$1:$K103,0)-1,0))
...
